Workbook

Sheet Home
G3: ANNEX A - BIOBASEDCERT Monitoring Tool (BMT)
G4: Joint Deliverable for HORIZON–CL6-2021-ZEROPOLLUTION-01-07
B5: NAVIGATION
B8: System Level Assessment
B10: ReadMe System Level
B11: Standard_Setting
B12: Assurance | G12: INTRODUCTION
B13: Traceability_Claims | G13: Welcome to the BIOBASEDCERT Monitoring Tool (BMT)
B14: Governance_Management
B15: Results_SystemLevel | G15: The BMT is developed as part of a collaborative effort between three EU-funded projects STAR4BBS, SUSTCERTBIOBASED, and HARMONITOR for assessment of robustness, comprehensiveness and effectiveness of certification schemes and labels (CSLs) relevant to industrial biobased value chains.
G17: The BMT is organized into three levels of analysis: • System Level (led by STAR4BBS) – Assesses governance, transparency, traceability, and assurance mechanisms to evaluate the overall robustness of CSLs. • Content Level (led by SUSTCERT4BIOBASED) – Reviews the sustainability and circularity requirements set by CSLs for certified operators, providing an assessment of their comprehensiveness. • Outcome Level (led by HARMONITOR) - Examines the evidence of performance and impacts associated with CSL implementation, offering insights into the effectiveness of the schemes. This multi-level approach provides a holistic framework for assessing and enhancing the role of certification schemes in supporting the biobased economy.
B18: Content Level Assessment
B20: ReadMe Content Level
B21: Pre-assessment
B22: Minimum backstop
B23: Environment
B24: Circularity
B25: Social
B26: Economic | G26: How to Use This Tool
B27: Results_ContentLevel | G27: 1. Start with the ReadMe tab of the level you wish to assess (System, Content, or Outcome) to review detailed instructions. 2. Complete the assessment by following the guidance provided in the corresponding level-specific ReadMe tab. 3. View the results in the Results tab, where results are visualized for easy interpretation.
B28: Glossary
B31: Outcome Level Assessment | G31: Disclaimer
B33: ReadMe Outcome Level | G33: Funded by the European Union. Views and opinions expressed are, however, those of the author(s) only and do not necessarily reflect those of the European Union or the European Research Executive Agency (REA).
B34: InitialAssessment | G34: Neither the European Union nor the granting authority can be held responsible for them.
B35: ImpactMonitoringIndicators
B36: LiteratureReview
B37: Results_OutcomeLevel

Sheet ReadMe System Level
A1: BIOBASEDCERT Monitoring Tool How to use this tool
A3: Column explanation
B5: Category | C5: Principles | D5: Criteria | E5: Requirements (including guidance notes) | F5: Response options | G5: Scoring | H5: Requirement fulfilled | I5: Points received | J5: % of Requirement fulfilled | K5: % of points per Principle | L5: Justification | M5: Feedback from tester
B6: Key Area/Topic Assurance | C6: Represent a specific focus within the category. Auditing | D6: The specific aspect of the principle being assessed. The scheme owner defines the type of activities CABs are required to undertake during a full audit. | E6: Describes what is expected from the certification scheme/label regarding this criterion. It specifies how the scheme owner should define the requested indicator. It also provides context and example to help the evaluator understand the requirements of the pertaining criterion. The scheme owner defines this requirement in certification requirements/methodologies, or in the contract/agreement between the scheme owner and the AB, or in a separate accreditation manual. | F6: These are possible responses for evaluating whether the certification scheme meets the requirement. Field visit (incl. office visit & doc. review) Document review (off-site or onsite) only No Not applicable | G6: This column provides a numeric evaluation based on the response options. Higher scores indicate better compliance with the requirements. In this case, 2 points for field visits (most comprehensive), 1 for document review, and 0 for no action. | H6: This column indicates whether the specific requirement (from the criterion being evaluated) has been met by the certification scheme. It could be answered as "Yes" or "No" or "Not Applicable". | I6: Reflects the score awarded based on the level of compliance. This would follow the defined scoring system (e.g., 2, 1, 0, or N/A depending on the response option). | J6: This column shows the percentage of how much the requirement is met, based on the points received. | K6: Indicates what percentage of points the scheme has obtained out of the total possible points for that principle. | L6: Provides reasoning or evidence supporting the points received and whether the requirement is fulfilled. This could involve referring to documents, procedures, or other relevant data obtained by the evaluator. | M6: This section would include any observations, suggestions, or comments from the evaluator. It provides an opportunity to give qualitative feedback on how the indicator could potentially be improved.
A9: Response options
B10: Yes, fully | C10: 0 | D10: 0 | E10: 0 | F10: 0
B11: Yes, partially | C11: 1 | D11: 1 | E11: 1 | F11: 1
B12: No | C12: 2 | D12: N/A | E12: 2
B13: Not Applicable | C13: N/A

Sheet Standard_Setting
A1: BIOBASEDCERT Monitoring Tool System Level
A2: Name of the scheme:
A3: Category | B3: Principles | C3: Code | D3: Criteria | E3: Requirements (including guidance notes) | F3: Response options | G3: Scoring | H3: Requirement fulfilled | I3: Points received | J3: % of Requirement fulfilled | K3: % of points per Principle | L3: Justification | M3: Feedback from tester
A4: Standard setting | B4: Standards content | C4: SS-SS-1 | D4: The scheme owner makes final versions of its standards freely available and easily accessible in the scheme’s official languages. | E4: Either of the following: - The standard document is freely available for download on the scheme owner's website, incl. all criteria and correspponding accompanying documents to support consistent interpretation. - An online statement that the standard is made available to any interested party on request free of charge - Available only for members or for a fee - Not available | F4: Yes (publicly, on request (no fee)) Yes, for a fee No | G4: 2 1 0 | J4: =IF(H4="No", 0, IF(AND(I4=1, H4="Yes, partially"), 0.5, IF(AND(I4=2, H4="Yes, fully"), 1, IF(AND(I4=1, H4="Yes, fully"), 1, "")))) | K4: =AVERAGE(J4:J5) -> #DIV/0!
A5: Standard setting | B5: Standards content | C5: SS-SS-2 | D5: The scheme owner ensures that guidance is in place to support consistent interpretation of the standard. | E5: The standard and/or separate guidance documents for interpretation shall be formulated in a comprehensive and binding way, so that each individual criterion can be assessed consistently and thoroughly by third parties. - The standard and/or guidance documents shall specify necessary evidence for each criterion. | F5: Yes No | G5: 1 0 | J5: =IF(H5="No", 0, IF(AND(I5=1, H5="Yes, partially"), 0.5, IF(AND(I5=2, H5="Yes, fully"), 1, IF(AND(I5=1, H5="Yes, fully"), 1, ""))))
A6: Standard setting | B6: Standard-setting process | C6: SS-SP-1 | D6: The scheme owner reviews and revises the standards at least once every 5 years. | E6: The scheme owner reviews standards at least once every five years for continued relevance and for effectiveness in meeting their stated objectives and, if necessary, revises them in a timely manner. | F6: Yes No | G6: 1 0 | J6: =IF(H6="No", 0, IF(AND(I6=1, H6="Yes, partially"), 0.5, IF(AND(I6=2, H6="Yes, fully"), 1, IF(AND(I6=1, H6="Yes, fully"), 1, "")))) | K6: =AVERAGE(J6:J7) -> #DIV/0!
A7: Standard setting | B7: Standard-setting process | C7: SS-SP-2 | D7: The scheme owner makes publicly available a summary that includes the decision-making procedures of how decisions are made and who makes them. | E7: The procedures for decision-making, including decision-making roles and responsibilities, are documented. The documentation includes the bodies involved in the standard-setting process and their respective roles and decision-making functions. | F7: Yes, publicly Yes (on request) No | G7: 2 1 0 | J7: =IF(H7="No", 0, IF(AND(I7=1, H7="Yes, partially"), 0.5, IF(AND(I7=2, H7="Yes, fully"), 1, IF(AND(I7=1, H7="Yes, fully"), 1, ""))))
A8: Standard setting | B8: Standards consultation | C8: SS-SC-1 | D8: The scheme owner subjects the development of new standards and the revision of existing standards to public consultation. | E8: The scheme provides sufficient time and opportunity for stakeholders to participate in the consultation. The ISEAL Code recommends: - at least two rounds of input on initial standards development; and - at least one round of input on standards revision. 60 days and 30 days have generally been considered adequate time to submit comments in first and second rounds of consultation, respectively. | F8: Yes, specified number of rounds Yes, unspecified No | G8: 2 1 0 | J8: =IF(H8="No", 0, IF(AND(I8=1, H8="Yes, partially"), 0.5, IF(AND(I8=2, H8="Yes, fully"), 1, IF(AND(I8=1, H8="Yes, fully"), 1, "")))) | K8: =AVERAGE(J8:J13) -> #DIV/0!
A9: Standard setting | B9: Standards consultation | C9: SS-SC-2 | D9: The scheme owner shall ensure that participation in the consultation process is open to all stakeholders. | E9: Interested parties can participate in the consultation process, through a consultation forum or stakeholders are made aware of alternative mechanisms by which they can participate. | F9: Yes, possible No | G9: 1 0 | J9: =IF(H9="No", 0, IF(AND(I9=1, H9="Yes, partially"), 0.5, IF(AND(I9=2, H9="Yes, fully"), 1, IF(AND(I9=1, H9="Yes, fully"), 1, ""))))
A10: Standard setting | B10: Standards consultation | C10: SS-SC-3 | D10: The scheme owner proactively encourages participation in standard-setting of all stakeholders directly affected. | E10: There should be evidence of identification and documentation outlining how stakeholders are directly affected by implementation of the scheme or by the sector the scheme seeks to impact, and records of activities set by the scheme to proactively reach out to these stakeholders and encourage their participation in standard setting. | F10: Yes No | G10: 1 0 | J10: =IF(H10="No", 0, IF(AND(I10=1, H10="Yes, partially"), 0.5, IF(AND(I10=2, H10="Yes, fully"), 1, IF(AND(I10=1, H10="Yes, fully"), 1, ""))))
A11: Standard setting | B11: Standards consultation | C11: SS-SC-4 | D11: The scheme owner ensures balanced participation of stakeholder interests in the consultation and decision-making processes. | E11: The scheme owner ensures participation by independent technical experts and encourages balanced participation by stakeholders in the standard development, revision, and approval process. Documented information on the voting procedure of the highest decision-making body responsible for the standard setting process specifies that all categories of stakeholders are represented. The procedure shall also ensure that one stakeholder category is not able to dominate decision-making. | F11: Yes No | G11: 1 0 | J11: =IF(H11="No", 0, IF(AND(I11=1, H11="Yes, partially"), 0.5, IF(AND(I11=2, H11="Yes, fully"), 1, IF(AND(I11=1, H11="Yes, fully"), 1, ""))))
A12: Standard setting | B12: Standards consultation | C12: SS-SC-5 | D12: The scheme owner allows for adaptation or interpretation of the standard to regional contexts based on multistakeholder consultation processes. | E12: There are procedures and guidance in place to ensure that any adaptations of a scheme’s standard (e.g., for national or regional relevance, scale of enterprise, or for specific products or sectors) is developed through a multistakeholder consultation process. → Not applicable for schemes that develop product-specific standards based on a life-cycle and multi-criteria approach (ISO type I labels) as said approach does not allow for the recognition of local contexts. Either of the following: - Information in the standard about how each of the requirements can be interpreted for application at a local level - Procedure for development of a local adaptation of the standard including stakeholder consultation measures. - The standard organization has country-specific standards | F12: Yes No Not applicable | G12: 1 0 - | H12: Not Applicable | I12: N/A | J12: =IF(H12="No", 0, IF(AND(I12=1, H12="Yes, partially"), 0.5, IF(AND(I12=2, H12="Yes, fully"), 1, IF(AND(I12=1, H12="Yes, fully"), 1, ""))))
A13: Standard setting | B13: Standards consultation | C13: SS-SC-6 | D13: The scheme owner provides information on the input received from stakeholder consultations and how it was used. | E13: The scheme owner makes publicly available the comments received during the consultations or, at a minimum, accurate summaries of these comments, along with explanations of how the comments were considered, through: • documentation of collected feedback from previous public consultations • a statement on how the collected feedback was used for the setting or revision of the Standard. | F13: Yes, comments and explanations Yes, comments only No | G13: 2 1 0 | J13: =IF(H13="No", 0, IF(AND(I13=1, H13="Yes, partially"), 0.5, IF(AND(I13=2, H13="Yes, fully"), 1, IF(AND(I13=1, H13="Yes, fully"), 1, ""))))

Sheet Assurance
A1: BIOBASEDCERT Monitoring Tool System Level
A2: Name of the scheme:
A3: Category | B3: Principles | C3: Code | D3: Criteria | E3: Requirements (including guidance notes) | F3: Response options | G3: Scoring | H3: Requirement fulfilled | I3: Points received | J3: % of Requirement fulfilled | K3: % of points per Principle | L3: Justification | M3: Feedback from tester
A4: Assurance | B4: Assurance system | C4: AS-AS-1 | D4: The scheme owner ensures that there is a publicly available description of the consistent methodology used to assess compliance with the standard. | E4: Certification processes are conducted according to consistent methodologies. Refers to the summary of assessment process undertaken in granting or denying licence or certificate to operating unit: - type(s) of assessment employed - how clients are assessed, how often and by whom, and the basis for decisions - scoring system, applicability of criteria, etc. | F4: Yes No | G4: 1 0 | J4: =IF(H4="No", 0, IF(AND(I4=1, H4="Yes, partially"), 0.5, IF(AND(I4=2, H4="Yes, fully"), 1, IF(AND(I4=1, H4="Yes, fully"), 1, "")))) | K4: =AVERAGE(J4:J5) -> #DIV/0!
A5: Assurance | B5: Assurance system | C5: AS-AS-2 | D5: The scheme owner ensures that summary certification/verification reports are made available. | E5: The scheme owner defines this requirement in certification requirements/methodologies, or in the contract/agreement between the scheme owner and the Accreditation Body (AB), or in a separate accreditation manual. The report should be made available in a UN and local language. At least basic information about the results of assessments of clients and assurance providers, that includes, at a minimum, information about the client's assurance status should be provided. For schemes where assessment reports are not publicly available online, summary reports are available from Conformity Assessment Bodies (CABs) upon request (request to verify availability). If assessment reports cannot be shared by the scheme or by CABs due to confidentiality, it is "confidential". If no assessment reports are written at all, it is "No, no reports". | F5: Yes, publicly Yes (on request) / Confidential No, no reports | G5: 2 1 0 | J5: =IF(H5="No", 0, IF(AND(I5=1, H5="Yes, partially"), 0.5, IF(AND(I5=2, H5="Yes, fully"), 1, IF(AND(I5=1, H5="Yes, fully"), 1, ""))))
A6: Assurance | B6: Conformity assessment | C6: AS-CA-1 | D6: Minimum level of conformity assessment required by the scheme owner. | E6: The most independent level is the 3rd party audit (independent from the client). The 1st party is a self-assessment and the 2nd party is done by an interested stakeholder (e.g. an industry or trade association or NGO). The scheme owner defines this requirement in certification requirements/methodologies, or in the contract/agreement between the scheme owner and the AB, or in a separate accreditation manual. | F6: 3rd party 2nd party or 1st party | G6: 1 0 | J6: =IF(H6="No", 0, IF(AND(I6=1, H6="Yes, partially"), 0.5, IF(AND(I6=2, H6="Yes, fully"), 1, IF(AND(I6=1, H6="Yes, fully"), 1, "")))) | K6: =AVERAGE(J6:J7) -> #DIV/0!
A7: Assurance | B7: Conformity assessment | C7: AS-CA-2 | D7: The scheme owner requires CABs to have a procedure in place for how clients are required to address non-conformities, including when a certificate or license is suspended or revoked. | E7: The scheme owner defines this requirement in certification requirements/methodologies, or in the contract/agreement between the scheme owner and the AB, or in a separate accreditation manual - The procedure specifies how different degrees of non-conformity (if applicable) are to be addressed and remediated, verifying corrective actions arising from non-compliances and allowing for appeals of non-compliances, in order to support consistency between CABs. - The procedure also specifies the conditions under which certification / the licence may be suspended or withdrawn, partially or in total, for all or part of the scope of certification / the licence. | F7: Yes No | G7: 1 0 | J7: =IF(H7="No", 0, IF(AND(I7=1, H7="Yes, partially"), 0.5, IF(AND(I7=2, H7="Yes, fully"), 1, IF(AND(I7=1, H7="Yes, fully"), 1, ""))))
A8: Assurance | B8: Conformity assessment bodies | C8: AS-CB-1 | D8: The scheme owner requires CABs to be compliant with and accredited according to ISO/IEC 17065, ISO/IEC 17021, ISO/IEC 17020, or equivalent. | E8: The scheme owner defines quality requirements: • in certification requirements/methodologies, or • in the contract/agreement between the scheme owner and the CAB, or • in a separate accreditation manual. | F8: Yes No | G8: 1 0 | J8: =IF(H8="No", 0, IF(AND(I8=1, H8="Yes, partially"), 0.5, IF(AND(I8=2, H8="Yes, fully"), 1, IF(AND(I8=1, H8="Yes, fully"), 1, "")))) | K8: =AVERAGE(J8:J12) -> #DIV/0!
A9: Assurance | B9: Conformity assessment bodies | C9: AS-CB-2 | D9: The scheme owner makes public a list of all accredited/approved CABs. | E9: A system to list all CABs accepted by the scheme or accredited by respective ABs is publicly available, up-to-date and complete. | F9: Yes, publicly Yes (on request) No | G9: 2 1 0 | J9: =IF(H9="No", 0, IF(AND(I9=1, H9="Yes, partially"), 0.5, IF(AND(I9=2, H9="Yes, fully"), 1, IF(AND(I9=1, H9="Yes, fully"), 1, ""))))
A10: Assurance | B10: Conformity assessment bodies | C10: AS-CB-3 | D10: The scheme owner requires specific qualifications and competencies for auditors of conformity assessment bodies (CABs). | E10: The scheme owner has guidance specifying qualifications and competence criteria for CABs or requires that CABs have these set out. The scheme owner should also perform examinations for auditors, or trainings and other forms of professional development practices. | F10: Yes, examination or training included Yes, no examination or training No | G10: 2 1 0 | J10: =IF(H10="No", 0, IF(AND(I10=1, H10="Yes, partially"), 0.5, IF(AND(I10=2, H10="Yes, fully"), 1, IF(AND(I10=1, H10="Yes, fully"), 1, ""))))
A11: Assurance | B11: Conformity assessment bodies | C11: AS-CB-4 | D11: The scheme owner maintains or requires CABs to maintain a publicly accessible list of certified products/product groups. | E11: A system to show the enterprises producing certified/ verified products is publicly available (for example in a database or by uploaded lists). This system shall be up-to-date and complete (managed by the scheme owner or outsourced to the ABs or CABs), including the scope of certificate/license. If the management system is outsourced to the ABs or CABs, this is required and described in the contract/agreement between the scheme owner and the AB/CAB, in a separate accreditation manual or for example in certification requirements/methodologies. As a minimum, the certification body shall provide information, upon request, about the validity of a given certification. | F11: Yes, incl. scope of certificate/license Yes No | G11: 2 1 0 | J11: =IF(H11="No", 0, IF(AND(I11=1, H11="Yes, partially"), 0.5, IF(AND(I11=2, H11="Yes, fully"), 1, IF(AND(I11=1, H11="Yes, fully"), 1, ""))))
A12: Assurance | B12: Conformity assessment bodies | C12: AS-CB-5 | D12: The scheme owner requires CABs to have a documented, and publicly available, mechanism for clients who want to appeal compliance decisions. | E12: The procedure defines: - clear instructions for how clients should submit their request to reconsider the compliance decision; and - and overview of the appeal process by which the CAB will assess the request, including timelines. | F12: Yes, with an appeal overview Yes, only submission instructions No | G12: 2 1 0 | J12: =IF(H12="No", 0, IF(AND(I12=1, H12="Yes, partially"), 0.5, IF(AND(I12=2, H12="Yes, fully"), 1, IF(AND(I12=1, H12="Yes, fully"), 1, ""))))
A13: Assurance | B13: Auditing | C13: AS-AU-1 | D13: The scheme owner has or requires CABs to have documented procedures for reliable auditing methods. | E13: The scheme owner/CAB shall have clear procedures that describe how audits are planned, conducted and reported on. Examples of evidence: - requirements in the contract/agreement between the Scheme Owner and the certification body, in a separate accreditation manual or for e.g. in certification requirements/methodologies. - guidance interpretation specifying auditing methods and risk factors, in order to support consistency between certification bodies. | F13: Yes No | G13: 1 0 | J13: =IF(H13="No", 0, IF(AND(I13=1, H13="Yes, partially"), 0.5, IF(AND(I13=2, H13="Yes, fully"), 1, IF(AND(I13=1, H13="Yes, fully"), 1, "")))) | K13: =AVERAGE(J13:J17) -> #DIV/0!
A14: Assurance | B14: Auditing | C14: AS-AU-2 | D14: The scheme owner defines or requires CABs to state frequency of surveillance audits. | E14: The scheme owner/CAB defines this requirement in certification requirements/methodologies, or in the contract/agreement between the scheme owner and the AB, or in a separate accreditation manual. | F14: Yes No | G14: 1 0 | J14: =IF(H14="No", 0, IF(AND(I14=1, H14="Yes, partially"), 0.5, IF(AND(I14=2, H14="Yes, fully"), 1, IF(AND(I14=1, H14="Yes, fully"), 1, ""))))
A15: Assurance | B15: Auditing | C15: AS-AU-3 | D15: The scheme owner defines the type of activities CABs are required to undertake during an initial audit. | E15: The scheme owner has to clarify whether CABs are required to perform onsite visits for the initial audit, including premises visit and documents review, or an off-site (remote) documentation review would suffice. The scheme owner defines this requirement in certification requirements/methodologies, or in the contract/agreement between the scheme owner and the AB, or in a separate accreditation manual. | F15: Yes, onsite Yes, fully or partly remote No | G15: 2 1 0 | J15: =IF(H15="No", 0, IF(AND(I15=1, H15="Yes, partially"), 0.5, IF(AND(I15=2, H15="Yes, fully"), 1, IF(AND(I15=1, H15="Yes, fully"), 1, ""))))
A16: Assurance | B16: Auditing | C16: AS-AU-4 | D16: The scheme owner requires or allows CABs to do unscheduled audits. | E16: The Scheme Owner defines this requirement for certification bodies to conduct unscheduled (without significant advance warning) or surprise audits. The scheme owner/CAB defines this requirement in certification requirements/methodologies, or in the contract/agreement between the scheme owner and the AB, or in a separate accreditation manual. | F16: Yes, required Yes, allowed No | G16: 2 1 0 | J16: =IF(H16="No", 0, IF(AND(I16=1, H16="Yes, partially"), 0.5, IF(AND(I16=2, H16="Yes, fully"), 1, IF(AND(I16=1, H16="Yes, fully"), 1, ""))))
A17: Assurance | B17: Auditing | C17: AS-AU-5 | D17: The scheme owner ensures or requires CABs to ensure consistency in audit report formats. | E17: The scheme owner/CAB defines this requirement with a system for quality control. Possible sources of evidence: - guidance specifying formats for audit reports and reporting, mandatory audit templates; - review of the online audit reports for consistency of report format and reporting, or the scheme's quality management system. | F17: Yes No | G17: 1 0 | J17: =IF(H17="No", 0, IF(AND(I17=1, H17="Yes, partially"), 0.5, IF(AND(I17=2, H17="Yes, fully"), 1, IF(AND(I17=1, H17="Yes, fully"), 1, ""))))
A18: Assurance | B18: Oversight mechanism | C18: AS-OM-1 | D18: The scheme owner has defined an approach to oversight of assurance activities and assurance providers. | E18: The scheme has documented its oversight mechanism, that is independent of the assurance programme, and that evaluates implementation of that programme to ensure its consistent and competent implementation. These can include, but not restricted to: the roles and responsibilities for different oversight functions; the frequency of oversight activities; the oversight procedures to be followed; the process that oversight bodies should follow for assessing the performance of assurance providers. The externality of the Oversight Body ensures independence of the oversight function from assurance. Information on the oversight mechanism may be found in a contract/agreement between the scheme owner and an Accreditation Body or another Oversight Body, in a separate Oversight manual or for example in certification requirements/methodologies. 'Not Applicable' if it is a government-owned scheme. | F18: Yes, external Oversight Body Yes, internal Oversight Body No Not applicable | G18: 2 1 0 - | J18: =IF(H18="No", 0, IF(AND(I18=1, H18="Yes, partially"), 0.5, IF(AND(I18=2, H18="Yes, fully"), 1, IF(AND(I18=1, H18="Yes, fully"), 1, "")))) | K18: =AVERAGE(J18:J19) -> #DIV/0!
A19: Assurance | B19: Oversight mechanism | C19: AS-OM-2 | D19: The scheme owner requires oversight bodies to have a documented, and publicly available, mechanism on the escalation of appeals for compliance decisions. | E19: The documentation should include: - instructions for how clients should submit the request to reconsider a compliance decision to the oversight mechanism; and - an overview of the process that the oversight body will follow to assess the appeal and make a decision on the request. 'Not Applicable' if there is no Oversight mechanism (government-owned scheme). | F19: Yes No Not applicable | G19: 1 0 - | J19: =IF(H19="No", 0, IF(AND(I19=1, H19="Yes, partially"), 0.5, IF(AND(I19=2, H19="Yes, fully"), 1, IF(AND(I19=1, H19="Yes, fully"), 1, ""))))

Sheet Traceability_Claims
A1: BIOBASEDCERT Monitoring Tool System Level
A2: Name of the scheme:
A3: Category | B3: Principles | C3: Code | D3: Criteria | E3: Requirements (including guidance notes) | F3: Response options | G3: Scoring | H3: Requirement fulfilled | I3: Points received | J3: % of Requirement fulfilled | K3: % of points per Principle | L3: Justification | M3: Feedback from tester
A4: Traceability and claims | B4: CoC traceability system | C4: TC-CT-1 | D4: The scheme owner has a documented Chain of Custody (CoC) standard or other traceability requirements for checking product flow between links of the supply chain. | E4: Either of the following: - A CoC standard document which provides a description of its chain of custody approach - A description of other measures to collect and analyze data from suppliers in order to trace back different certified inputs across different supply chain entities (e.g. data sheets). | F4: Yes, publicly Yes, on request No | G4: 2 1 0 | J4: =IF(H4="No", 0, IF(AND(I4=1, H4="Yes, partially"), 0.5, IF(AND(I4=2, H4="Yes, fully"), 1, IF(AND(I4=1, H4="Yes, fully"), 1, "")))) | K4: =AVERAGE(J4:J10) -> #DIV/0!
A5: Traceability and claims | B5: CoC traceability system | C5: TC-CT-2 | D5: The scheme owner requires all enterprises that are physically handling the certified feedstock/product to undergo a CoC audit if intended to be sold as a certified, labeled product. | E5: All enterprises that physically handle and have legal ownership of the certified feedstock or product are to undergo a CoC audit. This shall be in the form of a written requirement as part of the certification requirements. Possibly review scope of certificates, if available online. → Only applicable if claims are made regarding the origin of certain ingredients or products (CoC is required; applicable to certain CoC models). | F5: Yes No Not applicable | G5: 1 0 - | J5: =IF(H5="No", 0, IF(AND(I5=1, H5="Yes, partially"), 0.5, IF(AND(I5=2, H5="Yes, fully"), 1, IF(AND(I5=1, H5="Yes, fully"), 1, ""))))
A6: Traceability and claims | B6: CoC traceability system | C6: TC-CT-3 | D6: The scheme owner defines procedures for CoC certification of multiple sites of one or several legal entities. | E6: The scheme owner defines procedures for multi-sites (under control of one or more entities) and requirements for internal control management system. Those procedures ensure that all sites comply with the CoC certification requirements, and that they undergo a CoC audit. Control can include direct ownership, franchises, or where the entity has a signed agreement or contract with each site. Examples of evidence: - CoC standard, guidance or checklist specifying procedure and internal control system. → Only applicable if there is multiple-site CoC certification, OR if the scheme owner allows Chain of Custody of multi-sites. | F6: Yes No Not applicable | G6: 1 0 - | H6: Not Applicable | I6: N/A | J6: =IF(H6="No", 0, IF(AND(I6=1, H6="Yes, partially"), 0.5, IF(AND(I6=2, H6="Yes, fully"), 1, IF(AND(I6=1, H6="Yes, fully"), 1, ""))))
A7: Traceability and claims | B7: CoC traceability system | C7: TC-CT-4 | D7: The scheme owner requires subcontractors to meet the CoC requirements. | E7: The scheme owner ensures that certified entity takes full responsibility that all subcontractors fully meet CoC requirements and has a system to demonstrate this. Examples of evidence: - Sub-contract agreements, internal audits. If there is no sub-contracting then this criterion is “Not Applicable”. | F7: Yes No Not applicable | G7: 1 0 - | H7: Not Applicable | I7: N/A | J7: =IF(H7="No", 0, IF(AND(I7=1, H7="Yes, partially"), 0.5, IF(AND(I7=2, H7="Yes, fully"), 1, IF(AND(I7=1, H7="Yes, fully"), 1, ""))))
A8: Traceability and claims | B8: CoC traceability system | C8: TC-CT-5 | D8: The scheme owner allows different chain of custody models as traceability systems. | E8: In case of identification and separation of certified and non-certified products, Identity Preserved or Segragated are allowed as models. In case mixing is allowed, applicable system is Mass Balance. If no model is stated or if the model includes decoupling of the claim from the certified product (e.g. Certificate trading, or Book and claim), then it is a "No". Examples of evidence: - Chain of Custody standards, audit checklists, certification requirements/methodologies specifying requirement. - Chain of Custody audit reports | F8: Yes, Identity Preservation or Segregation model Yes, Mass Balance No, no specific model or Book and claim | G8: 2 1 0 | J8: =IF(H8="No", 0, IF(AND(I8=1, H8="Yes, partially"), 0.5, IF(AND(I8=2, H8="Yes, fully"), 1, IF(AND(I8=1, H8="Yes, fully"), 1, ""))))
A9: Traceability and claims | B9: CoC traceability system | C9: TC-CT-6 | D9: The scheme provides a clear statement on the handling of certified and uncertified inputs in its traceability system. | E9: Schemes that prohibit mixing and have a clear statement on it receive the highest score, reflecting their stronger traceability and robustness. Schemes that do allow mixing but transparently disclose this, acknowledge their effort to ensure traceability while recognizing that mixing introduces a weaker control system. Finally, if there is a mixing but there is no evidence of a written statement this shall be “No” . “Not applicable” if it is a product label (ISO type I label, e.g. Blue Angel). | F9: Yes, prohibits mixing Yes, allows mixing but with statement No Not applicable | G9: 2 1 0 - | H9: Not Applicable | I9: N/A | J9: =IF(H9="No", 0, IF(AND(I9=1, H9="Yes, partially"), 0.5, IF(AND(I9=2, H9="Yes, fully"), 1, IF(AND(I9=1, H9="Yes, fully"), 1, "")))) | L9: ISO type I label, so not applicable.
A10: Traceability and claims | B10: CoC traceability system | C10: TC-CT-7 | D10: The scheme owner requires or asks CABs to verify that all enterprises within the supply chain maintain and keep accurate and accessible traceability records. | E10: The Scheme Owner defines the requirement that all entities within the supply chain, including those which may not undergo a Chain of Custody audit, maintain up to date, complete and accessible records that may provide a tool to trace products through the supply chain. These include all records relating to shipment, receipt and invoicing. Examples of evidence: - Chain of Custody standard. - contract/agreement between the Scheme Owner and the certification body, accreditation/certification requirements/methodologies specifying criteria for document control and maintenance, and retention. - auditor checklists or guidance interpretation. → Only applicable if claims are made regarding the origin of certain ingredients or products (CoC is required) | F10: Yes No Not applicable | G10: 1 0 - | H10: Not Applicable | I10: N/A | J10: =IF(H10="No", 0, IF(AND(I10=1, H10="Yes, partially"), 0.5, IF(AND(I10=2, H10="Yes, fully"), 1, IF(AND(I10=1, H10="Yes, fully"), 1, ""))))
A11: Traceability and claims | B11: Claims and products labelling policy | C11: TC-CP-1 | D11: The scheme owner provides description of its specific policies for products labelling and claims use. | E11: Refers to the standard system's specific policies for product labeling. There should be rules and procedures for client use of claims (e.g., claims and logo use guide). Example: - A policy document on how to use symbols, logos and claims | F11: Yes, publicly Yes, on request No | G11: 2 1 0 | J11: =IF(H11="No", 0, IF(AND(I11=1, H11="Yes, partially"), 0.5, IF(AND(I11=2, H11="Yes, fully"), 1, IF(AND(I11=1, H11="Yes, fully"), 1, "")))) | K11: =AVERAGE(J11:J16) -> #DIV/0!
A12: Traceability and claims | B12: Claims and products labelling policy | C12: TC-CP-2 | D12: Claims and labelling requirements ensure that claims or logos clearly indicate to what they apply. | E12: A clear indication to what the claim/label applies, e.g. the complete product, a product component, packaging, service, for promotional use, etc. | F12: Yes No | G12: 1 0 | J12: =IF(H12="No", 0, IF(AND(I12=1, H12="Yes, partially"), 0.5, IF(AND(I12=2, H12="Yes, fully"), 1, IF(AND(I12=1, H12="Yes, fully"), 1, ""))))
A13: Traceability and claims | B13: Claims and products labelling policy | C13: TC-CP-3 | D13: The scheme requires the use of honest marketing and advertising techniques. | E13: The scheme specifies clear rules for on-product and off-product communication, including the use of certification claims in marketing and promotional materials. | F13: Yes No | G13: 1 0 | J13: =IF(H13="No", 0, IF(AND(I13=1, H13="Yes, partially"), 0.5, IF(AND(I13=2, H13="Yes, fully"), 1, IF(AND(I13=1, H13="Yes, fully"), 1, ""))))
A14: Traceability and claims | B14: Claims and products labelling policy | C14: TC-CP-4 | D14: The label is accompanied by an explanatory text claim or a link to further information. | E14: Refers to either of the following: • A short text next to the logo explaining some detail about the label • A QR code, link or any other form of additional information which helps to understand the label Criterion “Not applicable” if no graphic labels are used. | F14: Yes No Not applicable | G14: 1 0 - | J14: =IF(H14="No", 0, IF(AND(I14=1, H14="Yes, partially"), 0.5, IF(AND(I14=2, H14="Yes, fully"), 1, IF(AND(I14=1, H14="Yes, fully"), 1, ""))))
A15: Traceability and claims | B15: Claims and products labelling policy | C15: TC-CP-5 | D15: Claims and label users are required to use unique license numbers or other tracking mechanisms. | E15: Refers to a visible mechanism to be used by label and claims users which provides the ability to trace back the product to its origins. Example of evidence: COC-numbers to be applied on claims and logo license numbers to be applied when labels are used. → Only applicable if claims are made regarding the origin of certain ingredients or products (CoC is required) | F15: Yes No Not applicable | G15: 1 0 - | J15: =IF(H15="No", 0, IF(AND(I15=1, H15="Yes, partially"), 0.5, IF(AND(I15=2, H15="Yes, fully"), 1, IF(AND(I15=1, H15="Yes, fully"), 1, ""))))
A16: Traceability and claims | B16: Claims and products labelling policy | C16: TC-CP-6 | D16: Claims requirements specify the types of claims that can be made for different types of CoC models, where the scheme owner allows for more than one model. | E16: The scheme provides a publicly available overview of differences in claims, depending on the types of CoC used. These claims shall accurately reflect the type of CoC. For example: • Claims on origin can only be made under Identity Preservation model. • Claims on 100% certified material require Segregation model. • When Mass Balance or Controlled Blending models are used, claims need to show that mixing is allowed. • When Certificate Trading (Book & Claim) model is allowed, "supports sustainable production" (or similar) is an adequate claim. "Not applicable" if: • It is a product label (ISO type I label, e.g. Blue Angel) • Only use of one CoC model. | F16: Yes No Not applicable | G16: 1 0 - | H16: Not Applicable | I16: N/A | J16: =IF(H16="No", 0, IF(AND(I16=1, H16="Yes, partially"), 0.5, IF(AND(I16=2, H16="Yes, fully"), 1, IF(AND(I16=1, H16="Yes, fully"), 1, "")))) | L16: This requirement is considered as Not Applicable as it is a product label (ISO type I label).
A17: Traceability and claims | B17: Consequences of misuse of claims | C17: TC-CM-1 | D17: The scheme owner has a procedure in place that defines specific consequences of misuse of claims. | E17: This question also relates to fraudulent claim use. Either of the following: -A statement/policy that defines what happens if misuse is discovered. - A described procedure for suspending or withdrawing permissions to use claims, including monitoring that suspended or former clients have stopped making claims. | F17: Yes No | G17: 1 0 | J17: =IF(H17="No", 0, IF(AND(I17=1, H17="Yes, partially"), 0.5, IF(AND(I17=2, H17="Yes, fully"), 1, IF(AND(I17=1, H17="Yes, fully"), 1, "")))) | K17: =AVERAGE(J17:J18) -> #DIV/0!
A18: Traceability and claims | B18: Consequences of misuse of claims | C18: TC-CM-2 | D18: The scheme owner requires surveillance of the accurate use of claims and labels in the market. | E18: Either of the following: - Clearly defined activities pursued to make sure labels and claims are used accurately - A complaints mechanism that allows stakeholders to report the false use of labels and claims | F18: Yes No | G18: 1 0 | J18: =IF(H18="No", 0, IF(AND(I18=1, H18="Yes, partially"), 0.5, IF(AND(I18=2, H18="Yes, fully"), 1, IF(AND(I18=1, H18="Yes, fully"), 1, ""))))
A19: Traceability and claims | B19: Minimum percentage claims | C19: TC-CM-3 | D19: The scheme owner defines the minimum percentage of a certified / verified input in a single ingredient product for a claim to be allowed for that product. | E19: Refers to a public written statement on the minimum percentage requirements in a single-ingredient product. Different schemes permit different percentages. Stating the percentages provides transparency and informed decision making. 'No' if: - No evidence of minimum percentages even though mixing is allowed. 'Not Applicable' if: - Claim does not refer to product inputs/single ingredients but to the whole/ final product or if % claims are not included in system. | F19: More or equal 75% Less than 75% No Not applicable | G19: 2 1 0 - | J19: =IF(H19="No", 0, IF(AND(I19=1, H19="Yes, partially"), 0.5, IF(AND(I19=2, H19="Yes, fully"), 1, IF(AND(I19=1, H19="Yes, fully"), 1, ""))))
A20: Traceability and claims | B20: Minimum percentage claims | C20: TC-CM-4 | D20: The scheme owner defines the minimum percentage of certified / verified material in a composite product for a claim to be allowed for that product. | E20: Refers to a public written statement on the minimum percentage requirements in a composite product. 'No' if: - No evidence of minimum percentages even though mixing is allowed. 'Not applicable' if: - Claim does not refer to product inputs/single ingredients but to the whole/final product or if % claims are not included in system. | F20: More or equal 50% Less than 50% No Not applicable | G20: 2 1 0 - | J20: =IF(H20="No", 0, IF(AND(I20=1, H20="Yes, partially"), 0.5, IF(AND(I20=2, H20="Yes, fully"), 1, IF(AND(I20=1, H20="Yes, fully"), 1, ""))))

Sheet Governance_Management
A1: BIOBASEDCERT Monitoring Tool System Level
A2: Name of the scheme:
A3: Category | B3: Principles | C3: Code | D3: Criteria | E3: Requirements (including guidance notes) | F3: Response options | G3: Scoring | H3: Requirement fulfilled | I3: Points received | J3: % of Requirement fulfilled | K3: % of points per Principle | L3: Justification | M3: Feedback from tester
A4: Governance and Scheme management | B4: Scheme scope and objectives | C4: GM-SO-1 | D4: The scheme has a clearly defined scope of its certification programme. | E4: The scheme clearly defines the scope of its certification programme in terms of sector coverage, feedstock type, geography, value chain segment, subject of certification, and sustainability dimensions. Possible source of evidence: - standard document - certification requirements (scope definition) - compliance assessment methodology | F4: Yes No | G4: 1 0 | J4: =IF(H4="No", 0, IF(AND(I4=1, H4="Yes, partially"), 0.5, IF(AND(I4=2, H4="Yes, fully"), 1, IF(AND(I4=1, H4="Yes, fully"), 1, "")))) | K4: =AVERAGE(J4:J6) -> #DIV/0!
A5: Governance and Scheme management | B5: Scheme scope and objectives | C5: GM-SO-2 | D5: The scheme makes explicit its sustainability-defined goals and objectives. | E5: The scheme owner explicitly defines scheme's objectives and overall goals it intends to achieve. The scheme should strive to provide a detailed explanation of how its different strategies and activities contribute to those intended goals. The objectives should be sustainability-defined, promoting responsible use of resources and improving environmental and/or socio-economic impacts. Possible source of evidence: - scheme website - strategy document - Theory of Change | F5: Yes, with a link between strategies and goals Yes, just citing the goals No | G5: 2 1 0 | J5: =IF(H5="No", 0, IF(AND(I5=1, H5="Yes, partially"), 0.5, IF(AND(I5=2, H5="Yes, fully"), 1, IF(AND(I5=1, H5="Yes, fully"), 1, ""))))
A6: Governance and Scheme management | B6: Scheme scope and objectives | C6: GM-SO-3 | D6: The scheme has procedures for taking into account the special circumstances of smallholders' operations. | E6: The Scheme Owner processes and policies reduce barriers or promote more access of smallholders. This may include specific standards or exemptions that do not lower the requirements of the standards themselves. Examples of evidence: - separate specific standard for smallholders - requirements for smallholder certification - programs such as capacity building and access to finance targeted to smallholders. | F6: Yes No | G6: 1 0 | J6: =IF(H6="No", 0, IF(AND(I6=1, H6="Yes, partially"), 0.5, IF(AND(I6=2, H6="Yes, fully"), 1, IF(AND(I6=1, H6="Yes, fully"), 1, ""))))
A7: Governance and Scheme management | B7: Governance structure | C7: GM-GS-1 | D7: The scheme owner is a legal entity, or an organization that is a partnership of legal entities, or a government or inter-governmental agency. | E7: Information showing the legal status of the organization, often also listed in publicly available commercial registers (commonly also for non-commercial organisations). | F7: Yes No | G7: 1 0 | J7: =IF(H7="No", 0, IF(AND(I7=1, H7="Yes, partially"), 0.5, IF(AND(I7=2, H7="Yes, fully"), 1, IF(AND(I7=1, H7="Yes, fully"), 1, "")))) | K7: =AVERAGE(J7:J11) -> #DIV/0!
A8: Governance and Scheme management | B8: Governance structure | C8: GM-GS-2 | D8: The scheme owner make its organizational structure available. | E8: Refers to an overview of the different governance bodies that manage and govern the scheme (i.e. board, advisory board, board of trustees, etc.). This can be in the form of an organizational chart or narrative document. | F8: Yes, publicly Yes, on request No | G8: 2 1 0 | J8: =IF(H8="No", 0, IF(AND(I8=1, H8="Yes, partially"), 0.5, IF(AND(I8=2, H8="Yes, fully"), 1, IF(AND(I8=1, H8="Yes, fully"), 1, ""))))
A9: Governance and Scheme management | B9: Governance structure | C9: GM-GS-3 | D9: The top decision-making body members are accountable to all stakeholders. | E9: A clear accountability mechanism (e.g. elections with voting members, accountability through deeds of trust, appointment by boards that are in turn elected, stakeholder advisory body). Stakeholders in this case mean any parties who are directly or indirectly affected by the decisions of the top-decision making body (e.g. producers, consumer organizations, members, etc.). | F9: Yes No | G9: 1 0 | J9: =IF(H9="No", 0, IF(AND(I9=1, H9="Yes, partially"), 0.5, IF(AND(I9=2, H9="Yes, fully"), 1, IF(AND(I9=1, H9="Yes, fully"), 1, ""))))
A10: Governance and Scheme management | B10: Governance structure | C10: GM-GS-4 | D10: The scheme owner has a clear statement in case of a mutual recognition agreement with at least one other scheme. | E10: The mutual recognition conditions should be stated if the scheme owner recognizes an existing standard as partially or fully equivalent to its standard (referring to e.g. harmonized standards content or assessment of client performance). The accepted schemes are the ones approved by the European Commission. Please note: national vis-a-vis international standards of the same scheme owner are not eligible for a 'Yes'. | F10: Yes No Not applicable | G10: 1 0 - | J10: =IF(H10="No", 0, IF(AND(I10=1, H10="Yes, partially"), 0.5, IF(AND(I10=2, H10="Yes, fully"), 1, IF(AND(I10=1, H10="Yes, fully"), 1, ""))))
A11: Governance and Scheme management | B11: Governance structure | C11: GM-GS-5 | D11: The scheme owner makes quantitative information on the income sources or financing structure of the scheme available. | E11: An overview of quantitative information on the income sources or financing structure of the scheme (e.g. potentially including type of funding (i.e. financial, assets, manpower, etc), name of funders, amount or %-distribution of income sources). This could be provided in the form of an annex to annual reports. | F11: Yes, publicly No | G11: 1 0 | J11: =IF(H11="No", 0, IF(AND(I11=1, H11="Yes, partially"), 0.5, IF(AND(I11=2, H11="Yes, fully"), 1, IF(AND(I11=1, H11="Yes, fully"), 1, ""))))
A12: Governance and Scheme management | B12: Stakeholder participation | C12: GM-SP-1 | D12: Stakeholders have the possibility to participate in or contribute formal input on the scheme's governance. | E12: The scheme owner provides stakeholders the opportunity to easily contribute input to the governance structures, scheme's intended strategies and impacts, unintended effects, assessment of clients' performance or conformity, and on claims that the scheme makes and allows clients to make. The scheme owner informs stakeholders about these opportunities and how their input will be taken into account. Examples of evidence: -online process document for submission of input, governance body selection process and stakeholder composition, review of previous stakeholder inputs. | F12: Yes No | G12: 1 0 | J12: =IF(H12="No", 0, IF(AND(I12=1, H12="Yes, partially"), 0.5, IF(AND(I12=2, H12="Yes, fully"), 1, IF(AND(I12=1, H12="Yes, fully"), 1, "")))) | K12: =AVERAGE(J12:J15) -> #DIV/0!
A13: Governance and Scheme management | B13: Stakeholder participation | C13: GM-SP-2 | D13: The procedures of the top decision-making body ensure that there is a balanced representation of stakeholder interests, where no single interest predominates. | E13: Enough information on the voting procedure to be sure that there is a balanced representation of stakeholder interests. The procedure shall also assure that no single interest predominates. Examples of evidence: -internal procedure documents, revision and approval processes that describe achieved balance, such as through stakeholder mapping, announcements and invitation. | F13: Yes No | G13: 1 0 | J13: =IF(H13="No", 0, IF(AND(I13=1, H13="Yes, partially"), 0.5, IF(AND(I13=2, H13="Yes, fully"), 1, IF(AND(I13=1, H13="Yes, fully"), 1, ""))))
A14: Governance and Scheme management | B14: Stakeholder participation | C14: GM-SP-3 | D14: The scheme owner supports participation of under-represented stakeholders when seeking input from stakeholders. | E14: The scheme owner proactively seeks contributions of under-engaged and under-represented stakeholders to the scheme's strategies and impacts, unintended effects, assessment of clients' performance or conformity, and on claims that the scheme makes and allows clients to make. It is highly recommended that the scheme owner considers how best to seek input from women. This can be done through for e.g. providing funding or standardisation training to targeted actors, such as SMEs, consumer organizations or environmental groups. | F14: Yes No | G14: 1 0 | J14: =IF(H14="No", 0, IF(AND(I14=1, H14="Yes, partially"), 0.5, IF(AND(I14=2, H14="Yes, fully"), 1, IF(AND(I14=1, H14="Yes, fully"), 1, ""))))
A15: Governance and Scheme management | B15: Stakeholder participation | C15: GM-SP-4 | D15: The scheme owner ensures that clients and implementing partners have adequate time and notice to comply with new requirements. | E15: The scheme has procedures that set out when changes will come into effect and how the changes will be communicated to those affected, allowing adequate time for stakeholders to comply. Changes might relate to changes in scheme requirements or the requirements in the standard. | F15: Yes No | G15: 1 0 | J15: =IF(H15="No", 0, IF(AND(I15=1, H15="Yes, partially"), 0.5, IF(AND(I15=2, H15="Yes, fully"), 1, IF(AND(I15=1, H15="Yes, fully"), 1, ""))))
A16: Governance and Scheme management | B16: Due diligence | C16: GM-DD-1 | D16: The scheme recognises due diligence as ongoing process to be undertaken by operators. | E16: The scheme owner encourages operators to proactively carry out due diligence and to react to changes of circumstances and risks in the supply chain. This can be in form of due diligence policies or procedures, implementation activities, add-on modules, formation of expert working groups, offering trainings on due diligence. | F16: Yes No | G16: 1 0 | J16: =IF(H16="No", 0, IF(AND(I16=1, H16="Yes, partially"), 0.5, IF(AND(I16=2, H16="Yes, fully"), 1, IF(AND(I16=1, H16="Yes, fully"), 1, "")))) | K16: =AVERAGE(J16:J17) -> #DIV/0!
A17: Governance and Scheme management | B17: Due diligence | C17: GM-DD-2 | D17: The scheme expects operators’ due diligence activities to be guided by their own risk assessments. | E17: The scheme requires adequate measures for risk assessment and risk mitigation, to ascertain that products are deforestation-free and produced in accordance with relevant legislation in the country of production. | F17: Yes No | G17: 1 0 | J17: =IF(H17="No", 0, IF(AND(I17=1, H17="Yes, partially"), 0.5, IF(AND(I17=2, H17="Yes, fully"), 1, IF(AND(I17=1, H17="Yes, fully"), 1, ""))))
A18: Governance and Scheme management | B18: Complaints and dispute resolution mechanism | C18: GM-CD-1 | D18: The scheme owner has a open and accessible dispute resolution system to facilitate the impartial handling of complaints and grievances. | E18: The system should be open and accessible to all stakeholders. At a minimum, the system accepts complaints and grievances related to standards development and maintenance, assurance processes and decisions, codes of conduct or policies of association for clients or members, and claims processes and controlled claims. Requests by clients to re-consider compliance decisions are not considered complaints but appeals. Possible sources of evidence: - complaints policy - grievance policy - impartiality policy - safeguarding policy - whistleblower protection policy | F18: Yes No | G18: 1 0 | J18: =IF(H18="No", 0, IF(AND(I18=1, H18="Yes, partially"), 0.5, IF(AND(I18=2, H18="Yes, fully"), 1, IF(AND(I18=1, H18="Yes, fully"), 1, "")))) | K18: =AVERAGE(J18) -> #DIV/0!

Sheet Results System Level
A1: BIOBASEDCERT Monitoring Tool (BMT) System Level Results
B3: Overall score
B5: CATEGORY | C5: % OF POINTS RECEIVED
B6: All categories
B7: Average of assessed CSLs
B8: Standard Setting | C8: =AVERAGE(C22:C24) -> #DIV/0!
B9: Average of assessed CSLs
B10: Assurance | C10: =AVERAGE(C30:C34) -> #DIV/0!
B11: Average of assessed CSLs
B12: Traceability and Claims | C12: =AVERAGE(C40:C43) -> #DIV/0!
B13: Average of assessed CSLs
B14: Governance and Management | C14: =AVERAGE(C49:C53) -> #DIV/0!
B15: Average of assessed CSLs
B19: Standard Setting
B21: Principle | C21: Percentage of points received
B22: Standards content and structure | C22: =Standard_Setting!K4 -> #DIV/0!
B23: Standard-setting process | C23: =Standard_Setting!K6 -> #DIV/0!
B24: Standards consultation | C24: =Standard_Setting!K8 -> #DIV/0!
B27: Assurance
B29: Principle | C29: Percentage of points received
B30: Assurance system | C30: =Assurance!K4 -> #DIV/0!
B31: Conformity assessment | C31: =Assurance!K6 -> #DIV/0!
B32: Conformity assessment bodies | C32: =Assurance!K8 -> #DIV/0!
B33: Auditing | C33: =Assurance!K13 -> #DIV/0!
B34: Oversight mechanism | C34: =Assurance!K18 -> #DIV/0!
B37: Traceability and Claims
B39: Principle | C39: Percentage of points received
B40: CoC traceability system | C40: =Traceability_Claims!K4 -> #DIV/0!
B41: Claims and products labelling policy | C41: =Traceability_Claims!K11 -> #DIV/0!
B42: Consequences of misuse of claims | C42: =Traceability_Claims!K17 -> #DIV/0!
B43: Minimum percentage claims | C43: N/A
B46: Governance and Management
B48: Principle | C48: Percentage of points received
B49: Scheme scope and objectives | C49: =Governance_Management!K4 -> #DIV/0!
B50: Governance structure | C50: =Governance_Management!K7 -> #DIV/0!
B51: Stakeholder participation | C51: =Governance_Management!K12 -> #DIV/0!
B52: Due diligence | C52: =Governance_Management!K16 -> #DIV/0!
B53: Complaints and dispute resolution mechanism | C53: =Governance_Management!K18 -> #DIV/0!

Sheet ReadMe Content Level
A1: BIOBASEDCERT Monitoring Tool (BMT)
A2: Content Level
A3: How to use this tool
A5: Column explanation
B6: Principle | C6: Code | D6: Criterion | E6: Requirements | F6: Requirement fulfilled Yes/No | G6: Justification | H6: Examples and context | I6: Requirement level | J6: Applicable feedstock(s) | K6: Applicable value chain phase(s) | L6: Source Reference | M6: % of requirements fulfilled | N6: % of points received per principle | O6: Calibrated points received per principle | P6: Max. Calibrated points per principle
B8: Theme/Topic Climate change management | C8: Criterion code EN-CC-1 | D8: Criterion for what the scheme requires from the organisations it certifies. The scheme requires activities that reduce GHG emissions. | E8: Requirements can be understood as sub-criterias. They outline in more detail the ways in which the scheme should meet the criteria. i. Adoption of GHG emissions reduction activities is demonstrated. | F8: This is a column where the assessor should fill in. The assessor check the requirement in the adjacent cell and selects either "Yes" or "No" from the drop-down menu in this column for each requirement. "Yes" means that the scheme fulfils the requirement, "No" that it does not, and blank (available in the drop-down menu) means that the requirement has not yet been assessed. ! No other comments or wording should be written in this cell ! Please use the dropdown menu to plug in your response, or copy-paste it from a cell that has used the dropdown menu selection. If there is, for example, an additional empty space in the cell, the Excel will not be able to analyse it correctly. | G8: This is a column where the assessor should fill in. If the requirement is fulfilled, the assessor provides justification in this column refering to scheme standard documents. | H8: Examples and context helps the reader understand the requirements of the criterion and to give the assessor examples of how the criterion might be met. They are not be considered as requirements. i. GHG emissions reductions activities can include, for example, increasing the use of renewable energy; increasing energy efficiency; increasing/stock soil carbon content; promoting activities such as forest restoration on working land. | I8: A requirement is either mandatory, basic, or advanced. See definitions in ''Guidance document''. Mandatory | J8: Some criteria are only applicable to some feedstocks. This column determines if the criterion is only applicable to a certain feedstock or all. Agrarian and forestry residues;Crop;Forest;Waste and residues | K8: Some criteria are only applicable to some phases of the value chain. This column determines if the criterion is only applicable to a certain phase of the value chain or all. Biomass producer;Industrial processor;Final product manufacturer | L8: This is a column where the assessor should fill in. The assessor provides references to the standard documents used in making the assessment and providing the justification. | M8: Shows what percetage of the criterion's requirements have been met, based on what has been inputted in column "Requirement fulfilled Yes/No". | N8: Shows what percentage of the points of the principle in question the scheme has received. | O8: Shows how many points the scheme has received for a certain principle, calibrated based on the principle neutrality principle. | P8: Shows how many calibrated points are available for the principle in question.
A11: Where to start?
B12: 1. Open the "Pre-assessment" tab.
B13: 2. Fill in the name of the scheme being assessed.
B14: 3. Choose the feedstock applicable to the scheme. If all four feedstock listed in the drop-down menu are applicable, select one for each empty cell with a drop-down menu (if not already selected). If not all are applicable, only select the applicable ones and change the non-applicable feedstock cells to blank cells (available in drop-down menu).
B15: 4. Choose the value chain phases applicable to the scheme. If all three value chain phases listed in the drop-down menu are applicable, select one for each empty cell with a drop-down menu (if not already selected). If not all are applicable, only select the applicable ones and change the non-applicable value chain phases cells to blank cells (available in drop-down menu).
B16: 5. Choose whether all the principles are relevant to your scheme. The assumption should be that all principles are relevant, unless explicitly justified by the scheme. When first starting an assessment, it is recommended to keep all of these as "Yes", unless a scheme, in later phases on the process, justifies non-applicability of a principle. When this happens, you can check "No", and the results will automatically be modified.
B17: 6. Start with the "Minimum backstop" tab. After that, you can continue with any of the following tabs: Environment, Circularity, Social, or Economic. Go requirement by requirement, selecting "Yes" or "No" from the drop-down menu for each requirement.
B18: 7.As an assessor, you only need the following columns to conduct your analysis: Principle, Code, Criterion, Requirements, Requirements fulfilled, Examples and context. Other columns are informative when assessing the results.
B19: 8.The "Results" tab will update automatically as you go along.

Sheet Pre-assessment
A1: BIOBASEDCERT Monitoring Tool (BMT)
A2: Content Level
A3: Pre-assessment
B5: Name of scheme
B8: Applicable feedstock 1 | D8: Applicable feedstock 2 | F8: Applicable feedstock 3 | H8: Applicable feedstock 4
B9: Crop | D9: Forest | F9: Agrarian and forestry residues | H9: Waste and residues
B11: Applicable value chain actor 1 | D11: Applicable value chain actor 2 | F11: Applicable value chain actor 3
B12: Biomass producer | D12: Industrial processor | F12: Final product manufacturer
B14: Applicable principles (Yes/No)
B15: Environmental management | C15: Yes
B16: Climate change management | C16: Yes
B17: Sustainable Land Use Management | C17: Yes
B18: Protection of Biodiversity | C18: Yes
B19: Chemical Use Management | C19: Yes
B20: Soil management | C20: Yes
B21: Air quality | C21: Yes
B22: Water Quality and Conservation | C22: Yes
B23: Energy Use & Efficiency | C23: Yes
B24: Circular resource use | C24: Yes
B25: Circular design & material cycling | C25: Yes
B26: Responsible waste management | C26: Yes
... B33: Risk management | C33: Yes

Sheet Min. backstop
A1: BIOBASEDCERT Monitoring Tool (BMT)
A2: Content Level
A3: Overall minimum backstop
B6: Principle | C6: Code | D6: Criteria | E6: Requirements | F6: Requirement fulfilled Yes/No | G6: Justification for score | H6: Examples and context | I6: Applicable feedstock(s) | J6: Applicable value chain phase(s) | K6: Source reference | L6: Requirement score received | M6: Total points available for indicator | N6: Total points per indicator received | O6: % of requirements fulfilled
B8: Compliance | C8: COMPL-1 | D8: The scheme requires adherence to all applicable regional, national and international laws, regulations and agreements. | E8: i. The scheme requires implementing and maintaining a system to ensure compliance with all relevant international, national, and regional laws and regulations. | I8: Agrarian and forestry residues;Crop;Forest;Waste and residues | J8: Biomass producer;Industrial processor;Final product manufacturer | L8: {=IFERROR(VALUE(_xlfn.IFS(F8="Yes","1",F8="No","0")),"N/A")} -> N/A | M8: 1 | N8: =IFERROR(IF(COUNTIF(L8:L8,"N/A")=COUNTA(L8:L8),"N/A",SUMIF(L8:L8,"<>N/A")),"N/A") -> N/A | O8: {=IFERROR(_xlfn.IFS(N8=0,"0",N8>0,N8/M8),"N/A")} -> N/A

Sheet Environment
A1: BIOBASEDCERT Monitoring Tool (BMT)
A2: Content Level
A3: Environment
B5: Principle | C5: Code | D5: Criterion | E5: Requirements | F5: Requirement fulfilled Yes/No | G5: Justification | H5: Examples and context | I5: Requirement level | J5: Applicable feedstock(s) | K5: Applicable value chain phase(s) | L5: Source reference | M5: Requirement score received | N5: Total points available per requirement | O5: Total points available per requirement 2 | P5: FEEDSTOCKmatch | Q5: FEEDSTOCKmatch | R5: FEEDSTOCKmatch | S5: FEEDSTOCKmatch | T5: ACTORmatch | U5: ACTORmatch | V5: ACTORmatch | W5: APPLICABILITY | X5: Principle [HELPER COLUMN]
B7: Environmental management | C7: EN-EM-1 | D7: The scheme a requires an environmental management plan for relevant environmental topics. | E7: i. A written environmental management plan is in place that contains measures for biodiversity, soil, water, and air pollution and/or other relevant environmental topics. | I7: Mandatory | J7: Agrarian and forestry residues;Crop;Forest;Waste and residues | K7: Biomass producer;Industrial processor;Final product manufacturer | M7: {=IFERROR(VALUE(_xlfn.IFS(F7="Yes","1",F7="No","0")),"N/A")} -> N/A | N7: 1 | O7: =IF(W7=TRUE,N7,"N/A") -> 1 | P7: =ISNUMBER(MATCH(TRIM('Pre-assessment'!B$9),_xlfn.TEXTSPLIT(TRIM(J7), ";"), 0)) -> TRUE | Q7: =ISNUMBER(MATCH(TRIM('Pre-assessment'!D$9),_xlfn.TEXTSPLIT(TRIM(J7), ";"), 0)) -> TRUE | R7: =ISNUMBER(MATCH(TRIM('Pre-assessment'!F$9),_xlfn.TEXTSPLIT(TRIM(J7), ";"), 0)) -> TRUE | S7: =ISNUMBER(MATCH(TRIM('Pre-assessment'!H$9),_xlfn.TEXTSPLIT(TRIM(J7), ";"), 0)) -> TRUE | T7: =ISNUMBER(MATCH(TRIM('Pre-assessment'!B$12),_xlfn.TEXTSPLIT(TRIM(K7), ";"), 0)) -> TRUE | U7: =ISNUMBER(MATCH(TRIM('Pre-assessment'!D$12),_xlfn.TEXTSPLIT(TRIM(K7), ";"), 0)) -> TRUE | V7: =ISNUMBER(MATCH(TRIM('Pre-assessment'!F$12),_xlfn.TEXTSPLIT(TRIM(K7), ";"), 0)) -> TRUE | W7: =AND(OR(P7:S7),OR(T7:V7)) -> TRUE | X7: =IF(M7="N/A","N/A","Environmental management") -> N/A
E8: ii. The environmental management plan contains targets for biodiversity, soil, water, and air pollution improvements and/or for other relevant environmental topics. | I8: Basic | J8: Agrarian and forestry residues;Crop;Forest;Waste and residues | K8: Biomass producer;Industrial processor;Final product manufacturer | M8: {=IFERROR(VALUE(_xlfn.IFS(F8="Yes","1",F8="No","0")),"N/A")} -> N/A | N8: 1 | O8: =IF(W8=TRUE,N8,"N/A") -> 1 | P8: =ISNUMBER(MATCH(TRIM('Pre-assessment'!B$9),_xlfn.TEXTSPLIT(TRIM(J8), ";"), 0)) -> TRUE | Q8: =ISNUMBER(MATCH(TRIM('Pre-assessment'!D$9),_xlfn.TEXTSPLIT(TRIM(J8), ";"), 0)) -> TRUE | R8: =ISNUMBER(MATCH(TRIM('Pre-assessment'!F$9),_xlfn.TEXTSPLIT(TRIM(J8), ";"), 0)) -> TRUE | S8: =ISNUMBER(MATCH(TRIM('Pre-assessment'!H$9),_xlfn.TEXTSPLIT(TRIM(J8), ";"), 0)) -> TRUE | T8: =ISNUMBER(MATCH(TRIM('Pre-assessment'!B$12),_xlfn.TEXTSPLIT(TRIM(K8), ";"), 0)) -> TRUE | U8: =ISNUMBER(MATCH(TRIM('Pre-assessment'!D$12),_xlfn.TEXTSPLIT(TRIM(K8), ";"), 0)) -> TRUE | V8: =ISNUMBER(MATCH(TRIM('Pre-assessment'!F$12),_xlfn.TEXTSPLIT(TRIM(K8), ";"), 0)) -> TRUE | W8: =AND(OR(P8:S8),OR(T8:V8)) -> TRUE | X8: =IF(M8="N/A","N/A","Environmental management") -> N/A
E9: iii. The environmental management plan is updated and progress is monitored regularly. | I9: Basic | J9: Agrarian and forestry residues;Crop;Forest;Waste and residues | K9: Biomass producer;Industrial processor;Final product manufacturer | M9: {=IFERROR(VALUE(_xlfn.IFS(F9="Yes","1",F9="No","0")),"N/A")} -> N/A | N9: 1 | O9: =IF(W9=TRUE,N9,"N/A") -> 1 | P9: =ISNUMBER(MATCH(TRIM('Pre-assessment'!B$9),_xlfn.TEXTSPLIT(TRIM(J9), ";"), 0)) -> TRUE | Q9: =ISNUMBER(MATCH(TRIM('Pre-assessment'!D$9),_xlfn.TEXTSPLIT(TRIM(J9), ";"), 0)) -> TRUE | R9: =ISNUMBER(MATCH(TRIM('Pre-assessment'!F$9),_xlfn.TEXTSPLIT(TRIM(J9), ";"), 0)) -> TRUE | S9: =ISNUMBER(MATCH(TRIM('Pre-assessment'!H$9),_xlfn.TEXTSPLIT(TRIM(J9), ";"), 0)) -> TRUE | T9: =ISNUMBER(MATCH(TRIM('Pre-assessment'!B$12),_xlfn.TEXTSPLIT(TRIM(K9), ";"), 0)) -> TRUE | U9: =ISNUMBER(MATCH(TRIM('Pre-assessment'!D$12),_xlfn.TEXTSPLIT(TRIM(K9), ";"), 0)) -> TRUE | V9: =ISNUMBER(MATCH(TRIM('Pre-assessment'!F$12),_xlfn.TEXTSPLIT(TRIM(K9), ";"), 0)) -> TRUE | W9: =AND(OR(P9:S9),OR(T9:V9)) -> TRUE | X9: =IF(M9="N/A","N/A","Environmental management") -> N/A
B10: Climate change management | C10: EN-CC-1 | D10: The scheme requires activities that reduce GHG emissions. | E10: i. Adoption of GHG emissions reduction activities is demonstrated. | H10: i. GHG emissions reductions activities can include, for example, increasing the use of renewable energy; increasing energy efficiency; increasing/stock soil carbon content; promoting activities such as forest restoration on working land. | I10: Mandatory | J10: Agrarian and forestry residues;Crop;Forest;Waste and residues | K10: Biomass producer;Industrial processor;Final product manufacturer | M10: {=IFERROR(VALUE(_xlfn.IFS(F10="Yes","1",F10="No","0")),"N/A")} -> N/A | N10: 1 | O10: =IF(W10=TRUE,N10,"N/A") -> 1 | P10: =ISNUMBER(MATCH(TRIM('Pre-assessment'!B$9),_xlfn.TEXTSPLIT(TRIM(J10), ";"), 0)) -> TRUE | Q10: =ISNUMBER(MATCH(TRIM('Pre-assessment'!D$9),_xlfn.TEXTSPLIT(TRIM(J10), ";"), 0)) -> TRUE | R10: =ISNUMBER(MATCH(TRIM('Pre-assessment'!F$9),_xlfn.TEXTSPLIT(TRIM(J10), ";"), 0)) -> TRUE | S10: =ISNUMBER(MATCH(TRIM('Pre-assessment'!H$9),_xlfn.TEXTSPLIT(TRIM(J10), ";"), 0)) -> TRUE | T10: =ISNUMBER(MATCH(TRIM('Pre-assessment'!B$12),_xlfn.TEXTSPLIT(TRIM(K10), ";"), 0)) -> TRUE | U10: =ISNUMBER(MATCH(TRIM('Pre-assessment'!D$12),_xlfn.TEXTSPLIT(TRIM(K10), ";"), 0)) -> TRUE | V10: =ISNUMBER(MATCH(TRIM('Pre-assessment'!F$12),_xlfn.TEXTSPLIT(TRIM(K10), ";"), 0)) -> TRUE | W10: =AND(OR(P10:S10),OR(T10:V10)) -> TRUE | X10: =IF(M10="N/A","N/A","Climate change management") -> N/A
B11: Climate change management | C11: EN-CC-2 | D11: The scheme requires quantification and disclosure of the certified product's lifecycle greenhouse gas emissions (GHG). | E11: i. The certified product's lifecycle GHG emissions are reported. | H11: i. Examples of existing standards and legislation include the EU Product Environmental Footprint. ii. See glossary for definitions of "lifecycle greenhouse gas emissions", "emission factor", "EU Product Environmental Footprint" | I11: Basic | J11: Agrarian and forestry residues;Crop;Forest;Waste and residues | K11: Biomass producer;Industrial processor;Final product manufacturer | M11: {=IFERROR(VALUE(_xlfn.IFS(F11="Yes","1",F11="No","0")),"N/A")} -> N/A | N11: 1 | O11: =IF(W11=TRUE,N11,"N/A") -> 1 | P11: =ISNUMBER(MATCH(TRIM('Pre-assessment'!B$9),_xlfn.TEXTSPLIT(TRIM(J11), ";"), 0)) -> TRUE | Q11: =ISNUMBER(MATCH(TRIM('Pre-assessment'!D$9),_xlfn.TEXTSPLIT(TRIM(J11), ";"), 0)) -> TRUE | R11: =ISNUMBER(MATCH(TRIM('Pre-assessment'!F$9),_xlfn.TEXTSPLIT(TRIM(J11), ";"), 0)) -> TRUE | S11: =ISNUMBER(MATCH(TRIM('Pre-assessment'!H$9),_xlfn.TEXTSPLIT(TRIM(J11), ";"), 0)) -> TRUE | T11: =ISNUMBER(MATCH(TRIM('Pre-assessment'!B$12),_xlfn.TEXTSPLIT(TRIM(K11), ";"), 0)) -> TRUE | U11: =ISNUMBER(MATCH(TRIM('Pre-assessment'!D$12),_xlfn.TEXTSPLIT(TRIM(K11), ";"), 0)) -> TRUE | V11: =ISNUMBER(MATCH(TRIM('Pre-assessment'!F$12),_xlfn.TEXTSPLIT(TRIM(K11), ";"), 0)) -> TRUE | W11: =AND(OR(P11:S11),OR(T11:V11)) -> TRUE | X11: =IF(M11="N/A","N/A","Climate change management") -> N/A
E12: ii. The methodology(ies) required by the scheme aligns with existing standards and/or legislation. | I12: Basic | J12: Agrarian and forestry residues;Crop;Forest;Waste and residues | K12: Biomass producer;Industrial processor;Final product manufacturer | M12: {=IFERROR(VALUE(_xlfn.IFS(F12="Yes","1",F12="No","0")),"N/A")} -> N/A | N12: 1 | O12: =IF(W12=TRUE,N12,"N/A") -> 1 | P12: =ISNUMBER(MATCH(TRIM('Pre-assessment'!B$9),_xlfn.TEXTSPLIT(TRIM(J12), ";"), 0)) -> TRUE | Q12: =ISNUMBER(MATCH(TRIM('Pre-assessment'!D$9),_xlfn.TEXTSPLIT(TRIM(J12), ";"), 0)) -> TRUE | R12: =ISNUMBER(MATCH(TRIM('Pre-assessment'!F$9),_xlfn.TEXTSPLIT(TRIM(J12), ";"), 0)) -> TRUE | S12: =ISNUMBER(MATCH(TRIM('Pre-assessment'!H$9),_xlfn.TEXTSPLIT(TRIM(J12), ";"), 0)) -> TRUE | T12: =ISNUMBER(MATCH(TRIM('Pre-assessment'!B$12),_xlfn.TEXTSPLIT(TRIM(K12), ";"), 0)) -> TRUE | U12: =ISNUMBER(MATCH(TRIM('Pre-assessment'!D$12),_xlfn.TEXTSPLIT(TRIM(K12), ";"), 0)) -> TRUE | V12: =ISNUMBER(MATCH(TRIM('Pre-assessment'!F$12),_xlfn.TEXTSPLIT(TRIM(K12), ";"), 0)) -> TRUE | W12: =AND(OR(P12:S12),OR(T12:V12)) -> TRUE | X12: =IF(M12="N/A","N/A","Climate change management") -> N/A
E13: iii. The methodologies and emission factors used to calculate GHG emissions are disclosed. | I13: Basic | J13: Agrarian and forestry residues;Crop;Forest;Waste and residues | K13: Biomass producer;Industrial processor;Final product manufacturer | M13: {=IFERROR(VALUE(_xlfn.IFS(F13="Yes","1",F13="No","0")),"N/A")} -> N/A | N13: 1 | O13: =IF(W13=TRUE,N13,"N/A") -> 1 | P13: =ISNUMBER(MATCH(TRIM('Pre-assessment'!B$9),_xlfn.TEXTSPLIT(TRIM(J13), ";"), 0)) -> TRUE | Q13: =ISNUMBER(MATCH(TRIM('Pre-assessment'!D$9),_xlfn.TEXTSPLIT(TRIM(J13), ";"), 0)) -> TRUE | R13: =ISNUMBER(MATCH(TRIM('Pre-assessment'!F$9),_xlfn.TEXTSPLIT(TRIM(J13), ";"), 0)) -> TRUE | S13: =ISNUMBER(MATCH(TRIM('Pre-assessment'!H$9),_xlfn.TEXTSPLIT(TRIM(J13), ";"), 0)) -> TRUE | T13: =ISNUMBER(MATCH(TRIM('Pre-assessment'!B$12),_xlfn.TEXTSPLIT(TRIM(K13), ";"), 0)) -> TRUE | U13: =ISNUMBER(MATCH(TRIM('Pre-assessment'!D$12),_xlfn.TEXTSPLIT(TRIM(K13), ";"), 0)) -> TRUE | V13: =ISNUMBER(MATCH(TRIM('Pre-assessment'!F$12),_xlfn.TEXTSPLIT(TRIM(K13), ";"), 0)) -> TRUE | W13: =AND(OR(P13:S13),OR(T13:V13)) -> TRUE | X13: =IF(M13="N/A","N/A","Climate change management") -> N/A
B14: Climate change management | C14: EN-CC-3 | D14: The scheme requires quantification and disclosure of the operator's total GHG emissions. | E14: i. Scope 1, 2 and 3 GHG emissions are reported. | H14: i. Examples of existing standard and legislation include the GHG Protocol, ESRS E1-6 ii. See glossary for definitions of "emission factor", "scope 1", "scope 2" and "scope 3" | I14: Advanced | J14: Agrarian and forestry residues;Crop;Forest;Waste and residues | K14: Final product manufacturer | M14: {=IFERROR(VALUE(_xlfn.IFS(F14="Yes","1",F14="No","0")),"N/A")} -> N/A | N14: 1 | O14: =IF(W14=TRUE,N14,"N/A") -> 1 | P14: =ISNUMBER(MATCH(TRIM('Pre-assessment'!B$9),_xlfn.TEXTSPLIT(TRIM(J14), ";"), 0)) -> TRUE | Q14: =ISNUMBER(MATCH(TRIM('Pre-assessment'!D$9),_xlfn.TEXTSPLIT(TRIM(J14), ";"), 0)) -> TRUE | R14: =ISNUMBER(MATCH(TRIM('Pre-assessment'!F$9),_xlfn.TEXTSPLIT(TRIM(J14), ";"), 0)) -> TRUE | S14: =ISNUMBER(MATCH(TRIM('Pre-assessment'!H$9),_xlfn.TEXTSPLIT(TRIM(J14), ";"), 0)) -> TRUE | T14: =ISNUMBER(MATCH(TRIM('Pre-assessment'!B$12),_xlfn.TEXTSPLIT(TRIM(K14), ";"), 0)) -> FALSE | U14: =ISNUMBER(MATCH(TRIM('Pre-assessment'!D$12),_xlfn.TEXTSPLIT(TRIM(K14), ";"), 0)) -> FALSE | V14: =ISNUMBER(MATCH(TRIM('Pre-assessment'!F$12),_xlfn.TEXTSPLIT(TRIM(K14), ";"), 0)) -> TRUE | W14: =AND(OR(P14:S14),OR(T14:V14)) -> TRUE | X14: =IF(M14="N/A","N/A","Climate change management") -> N/A
E15: ii. The methodology(ies) required by the scheme aligns with existing standards and/or legislation. | I15: Advanced | J15: Agrarian and forestry residues;Crop;Forest;Waste and residues | K15: Final product manufacturer | M15: {=IFERROR(VALUE(_xlfn.IFS(F15="Yes","1",F15="No","0")),"N/A")} -> N/A | N15: 1 | O15: =IF(W15=TRUE,N15,"N/A") -> 1 | P15: =ISNUMBER(MATCH(TRIM('Pre-assessment'!B$9),_xlfn.TEXTSPLIT(TRIM(J15), ";"), 0)) -> TRUE | Q15: =ISNUMBER(MATCH(TRIM('Pre-assessment'!D$9),_xlfn.TEXTSPLIT(TRIM(J15), ";"), 0)) -> TRUE | R15: =ISNUMBER(MATCH(TRIM('Pre-assessment'!F$9),_xlfn.TEXTSPLIT(TRIM(J15), ";"), 0)) -> TRUE | S15: =ISNUMBER(MATCH(TRIM('Pre-assessment'!H$9),_xlfn.TEXTSPLIT(TRIM(J15), ";"), 0)) -> TRUE | T15: =ISNUMBER(MATCH(TRIM('Pre-assessment'!B$12),_xlfn.TEXTSPLIT(TRIM(K15), ";"), 0)) -> FALSE | U15: =ISNUMBER(MATCH(TRIM('Pre-assessment'!D$12),_xlfn.TEXTSPLIT(TRIM(K15), ";"), 0)) -> FALSE | V15: =ISNUMBER(MATCH(TRIM('Pre-assessment'!F$12),_xlfn.TEXTSPLIT(TRIM(K15), ";"), 0)) -> TRUE | W15: =AND(OR(P15:S15),OR(T15:V15)) -> TRUE | X15: =IF(M15="N/A","N/A","Climate change management") -> N/A
E16: iii. The methodologies and emission factors used to calculate GHG emissions are disclosed. | I16: Advanced | J16: Agrarian and forestry residues;Crop;Forest;Waste and residues | K16: Final product manufacturer | M16: {=IFERROR(VALUE(_xlfn.IFS(F16="Yes","1",F16="No","0")),"N/A")} -> N/A | N16: 1 | O16: =IF(W16=TRUE,N16,"N/A") -> 1 | P16: =ISNUMBER(MATCH(TRIM('Pre-assessment'!B$9),_xlfn.TEXTSPLIT(TRIM(J16), ";"), 0)) -> TRUE | Q16: =ISNUMBER(MATCH(TRIM('Pre-assessment'!D$9),_xlfn.TEXTSPLIT(TRIM(J16), ";"), 0)) -> TRUE | R16: =ISNUMBER(MATCH(TRIM('Pre-assessment'!F$9),_xlfn.TEXTSPLIT(TRIM(J16), ";"), 0)) -> TRUE | S16: =ISNUMBER(MATCH(TRIM('Pre-assessment'!H$9),_xlfn.TEXTSPLIT(TRIM(J16), ";"), 0)) -> TRUE | T16: =ISNUMBER(MATCH(TRIM('Pre-assessment'!B$12),_xlfn.TEXTSPLIT(TRIM(K16), ";"), 0)) -> FALSE | U16: =ISNUMBER(MATCH(TRIM('Pre-assessment'!D$12),_xlfn.TEXTSPLIT(TRIM(K16), ";"), 0)) -> FALSE | V16: =ISNUMBER(MATCH(TRIM('Pre-assessment'!F$12),_xlfn.TEXTSPLIT(TRIM(K16), ";"), 0)) -> TRUE | W16: =AND(OR(P16:S16),OR(T16:V16)) -> TRUE | X16: =IF(M16="N/A","N/A","Climate change management") -> N/A
B17: Climate change management | C17: EN-CC-4 | D17: The scheme requires a roadmap for reduction of the certified products' lifecycle GHG emissions. | E17: i. A roadmap for lifecycle GHG emission reductions for a product is created with the end goal of achieving carbon neutrality by 2050 the latest. | H17: i. An example of interim targets include setting targets, for example, -10% by 2030, -50% by 2040, and -100% by 2050. ii.See glossary for definitions of "lifecycle greenhouse gas emissions", "carbon neutrality"´. | I17: Advanced | J17: Agrarian and forestry residues;Crop;Forest;Waste and residues | K17: Biomass producer;Industrial processor;Final product manufacturer | M17: {=IFERROR(VALUE(_xlfn.IFS(F17="Yes","1",F17="No","0")),"N/A")} -> N/A | N17: 1 | O17: =IF(W17=TRUE,N17,"N/A") -> 1 | P17: =ISNUMBER(MATCH(TRIM('Pre-assessment'!B$9),_xlfn.TEXTSPLIT(TRIM(J17), ";"), 0)) -> TRUE | Q17: =ISNUMBER(MATCH(TRIM('Pre-assessment'!D$9),_xlfn.TEXTSPLIT(TRIM(J17), ";"), 0)) -> TRUE | R17: =ISNUMBER(MATCH(TRIM('Pre-assessment'!F$9),_xlfn.TEXTSPLIT(TRIM(J17), ";"), 0)) -> TRUE | S17: =ISNUMBER(MATCH(TRIM('Pre-assessment'!H$9),_xlfn.TEXTSPLIT(TRIM(J17), ";"), 0)) -> TRUE | T17: =ISNUMBER(MATCH(TRIM('Pre-assessment'!B$12),_xlfn.TEXTSPLIT(TRIM(K17), ";"), 0)) -> TRUE | U17: =ISNUMBER(MATCH(TRIM('Pre-assessment'!D$12),_xlfn.TEXTSPLIT(TRIM(K17), ";"), 0)) -> TRUE | V17: =ISNUMBER(MATCH(TRIM('Pre-assessment'!F$12),_xlfn.TEXTSPLIT(TRIM(K17), ";"), 0)) -> TRUE | W17: =AND(OR(P17:S17),OR(T17:V17)) -> TRUE | X17: =IF(M17="N/A","N/A","Climate change management") -> N/A
E18: ii. Interim targets for at least every 10 years are set. | I18: Advanced | J18: Agrarian and forestry residues;Crop;Forest;Waste and residues | K18: Biomass producer;Industrial processor;Final product manufacturer | M18: {=IFERROR(VALUE(_xlfn.IFS(F18="Yes","1",F18="No","0")),"N/A")} -> N/A | N18: 1 | O18: =IF(W18=TRUE,N18,"N/A") -> 1 | P18: =ISNUMBER(MATCH(TRIM('Pre-assessment'!B$9),_xlfn.TEXTSPLIT(TRIM(J18), ";"), 0)) -> TRUE | Q18: =ISNUMBER(MATCH(TRIM('Pre-assessment'!D$9),_xlfn.TEXTSPLIT(TRIM(J18), ";"), 0)) -> TRUE | R18: =ISNUMBER(MATCH(TRIM('Pre-assessment'!F$9),_xlfn.TEXTSPLIT(TRIM(J18), ";"), 0)) -> TRUE | S18: =ISNUMBER(MATCH(TRIM('Pre-assessment'!H$9),_xlfn.TEXTSPLIT(TRIM(J18), ";"), 0)) -> TRUE | T18: =ISNUMBER(MATCH(TRIM('Pre-assessment'!B$12),_xlfn.TEXTSPLIT(TRIM(K18), ";"), 0)) -> TRUE | U18: =ISNUMBER(MATCH(TRIM('Pre-assessment'!D$12),_xlfn.TEXTSPLIT(TRIM(K18), ";"), 0)) -> TRUE | V18: =ISNUMBER(MATCH(TRIM('Pre-assessment'!F$12),_xlfn.TEXTSPLIT(TRIM(K18), ";"), 0)) -> TRUE | W18: =AND(OR(P18:S18),OR(T18:V18)) -> TRUE | X18: =IF(M18="N/A","N/A","Climate change management") -> N/A
E19: iii. The interim targets are updated at least every 5 years. | I19: Advanced | J19: Agrarian and forestry residues;Crop;Forest;Waste and residues | K19: Biomass producer;Industrial processor;Final product manufacturer | M19: {=IFERROR(VALUE(_xlfn.IFS(F19="Yes","1",F19="No","0")),"N/A")} -> N/A | N19: 1 | O19: =IF(W19=TRUE,N19,"N/A") -> 1 | P19: =ISNUMBER(MATCH(TRIM('Pre-assessment'!B$9),_xlfn.TEXTSPLIT(TRIM(J19), ";"), 0)) -> TRUE | Q19: =ISNUMBER(MATCH(TRIM('Pre-assessment'!D$9),_xlfn.TEXTSPLIT(TRIM(J19), ";"), 0)) -> TRUE | R19: =ISNUMBER(MATCH(TRIM('Pre-assessment'!F$9),_xlfn.TEXTSPLIT(TRIM(J19), ";"), 0)) -> TRUE | S19: =ISNUMBER(MATCH(TRIM('Pre-assessment'!H$9),_xlfn.TEXTSPLIT(TRIM(J19), ";"), 0)) -> TRUE | T19: =ISNUMBER(MATCH(TRIM('Pre-assessment'!B$12),_xlfn.TEXTSPLIT(TRIM(K19), ";"), 0)) -> TRUE | U19: =ISNUMBER(MATCH(TRIM('Pre-assessment'!D$12),_xlfn.TEXTSPLIT(TRIM(K19), ";"), 0)) -> TRUE | V19: =ISNUMBER(MATCH(TRIM('Pre-assessment'!F$12),_xlfn.TEXTSPLIT(TRIM(K19), ";"), 0)) -> TRUE | W19: =AND(OR(P19:S19),OR(T19:V19)) -> TRUE | X19: =IF(M19="N/A","N/A","Climate change management") -> N/A
B20: Climate change management | C20: EN-CC-5 | D20: The scheme requires a roadmap for reduction of the total GHG emissions of the operator. | E20: i. A roadmap for total GHG emission reduction is set with the end goal of achieving carbon neutrality at latest by 2050. | H20: i. See glossary for definition of "carbon neutrality", "scope 1", "scope 2" and "scope 3" | I20: Advanced | J20: Agrarian and forestry residues;Crop;Forest;Waste and residues | K20: Final product manufacturer | M20: {=IFERROR(VALUE(_xlfn.IFS(F20="Yes","1",F20="No","0")),"N/A")} -> N/A | N20: 1 | O20: =IF(W20=TRUE,N20,"N/A") -> 1 | P20: =ISNUMBER(MATCH(TRIM('Pre-assessment'!B$9),_xlfn.TEXTSPLIT(TRIM(J20), ";"), 0)) -> TRUE | Q20: =ISNUMBER(MATCH(TRIM('Pre-assessment'!D$9),_xlfn.TEXTSPLIT(TRIM(J20), ";"), 0)) -> TRUE | R20: =ISNUMBER(MATCH(TRIM('Pre-assessment'!F$9),_xlfn.TEXTSPLIT(TRIM(J20), ";"), 0)) -> TRUE | S20: =ISNUMBER(MATCH(TRIM('Pre-assessment'!H$9),_xlfn.TEXTSPLIT(TRIM(J20), ";"), 0)) -> TRUE | T20: =ISNUMBER(MATCH(TRIM('Pre-assessment'!B$12),_xlfn.TEXTSPLIT(TRIM(K20), ";"), 0)) -> FALSE | U20: =ISNUMBER(MATCH(TRIM('Pre-assessment'!D$12),_xlfn.TEXTSPLIT(TRIM(K20), ";"), 0)) -> FALSE | V20: =ISNUMBER(MATCH(TRIM('Pre-assessment'!F$12),_xlfn.TEXTSPLIT(TRIM(K20), ";"), 0)) -> TRUE | W20: =AND(OR(P20:S20),OR(T20:V20)) -> TRUE | X20: =IF(M20="N/A","N/A","Climate change management") -> N/A
E21: ii. Targets are set separately for scopes 1, 2 and 3. | I21: Advanced | J21: Agrarian and forestry residues;Crop;Forest;Waste and residues | K21: Final product manufacturer | M21: {=IFERROR(VALUE(_xlfn.IFS(F21="Yes","1",F21="No","0")),"N/A")} -> N/A | N21: 1 | O21: =IF(W21=TRUE,N21,"N/A") -> 1 | P21: =ISNUMBER(MATCH(TRIM('Pre-assessment'!B$9),_xlfn.TEXTSPLIT(TRIM(J21), ";"), 0)) -> TRUE | Q21: =ISNUMBER(MATCH(TRIM('Pre-assessment'!D$9),_xlfn.TEXTSPLIT(TRIM(J21), ";"), 0)) -> TRUE | R21: =ISNUMBER(MATCH(TRIM('Pre-assessment'!F$9),_xlfn.TEXTSPLIT(TRIM(J21), ";"), 0)) -> TRUE | S21: =ISNUMBER(MATCH(TRIM('Pre-assessment'!H$9),_xlfn.TEXTSPLIT(TRIM(J21), ";"), 0)) -> TRUE | T21: =ISNUMBER(MATCH(TRIM('Pre-assessment'!B$12),_xlfn.TEXTSPLIT(TRIM(K21), ";"), 0)) -> FALSE | U21: =ISNUMBER(MATCH(TRIM('Pre-assessment'!D$12),_xlfn.TEXTSPLIT(TRIM(K21), ";"), 0)) -> FALSE | V21: =ISNUMBER(MATCH(TRIM('Pre-assessment'!F$12),_xlfn.TEXTSPLIT(TRIM(K21), ";"), 0)) -> TRUE | W21: =AND(OR(P21:S21),OR(T21:V21)) -> TRUE | X21: =IF(M21="N/A","N/A","Climate change management") -> N/A
E22: iii. Interim targets for at least every 10 years are set. | I22: Advanced | J22: Agrarian and forestry residues;Crop;Forest;Waste and residues | K22: Final product manufacturer | M22: {=IFERROR(VALUE(_xlfn.IFS(F22="Yes","1",F22="No","0")),"N/A")} -> N/A | N22: 1 | O22: =IF(W22=TRUE,N22,"N/A") -> 1 | P22: =ISNUMBER(MATCH(TRIM('Pre-assessment'!B$9),_xlfn.TEXTSPLIT(TRIM(J22), ";"), 0)) -> TRUE | Q22: =ISNUMBER(MATCH(TRIM('Pre-assessment'!D$9),_xlfn.TEXTSPLIT(TRIM(J22), ";"), 0)) -> TRUE | R22: =ISNUMBER(MATCH(TRIM('Pre-assessment'!F$9),_xlfn.TEXTSPLIT(TRIM(J22), ";"), 0)) -> TRUE | S22: =ISNUMBER(MATCH(TRIM('Pre-assessment'!H$9),_xlfn.TEXTSPLIT(TRIM(J22), ";"), 0)) -> TRUE | T22: =ISNUMBER(MATCH(TRIM('Pre-assessment'!B$12),_xlfn.TEXTSPLIT(TRIM(K22), ";"), 0)) -> FALSE | U22: =ISNUMBER(MATCH(TRIM('Pre-assessment'!D$12),_xlfn.TEXTSPLIT(TRIM(K22), ";"), 0)) -> FALSE | V22: =ISNUMBER(MATCH(TRIM('Pre-assessment'!F$12),_xlfn.TEXTSPLIT(TRIM(K22), ";"), 0)) -> TRUE | W22: =AND(OR(P22:S22),OR(T22:V22)) -> TRUE | X22: =IF(M22="N/A","N/A","Climate change management") -> N/A
E23: iv. The interim targets are updated at least every 5 years. | I23: Advanced | J23: Agrarian and forestry residues;Crop;Forest;Waste and residues | K23: Final product manufacturer | M23: {=IFERROR(VALUE(_xlfn.IFS(F23="Yes","1",F23="No","0")),"N/A")} -> N/A | N23: 1 | O23: =IF(W23=TRUE,N23,"N/A") -> 1 | P23: =ISNUMBER(MATCH(TRIM('Pre-assessment'!B$9),_xlfn.TEXTSPLIT(TRIM(J23), ";"), 0)) -> TRUE | Q23: =ISNUMBER(MATCH(TRIM('Pre-assessment'!D$9),_xlfn.TEXTSPLIT(TRIM(J23), ";"), 0)) -> TRUE | R23: =ISNUMBER(MATCH(TRIM('Pre-assessment'!F$9),_xlfn.TEXTSPLIT(TRIM(J23), ";"), 0)) -> TRUE | S23: =ISNUMBER(MATCH(TRIM('Pre-assessment'!H$9),_xlfn.TEXTSPLIT(TRIM(J23), ";"), 0)) -> TRUE | T23: =ISNUMBER(MATCH(TRIM('Pre-assessment'!B$12),_xlfn.TEXTSPLIT(TRIM(K23), ";"), 0)) -> FALSE | U23: =ISNUMBER(MATCH(TRIM('Pre-assessment'!D$12),_xlfn.TEXTSPLIT(TRIM(K23), ";"), 0)) -> FALSE | V23: =ISNUMBER(MATCH(TRIM('Pre-assessment'!F$12),_xlfn.TEXTSPLIT(TRIM(K23), ";"), 0)) -> TRUE | W23: =AND(OR(P23:S23),OR(T23:V23)) -> TRUE | X23: =IF(M23="N/A","N/A","Climate change management") -> N/A
B24: Sustainable Land Use Management | C24: EN-LUM-1 | D24: The scheme requires that no raw material is obtained from high-carbon stock areas. | E24: i. Biobased products produced from agricultural biomass shall not be made from raw material obtained from land with high-carbon stock, namely land that had one of the following statuses in January 2008 and no longer has that status: (a) wetlands; (b) continuously forested areas; (c) land spanning more than one hectare with trees higher than five metres and a canopy cover of between 10 % and 30 % | H24: i. See glossary for definitions of "High carbon stock areas", "raw material", "wetland", "continuously forested areas", "biomass" | I24: Mandatory | J24: Crop | K24: Biomass producer;Industrial processor;Final product manufacturer | M24: {=IFERROR(VALUE(_xlfn.IFS(F24="Yes","1",F24="No","0")),"N/A")} -> N/A | N24: 1 | O24: =IF(W24=TRUE,N24,"N/A") -> 1 | P24: =ISNUMBER(MATCH(TRIM('Pre-assessment'!B$9),_xlfn.TEXTSPLIT(TRIM(J24), ";"), 0)) -> TRUE | Q24: =ISNUMBER(MATCH(TRIM('Pre-assessment'!D$9),_xlfn.TEXTSPLIT(TRIM(J24), ";"), 0)) -> FALSE | R24: =ISNUMBER(MATCH(TRIM('Pre-assessment'!F$9),_xlfn.TEXTSPLIT(TRIM(J24), ";"), 0)) -> FALSE | S24: =ISNUMBER(MATCH(TRIM('Pre-assessment'!H$9),_xlfn.TEXTSPLIT(TRIM(J24), ";"), 0)) -> FALSE | T24: =ISNUMBER(MATCH(TRIM('Pre-assessment'!B$12),_xlfn.TEXTSPLIT(TRIM(K24), ";"), 0)) -> TRUE | U24: =ISNUMBER(MATCH(TRIM('Pre-assessment'!D$12),_xlfn.TEXTSPLIT(TRIM(K24), ";"), 0)) -> TRUE | V24: =ISNUMBER(MATCH(TRIM('Pre-assessment'!F$12),_xlfn.TEXTSPLIT(TRIM(K24), ";"), 0)) -> TRUE | W24: =AND(OR(P24:S24),OR(T24:V24)) -> TRUE | X24: =IF(M24="N/A","N/A","Sustainable land use management") -> N/A
B25: Sustainable Land Use Management | C25: EN-LUM-2 | D25: The scheme prohibits the degradation and/or drainage of peatlands and cultivation expansion into them. | E25: i. Raw material (here: agricultural biomass) shall not be obtained from land that was peatland in January 2008, unless evidence is provided that the cultivation and harvesting of that raw material does not involve drainage of previously undrained soil. | H25: i. See glossary for definitions of"raw material", "peatland" | I25: Mandatory | J25: Crop | K25: Biomass producer;Industrial processor;Final product manufacturer | M25: {=IFERROR(VALUE(_xlfn.IFS(F25="Yes","1",F25="No","0")),"N/A")} -> N/A | N25: 1 | O25: =IF(W25=TRUE,N25,"N/A") -> 1 | P25: =ISNUMBER(MATCH(TRIM('Pre-assessment'!B$9),_xlfn.TEXTSPLIT(TRIM(J25), ";"), 0)) -> TRUE | Q25: =ISNUMBER(MATCH(TRIM('Pre-assessment'!D$9),_xlfn.TEXTSPLIT(TRIM(J25), ";"), 0)) -> FALSE | R25: =ISNUMBER(MATCH(TRIM('Pre-assessment'!F$9),_xlfn.TEXTSPLIT(TRIM(J25), ";"), 0)) -> FALSE | S25: =ISNUMBER(MATCH(TRIM('Pre-assessment'!H$9),_xlfn.TEXTSPLIT(TRIM(J25), ";"), 0)) -> FALSE | T25: =ISNUMBER(MATCH(TRIM('Pre-assessment'!B$12),_xlfn.TEXTSPLIT(TRIM(K25), ";"), 0)) -> TRUE | U25: =ISNUMBER(MATCH(TRIM('Pre-assessment'!D$12),_xlfn.TEXTSPLIT(TRIM(K25), ";"), 0)) -> TRUE | V25: =ISNUMBER(MATCH(TRIM('Pre-assessment'!F$12),_xlfn.TEXTSPLIT(TRIM(K25), ";"), 0)) -> TRUE | W25: =AND(OR(P25:S25),OR(T25:V25)) -> TRUE | X25: =IF(M25="N/A","N/A","Sustainable land use management") -> N/A
B26: Sustainable Land Use Management | C26: EN-LUM-3 | D26: The scheme requires a monitoring and enforcement system to ensure the sustainability of harvesting operations. | E26: i. The monitoring and enforcement system ensures: (1) the legality of harvesting operations; (2) forest regeneration of harvested areas; (3) that areas designated by international or national law or by the relevant competent authority for nature protection purposes are protected; (4) that harvesting is carried out considering maintenance of soil quality and biodiversity with the aim of minimising negative impacts; and (5) that harvesting maintains or improves the long-term production capacity of the forest | I26: Mandatory | J26: Forest | K26: Biomass producer | M26: {=IFERROR(VALUE(_xlfn.IFS(F26="Yes","1",F26="No","0")),"N/A")} -> N/A | N26: 1 | O26: =IF(W26=TRUE,N26,"N/A") -> 1 | P26: =ISNUMBER(MATCH(TRIM('Pre-assessment'!B$9),_xlfn.TEXTSPLIT(TRIM(J26), ";"), 0)) -> FALSE | Q26: =ISNUMBER(MATCH(TRIM('Pre-assessment'!D$9),_xlfn.TEXTSPLIT(TRIM(J26), ";"), 0)) -> TRUE | R26: =ISNUMBER(MATCH(TRIM('Pre-assessment'!F$9),_xlfn.TEXTSPLIT(TRIM(J26), ";"), 0)) -> FALSE | S26: =ISNUMBER(MATCH(TRIM('Pre-assessment'!H$9),_xlfn.TEXTSPLIT(TRIM(J26), ";"), 0)) -> FALSE | T26: =ISNUMBER(MATCH(TRIM('Pre-assessment'!B$12),_xlfn.TEXTSPLIT(TRIM(K26), ";"), 0)) -> TRUE | U26: =ISNUMBER(MATCH(TRIM('Pre-assessment'!D$12),_xlfn.TEXTSPLIT(TRIM(K26), ";"), 0)) -> FALSE | V26: =ISNUMBER(MATCH(TRIM('Pre-assessment'!F$12),_xlfn.TEXTSPLIT(TRIM(K26), ";"), 0)) -> FALSE | W26: =AND(OR(P26:S26),OR(T26:V26)) -> TRUE | X26: =IF(M26="N/A","N/A","Sustainable land use management") -> N/A
B27: Sustainable Land Use Management | C27: EN-LUM-4 | D27: The scheme requires that procured forest biomass originates from an area with climate plans guided by international agreements. | E27: i. The biobased materials are produced from forest biomass originating in a country or regional economic integration organisation that (a) is a Party to the Paris Agreement; (b) has submitted a nationally determined contribution (NDC) to the United Nations Framework Convention on Climate Change (UNFCCC), covering emissions and removals from agriculture, forestry and land use which ensures that changes in carbon stock associated with biomass harvest are accounted towards the country's commitment to reduce or limit greenhouse gas emissions as specified in the NDC; OR (c) has national or sub-national laws in place, in accordance with Article 5 of the Paris Agreement, applicable in the area of harvest, to conserve and enhance carbon stocks and sinks, and providing evidence that reported LULUCF-sector emissions do not exceed removals. | H27: i. See glossary for definition of "LULUCF", "biomass", "carbon sink, "carbon stock" | I27: Mandatory | J27: Forest | K27: Industrial processor;Final product manufacturer | M27: {=IFERROR(VALUE(_xlfn.IFS(F27="Yes","1",F27="No","0")),"N/A")} -> N/A | N27: 1 | O27: =IF(W27=TRUE,N27,"N/A") -> 1 | P27: =ISNUMBER(MATCH(TRIM('Pre-assessment'!B$9),_xlfn.TEXTSPLIT(TRIM(J27), ";"), 0)) -> FALSE | Q27: =ISNUMBER(MATCH(TRIM('Pre-assessment'!D$9),_xlfn.TEXTSPLIT(TRIM(J27), ";"), 0)) -> TRUE | R27: =ISNUMBER(MATCH(TRIM('Pre-assessment'!F$9),_xlfn.TEXTSPLIT(TRIM(J27), ";"), 0)) -> FALSE | S27: =ISNUMBER(MATCH(TRIM('Pre-assessment'!H$9),_xlfn.TEXTSPLIT(TRIM(J27), ";"), 0)) -> FALSE | T27: =ISNUMBER(MATCH(TRIM('Pre-assessment'!B$12),_xlfn.TEXTSPLIT(TRIM(K27), ";"), 0)) -> FALSE | U27: =ISNUMBER(MATCH(TRIM('Pre-assessment'!D$12),_xlfn.TEXTSPLIT(TRIM(K27), ";"), 0)) -> TRUE | V27: =ISNUMBER(MATCH(TRIM('Pre-assessment'!F$12),_xlfn.TEXTSPLIT(TRIM(K27), ";"), 0)) -> TRUE | W27: =AND(OR(P27:S27),OR(T27:V27)) -> TRUE | X27: =IF(M27="N/A","N/A","Sustainable land use management") -> N/A
B28: Sustainable Land Use Management | C28: EN-LUM-5 | D28: The scheme requires the development, implementation and monitoring of a forest management plan. | E28: i. A written forest management plan, which includes a forest resource assessment, is developed. | H28: i. The forest management plan can include for example the following: participation and consultation of relevant stakeholders; zoning or stratifying the forest area; calculating sustainable yields. | I28: Mandatory | J28: Forest | K28: Biomass producer | M28: {=IFERROR(VALUE(_xlfn.IFS(F28="Yes","1",F28="No","0")),"N/A")} -> N/A | N28: 1 | O28: =IF(W28=TRUE,N28,"N/A") -> 1 | P28: =ISNUMBER(MATCH(TRIM('Pre-assessment'!B$9),_xlfn.TEXTSPLIT(TRIM(J28), ";"), 0)) -> FALSE | Q28: =ISNUMBER(MATCH(TRIM('Pre-assessment'!D$9),_xlfn.TEXTSPLIT(TRIM(J28), ";"), 0)) -> TRUE | R28: =ISNUMBER(MATCH(TRIM('Pre-assessment'!F$9),_xlfn.TEXTSPLIT(TRIM(J28), ";"), 0)) -> FALSE | S28: =ISNUMBER(MATCH(TRIM('Pre-assessment'!H$9),_xlfn.TEXTSPLIT(TRIM(J28), ";"), 0)) -> FALSE | T28: =ISNUMBER(MATCH(TRIM('Pre-assessment'!B$12),_xlfn.TEXTSPLIT(TRIM(K28), ";"), 0)) -> TRUE | U28: =ISNUMBER(MATCH(TRIM('Pre-assessment'!D$12),_xlfn.TEXTSPLIT(TRIM(K28), ";"), 0)) -> FALSE | V28: =ISNUMBER(MATCH(TRIM('Pre-assessment'!F$12),_xlfn.TEXTSPLIT(TRIM(K28), ";"), 0)) -> FALSE | W28: =AND(OR(P28:S28),OR(T28:V28)) -> TRUE | X28: =IF(M28="N/A","N/A","Sustainable land use management") -> N/A
E29: ii. The plan must contain targets for sustainable forest management and a strategy to maintain and improve forest health. | I29: Basic | J29: Forest | K29: Biomass producer | M29: {=IFERROR(VALUE(_xlfn.IFS(F29="Yes","1",F29="No","0")),"N/A")} -> N/A | N29: 1 | O29: =IF(W29=TRUE,N29,"N/A") -> 1 | P29: =ISNUMBER(MATCH(TRIM('Pre-assessment'!B$9),_xlfn.TEXTSPLIT(TRIM(J29), ";"), 0)) -> FALSE | Q29: =ISNUMBER(MATCH(TRIM('Pre-assessment'!D$9),_xlfn.TEXTSPLIT(TRIM(J29), ";"), 0)) -> TRUE | R29: =ISNUMBER(MATCH(TRIM('Pre-assessment'!F$9),_xlfn.TEXTSPLIT(TRIM(J29), ";"), 0)) -> FALSE | S29: =ISNUMBER(MATCH(TRIM('Pre-assessment'!H$9),_xlfn.TEXTSPLIT(TRIM(J29), ";"), 0)) -> FALSE | T29: =ISNUMBER(MATCH(TRIM('Pre-assessment'!B$12),_xlfn.TEXTSPLIT(TRIM(K29), ";"), 0)) -> TRUE | U29: =ISNUMBER(MATCH(TRIM('Pre-assessment'!D$12),_xlfn.TEXTSPLIT(TRIM(K29), ";"), 0)) -> FALSE | V29: =ISNUMBER(MATCH(TRIM('Pre-assessment'!F$12),_xlfn.TEXTSPLIT(TRIM(K29), ";"), 0)) -> FALSE | W29: =AND(OR(P29:S29),OR(T29:V29)) -> TRUE | X29: =IF(M29="N/A","N/A","Sustainable land use management") -> N/A
E30: ii. The plan is updated and progress is monitored regularly | I30: Basic | J30: Forest | K30: Biomass producer | M30: {=IFERROR(VALUE(_xlfn.IFS(F30="Yes","1",F30="No","0")),"N/A")} -> N/A | N30: 1 | O30: =IF(W30=TRUE,N30,"N/A") -> 1 | P30: =ISNUMBER(MATCH(TRIM('Pre-assessment'!B$9),_xlfn.TEXTSPLIT(TRIM(J30), ";"), 0)) -> FALSE | Q30: =ISNUMBER(MATCH(TRIM('Pre-assessment'!D$9),_xlfn.TEXTSPLIT(TRIM(J30), ";"), 0)) -> TRUE | R30: =ISNUMBER(MATCH(TRIM('Pre-assessment'!F$9),_xlfn.TEXTSPLIT(TRIM(J30), ";"), 0)) -> FALSE | S30: =ISNUMBER(MATCH(TRIM('Pre-assessment'!H$9),_xlfn.TEXTSPLIT(TRIM(J30), ";"), 0)) -> FALSE | T30: =ISNUMBER(MATCH(TRIM('Pre-assessment'!B$12),_xlfn.TEXTSPLIT(TRIM(K30), ";"), 0)) -> TRUE | U30: =ISNUMBER(MATCH(TRIM('Pre-assessment'!D$12),_xlfn.TEXTSPLIT(TRIM(K30), ";"), 0)) -> FALSE | V30: =ISNUMBER(MATCH(TRIM('Pre-assessment'!F$12),_xlfn.TEXTSPLIT(TRIM(K30), ";"), 0)) -> FALSE | W30: =AND(OR(P30:S30),OR(T30:V30)) -> TRUE | X30: =IF(M30="N/A","N/A","Sustainable land use management") -> N/A
B31: Sustainable Land Use Management | C31: EN-LUM-6 | D31: The scheme requires that land use management is conducted using a relevant and credible methodology in forested areas. | E31: i. Land use management is conducted using a relevant and credible methodology in forested areas. | H31: i. Examples of recognised methodologies are the High Carbon Stock Approach, Closer to Nature Forest Management, Pro Silva principles ii. See glossary for definitions for "Land use management" | I31: Basic | J31: Forest | K31: Biomass producer | M31: {=IFERROR(VALUE(_xlfn.IFS(F31="Yes","1",F31="No","0")),"N/A")} -> N/A | N31: 1 | O31: =IF(W31=TRUE,N31,"N/A") -> 1 | P31: =ISNUMBER(MATCH(TRIM('Pre-assessment'!B$9),_xlfn.TEXTSPLIT(TRIM(J31), ";"), 0)) -> FALSE | Q31: =ISNUMBER(MATCH(TRIM('Pre-assessment'!D$9),_xlfn.TEXTSPLIT(TRIM(J31), ";"), 0)) -> TRUE | R31: =ISNUMBER(MATCH(TRIM('Pre-assessment'!F$9),_xlfn.TEXTSPLIT(TRIM(J31), ";"), 0)) -> FALSE | S31: =ISNUMBER(MATCH(TRIM('Pre-assessment'!H$9),_xlfn.TEXTSPLIT(TRIM(J31), ";"), 0)) -> FALSE | T31: =ISNUMBER(MATCH(TRIM('Pre-assessment'!B$12),_xlfn.TEXTSPLIT(TRIM(K31), ";"), 0)) -> TRUE | U31: =ISNUMBER(MATCH(TRIM('Pre-assessment'!D$12),_xlfn.TEXTSPLIT(TRIM(K31), ";"), 0)) -> FALSE | V31: =ISNUMBER(MATCH(TRIM('Pre-assessment'!F$12),_xlfn.TEXTSPLIT(TRIM(K31), ";"), 0)) -> FALSE | W31: =AND(OR(P31:S31),OR(T31:V31)) -> TRUE | X31: =IF(M31="N/A","N/A","Sustainable land use management") -> N/A
B32: Sustainable Land Use Management | C32: EN-LUM-7 | D32: The scheme requires agro-ecological/regenerative practices to preserve and promote biodiversity. | E32: i. Appropriate regenerative/agro-ecological practices are in place with the goal of preserving and promoting biodiversity. | H32: i. Examples of regenerative agro-ecological practices include maintaining crop diversity at a certain percentage of arable land, maintaining permanent grasslands, maintaining cover crops between harvests that promote nutrient cycling/ nitrogen fixing. ii. Appropriate practices for local circumstances can include considerations regarding soil type and the local climate. iii. See glossary for definition of "Regenerative agriculture and forestry" | I32: Basic | J32: Crop;Forest | K32: Biomass producer | M32: {=IFERROR(VALUE(_xlfn.IFS(F32="Yes","1",F32="No","0")),"N/A")} -> N/A | N32: 1 | O32: =IF(W32=TRUE,N32,"N/A") -> 1 | P32: =ISNUMBER(MATCH(TRIM('Pre-assessment'!B$9),_xlfn.TEXTSPLIT(TRIM(J32), ";"), 0)) -> TRUE | Q32: =ISNUMBER(MATCH(TRIM('Pre-assessment'!D$9),_xlfn.TEXTSPLIT(TRIM(J32), ";"), 0)) -> TRUE | R32: =ISNUMBER(MATCH(TRIM('Pre-assessment'!F$9),_xlfn.TEXTSPLIT(TRIM(J32), ";"), 0)) -> FALSE | S32: =ISNUMBER(MATCH(TRIM('Pre-assessment'!H$9),_xlfn.TEXTSPLIT(TRIM(J32), ";"), 0)) -> FALSE | T32: =ISNUMBER(MATCH(TRIM('Pre-assessment'!B$12),_xlfn.TEXTSPLIT(TRIM(K32), ";"), 0)) -> TRUE | U32: =ISNUMBER(MATCH(TRIM('Pre-assessment'!D$12),_xlfn.TEXTSPLIT(TRIM(K32), ";"), 0)) -> FALSE | V32: =ISNUMBER(MATCH(TRIM('Pre-assessment'!F$12),_xlfn.TEXTSPLIT(TRIM(K32), ";"), 0)) -> FALSE | W32: =AND(OR(P32:S32),OR(T32:V32)) -> TRUE | X32: =IF(M32="N/A","N/A","Sustainable land use management") -> N/A
B33: Sustainable Land Use Management | C33: EN-LUM-8 | D33: The scheme requires that forest regeneration is maintained or strengthened over the long term. | E33: i. Regeneration methods are used to regenerate vegetation cover to pre-harvesting or more natural conditions. | H33: i. The level of harvesting can be sustained through, for example, monitoring and enforcement systems ensuring forest regeneration and long-term production capacity of forests. ii. See glossary for definition of "natural replenishing rate" | I33: Basic | J33: Forest | K33: Biomass producer | M33: {=IFERROR(VALUE(_xlfn.IFS(F33="Yes","1",F33="No","0")),"N/A")} -> N/A | N33: 1 | O33: =IF(W33=TRUE,N33,"N/A") -> 1 | P33: =ISNUMBER(MATCH(TRIM('Pre-assessment'!B$9),_xlfn.TEXTSPLIT(TRIM(J33), ";"), 0)) -> FALSE | Q33: =ISNUMBER(MATCH(TRIM('Pre-assessment'!D$9),_xlfn.TEXTSPLIT(TRIM(J33), ";"), 0)) -> TRUE | R33: =ISNUMBER(MATCH(TRIM('Pre-assessment'!F$9),_xlfn.TEXTSPLIT(TRIM(J33), ";"), 0)) -> FALSE | S33: =ISNUMBER(MATCH(TRIM('Pre-assessment'!H$9),_xlfn.TEXTSPLIT(TRIM(J33), ";"), 0)) -> FALSE | T33: =ISNUMBER(MATCH(TRIM('Pre-assessment'!B$12),_xlfn.TEXTSPLIT(TRIM(K33), ";"), 0)) -> TRUE | U33: =ISNUMBER(MATCH(TRIM('Pre-assessment'!D$12),_xlfn.TEXTSPLIT(TRIM(K33), ";"), 0)) -> FALSE | V33: =ISNUMBER(MATCH(TRIM('Pre-assessment'!F$12),_xlfn.TEXTSPLIT(TRIM(K33), ";"), 0)) -> FALSE | W33: =AND(OR(P33:S33),OR(T33:V33)) -> TRUE | X33: =IF(M33="N/A","N/A","Sustainable land use management") -> N/A
E34: ii. The level of harvesting is sustained at the level or below the permanent natural replenishing rate of the forest | I34: Basic | J34: Forest | K34: Biomass producer | M34: {=IFERROR(VALUE(_xlfn.IFS(F34="Yes","1",F34="No","0")),"N/A")} -> N/A | N34: 1 | O34: =IF(W34=TRUE,N34,"N/A") -> 1 | P34: =ISNUMBER(MATCH(TRIM('Pre-assessment'!B$9),_xlfn.TEXTSPLIT(TRIM(J34), ";"), 0)) -> FALSE | Q34: =ISNUMBER(MATCH(TRIM('Pre-assessment'!D$9),_xlfn.TEXTSPLIT(TRIM(J34), ";"), 0)) -> TRUE | R34: =ISNUMBER(MATCH(TRIM('Pre-assessment'!F$9),_xlfn.TEXTSPLIT(TRIM(J34), ";"), 0)) -> FALSE | S34: =ISNUMBER(MATCH(TRIM('Pre-assessment'!H$9),_xlfn.TEXTSPLIT(TRIM(J34), ";"), 0)) -> FALSE | T34: =ISNUMBER(MATCH(TRIM('Pre-assessment'!B$12),_xlfn.TEXTSPLIT(TRIM(K34), ";"), 0)) -> TRUE | U34: =ISNUMBER(MATCH(TRIM('Pre-assessment'!D$12),_xlfn.TEXTSPLIT(TRIM(K34), ";"), 0)) -> FALSE | V34: =ISNUMBER(MATCH(TRIM('Pre-assessment'!F$12),_xlfn.TEXTSPLIT(TRIM(K34), ";"), 0)) -> FALSE | W34: =AND(OR(P34:S34),OR(T34:V34)) -> TRUE | X34: =IF(M34="N/A","N/A","Sustainable land use management") -> N/A
B35: Sustainable Land Use Management | C35: EN-LUM-9 | D35: The scheme requires that raw material is not obtained or procured from deforested areas. | E35: i. Raw material is obtained or procured from land that has not been subject to deforestation, and the wood has been harvested from the forest without inducing forest degradation. | H35: i. The EU Deforestation Regulation (EUDR) sets a cut-off date on 31 December 2020, meaning that only products that have been produced on land that has not been subject to deforestation or forest degradation after 31 December 2020 will be allowed on the EU market or to be exported from the EU. ii. See glossary for "raw material", "forest degradation" and deforestation. | I35: Basic | J35: Forest;Crop | K35: Biomass producer;Industrial processor;Final product manufacturer | M35: {=IFERROR(VALUE(_xlfn.IFS(F35="Yes","1",F35="No","0")),"N/A")} -> N/A | N35: 1 | O35: =IF(W35=TRUE,N35,"N/A") -> 1 | P35: =ISNUMBER(MATCH(TRIM('Pre-assessment'!B$9),_xlfn.TEXTSPLIT(TRIM(J35), ";"), 0)) -> TRUE | Q35: =ISNUMBER(MATCH(TRIM('Pre-assessment'!D$9),_xlfn.TEXTSPLIT(TRIM(J35), ";"), 0)) -> TRUE | R35: =ISNUMBER(MATCH(TRIM('Pre-assessment'!F$9),_xlfn.TEXTSPLIT(TRIM(J35), ";"), 0)) -> FALSE | S35: =ISNUMBER(MATCH(TRIM('Pre-assessment'!H$9),_xlfn.TEXTSPLIT(TRIM(J35), ";"), 0)) -> FALSE | T35: =ISNUMBER(MATCH(TRIM('Pre-assessment'!B$12),_xlfn.TEXTSPLIT(TRIM(K35), ";"), 0)) -> TRUE | U35: =ISNUMBER(MATCH(TRIM('Pre-assessment'!D$12),_xlfn.TEXTSPLIT(TRIM(K35), ";"), 0)) -> TRUE | V35: =ISNUMBER(MATCH(TRIM('Pre-assessment'!F$12),_xlfn.TEXTSPLIT(TRIM(K35), ";"), 0)) -> TRUE | W35: =AND(OR(P35:S35),OR(T35:V35)) -> TRUE | X35: =IF(M35="N/A","N/A","Sustainable land use management") -> N/A
B36: Sustainable Land Use Management | C36: EN-LUM-10 | D36: The scheme requires that forest biomass produced with regenerative forest practices is prioritised in procurement processes and policies. | E36: i. Forest biomass produced through regenerative forestry practices is prioritised in procurement processes and practices over biomass produced through non-regenerative practices. | H36: i. See glossary for definition of "regenerative agriculture and forestry", "biomass" | I36: Advanced | J36: Forest | K36: Industrial processor;Final product manufacturer | M36: {=IFERROR(VALUE(_xlfn.IFS(F36="Yes","1",F36="No","0")),"N/A")} -> N/A | N36: 1 | O36: =IF(W36=TRUE,N36,"N/A") -> 1 | P36: =ISNUMBER(MATCH(TRIM('Pre-assessment'!B$9),_xlfn.TEXTSPLIT(TRIM(J36), ";"), 0)) -> FALSE | Q36: =ISNUMBER(MATCH(TRIM('Pre-assessment'!D$9),_xlfn.TEXTSPLIT(TRIM(J36), ";"), 0)) -> TRUE | R36: =ISNUMBER(MATCH(TRIM('Pre-assessment'!F$9),_xlfn.TEXTSPLIT(TRIM(J36), ";"), 0)) -> FALSE | S36: =ISNUMBER(MATCH(TRIM('Pre-assessment'!H$9),_xlfn.TEXTSPLIT(TRIM(J36), ";"), 0)) -> FALSE | T36: =ISNUMBER(MATCH(TRIM('Pre-assessment'!B$12),_xlfn.TEXTSPLIT(TRIM(K36), ";"), 0)) -> FALSE | U36: =ISNUMBER(MATCH(TRIM('Pre-assessment'!D$12),_xlfn.TEXTSPLIT(TRIM(K36), ";"), 0)) -> TRUE | V36: =ISNUMBER(MATCH(TRIM('Pre-assessment'!F$12),_xlfn.TEXTSPLIT(TRIM(K36), ";"), 0)) -> TRUE | W36: =AND(OR(P36:S36),OR(T36:V36)) -> TRUE | X36: =IF(M36="N/A","N/A","Sustainable land use management") -> N/A
B37: Sustainable Land Use Management | C37: EN-LUM-11 | D37: The scheme requires a management plan and strategies to reach low ILUC risk level. | E37: i. An ILUC risk assessment is conducted and documented. | H37: i. See glossary for definition of "indirect land use change" | I37: Advanced | J37: Agrarian and forestry residues;Crop;Forest;Waste and residues | K37: Biomass producer;Industrial processor;Final product manufacturer | M37: {=IFERROR(VALUE(_xlfn.IFS(F37="Yes","1",F37="No","0")),"N/A")} -> N/A | N37: 1 | O37: =IF(W37=TRUE,N37,"N/A") -> 1 | P37: =ISNUMBER(MATCH(TRIM('Pre-assessment'!B$9),_xlfn.TEXTSPLIT(TRIM(J37), ";"), 0)) -> TRUE | Q37: =ISNUMBER(MATCH(TRIM('Pre-assessment'!D$9),_xlfn.TEXTSPLIT(TRIM(J37), ";"), 0)) -> TRUE | R37: =ISNUMBER(MATCH(TRIM('Pre-assessment'!F$9),_xlfn.TEXTSPLIT(TRIM(J37), ";"), 0)) -> TRUE | S37: =ISNUMBER(MATCH(TRIM('Pre-assessment'!H$9),_xlfn.TEXTSPLIT(TRIM(J37), ";"), 0)) -> TRUE | T37: =ISNUMBER(MATCH(TRIM('Pre-assessment'!B$12),_xlfn.TEXTSPLIT(TRIM(K37), ";"), 0)) -> TRUE | U37: =ISNUMBER(MATCH(TRIM('Pre-assessment'!D$12),_xlfn.TEXTSPLIT(TRIM(K37), ";"), 0)) -> TRUE | V37: =ISNUMBER(MATCH(TRIM('Pre-assessment'!F$12),_xlfn.TEXTSPLIT(TRIM(K37), ";"), 0)) -> TRUE | W37: =AND(OR(P37:S37),OR(T37:V37)) -> TRUE | X37: =IF(M37="N/A","N/A","Sustainable land use management") -> N/A
E38: ii. A strategy to reach a low ILUC risk level is established. | I38: Advanced | J38: Agrarian and forestry residues;Crop;Forest;Waste and residues | K38: Biomass producer;Industrial processor;Final product manufacturer | M38: {=IFERROR(VALUE(_xlfn.IFS(F38="Yes","1",F38="No","0")),"N/A")} -> N/A | N38: 1 | O38: =IF(W38=TRUE,N38,"N/A") -> 1 | P38: =ISNUMBER(MATCH(TRIM('Pre-assessment'!B$9),_xlfn.TEXTSPLIT(TRIM(J38), ";"), 0)) -> TRUE | Q38: =ISNUMBER(MATCH(TRIM('Pre-assessment'!D$9),_xlfn.TEXTSPLIT(TRIM(J38), ";"), 0)) -> TRUE | R38: =ISNUMBER(MATCH(TRIM('Pre-assessment'!F$9),_xlfn.TEXTSPLIT(TRIM(J38), ";"), 0)) -> TRUE | S38: =ISNUMBER(MATCH(TRIM('Pre-assessment'!H$9),_xlfn.TEXTSPLIT(TRIM(J38), ";"), 0)) -> TRUE | T38: =ISNUMBER(MATCH(TRIM('Pre-assessment'!B$12),_xlfn.TEXTSPLIT(TRIM(K38), ";"), 0)) -> TRUE | U38: =ISNUMBER(MATCH(TRIM('Pre-assessment'!D$12),_xlfn.TEXTSPLIT(TRIM(K38), ";"), 0)) -> TRUE | V38: =ISNUMBER(MATCH(TRIM('Pre-assessment'!F$12),_xlfn.TEXTSPLIT(TRIM(K38), ";"), 0)) -> TRUE | W38: =AND(OR(P38:S38),OR(T38:V38)) -> TRUE | X38: =IF(M38="N/A","N/A","Sustainable land use management") -> N/A
B39: Sustainable Land Use Management | C39: EN-LUM-12 | D39: The scheme requires that there is low indirect land use change (ILUC) risk. | E39: i.Low ILUC risk is demonstrated by meeting at least one of the following: a) Additional biomass is produced through an increase in yield without additional land conversion and any yield increase techniques applied do not create negative environmental trade-offs concerning for example soil quality or protection of biodiversity. b) The biomass used for biobased products production is a waste or a residue with low ILUC risk level. c) The biomass used for biobased product production is derived from unused, abandoned or severely degraded land. | H39: i. A yield increase may be a result of improved agricultural practices, such as mechanisation/ automation (precision farming), increase in organic matter content, reduction of soil compaction/erosion, decrease in pests, intercropping or agroforestry, crop rotation, improved pollination, reduction of post-harvest losses etc. ii. See glossary for definition of "biomass"; "indirect land use change"; "supply chain", "abandoned land", "unused land", "severely degraded land" | I39: Advanced | J39: Agrarian and forestry residues;Crop;Forest;Waste and residues | K39: Biomass producer;Industrial processor;Final product manufacturer | M39: {=IFERROR(VALUE(_xlfn.IFS(F39="Yes","1",F39="No","0")),"N/A")} -> N/A | N39: 1 | O39: =IF(W39=TRUE,N39,"N/A") -> 1 | P39: =ISNUMBER(MATCH(TRIM('Pre-assessment'!B$9),_xlfn.TEXTSPLIT(TRIM(J39), ";"), 0)) -> TRUE | Q39: =ISNUMBER(MATCH(TRIM('Pre-assessment'!D$9),_xlfn.TEXTSPLIT(TRIM(J39), ";"), 0)) -> TRUE | R39: =ISNUMBER(MATCH(TRIM('Pre-assessment'!F$9),_xlfn.TEXTSPLIT(TRIM(J39), ";"), 0)) -> TRUE | S39: =ISNUMBER(MATCH(TRIM('Pre-assessment'!H$9),_xlfn.TEXTSPLIT(TRIM(J39), ";"), 0)) -> TRUE | T39: =ISNUMBER(MATCH(TRIM('Pre-assessment'!B$12),_xlfn.TEXTSPLIT(TRIM(K39), ";"), 0)) -> TRUE | U39: =ISNUMBER(MATCH(TRIM('Pre-assessment'!D$12),_xlfn.TEXTSPLIT(TRIM(K39), ";"), 0)) -> TRUE | V39: =ISNUMBER(MATCH(TRIM('Pre-assessment'!F$12),_xlfn.TEXTSPLIT(TRIM(K39), ";"), 0)) -> TRUE | W39: =AND(OR(P39:S39),OR(T39:V39)) -> TRUE | X39: =IF(M39="N/A","N/A","Sustainable land use management") -> N/A
B40: Protection of Biodiversity | C40: EN-BD-1 | D40: The scheme requires identification and documentation of the high biodiversity value(s) in or near potential or existing operations. | E40: i. The high biodiversity value(s) in or near potential or existing operations are identified and documented. | H40: i. High conservation values can be used for identification. i. See glossary for definitions for "land with high biodiversity value" and "high conservation value". | I40: Mandatory | J40: Agrarian and forestry residues;Crop;Forest | K40: Biomass producer;Industrial processor;Final product manufacturer | M40: {=IFERROR(VALUE(_xlfn.IFS(F40="Yes","1",F40="No","0")),"N/A")} -> N/A | N40: 1 | O40: =IF(W40=TRUE,N40,"N/A") -> 1 | P40: =ISNUMBER(MATCH(TRIM('Pre-assessment'!B$9),_xlfn.TEXTSPLIT(TRIM(J40), ";"), 0)) -> TRUE | Q40: =ISNUMBER(MATCH(TRIM('Pre-assessment'!D$9),_xlfn.TEXTSPLIT(TRIM(J40), ";"), 0)) -> TRUE | R40: =ISNUMBER(MATCH(TRIM('Pre-assessment'!F$9),_xlfn.TEXTSPLIT(TRIM(J40), ";"), 0)) -> TRUE | S40: =ISNUMBER(MATCH(TRIM('Pre-assessment'!H$9),_xlfn.TEXTSPLIT(TRIM(J40), ";"), 0)) -> FALSE | T40: =ISNUMBER(MATCH(TRIM('Pre-assessment'!B$12),_xlfn.TEXTSPLIT(TRIM(K40), ";"), 0)) -> TRUE | U40: =ISNUMBER(MATCH(TRIM('Pre-assessment'!D$12),_xlfn.TEXTSPLIT(TRIM(K40), ";"), 0)) -> TRUE | V40: =ISNUMBER(MATCH(TRIM('Pre-assessment'!F$12),_xlfn.TEXTSPLIT(TRIM(K40), ";"), 0)) -> TRUE | W40: =AND(OR(P40:S40),OR(T40:V40)) -> TRUE | X40: =IF(M40="N/A","N/A","Protection of biodiversity") -> N/A
B41: Protection of Biodiversity | C41: EN-BD-2 | D41: The scheme prohibits cultivation of land with high biodiversity value. | E41: i. Biobased products produced from agricultural biomass shall not be made from raw material obtained from land with a high biodiversity value, in or after January 2008 | H41: i. Land with high biodiversity or conservation value can be used for operations if feedstock production or processing operations are legally authorised as part of the conservation management for the area concerned. ii. See glossary for definition(s) of "land with high biodiversity value", "raw material" | I41: Mandatory | J41: Crop | K41: Biomass producer;Industrial processor;Final product manufacturer | M41: {=IFERROR(VALUE(_xlfn.IFS(F41="Yes","1",F41="No","0")),"N/A")} -> N/A | N41: 1 | O41: =IF(W41=TRUE,N41,"N/A") -> 1 | P41: =ISNUMBER(MATCH(TRIM('Pre-assessment'!B$9),_xlfn.TEXTSPLIT(TRIM(J41), ";"), 0)) -> TRUE | Q41: =ISNUMBER(MATCH(TRIM('Pre-assessment'!D$9),_xlfn.TEXTSPLIT(TRIM(J41), ";"), 0)) -> FALSE | R41: =ISNUMBER(MATCH(TRIM('Pre-assessment'!F$9),_xlfn.TEXTSPLIT(TRIM(J41), ";"), 0)) -> FALSE | S41: =ISNUMBER(MATCH(TRIM('Pre-assessment'!H$9),_xlfn.TEXTSPLIT(TRIM(J41), ";"), 0)) -> FALSE | T41: =ISNUMBER(MATCH(TRIM('Pre-assessment'!B$12),_xlfn.TEXTSPLIT(TRIM(K41), ";"), 0)) -> TRUE | U41: =ISNUMBER(MATCH(TRIM('Pre-assessment'!D$12),_xlfn.TEXTSPLIT(TRIM(K41), ";"), 0)) -> TRUE | V41: =ISNUMBER(MATCH(TRIM('Pre-assessment'!F$12),_xlfn.TEXTSPLIT(TRIM(K41), ";"), 0)) -> TRUE | W41: =AND(OR(P41:S41),OR(T41:V41)) -> TRUE | X41: =IF(M41="N/A","N/A","Protection of biodiversity") -> N/A
B42: Protection of Biodiversity | C42: EN-BD-3 | D42: The scheme requires a baseline assessment of biodiversity. | E42: i. A baseline biodiversity assessment is conducted at site level. | H42: i. A baseline biodiversity assessment can include descriptions of, for example, the production system, productive land, natural habitats, and presence of native, rare and endangered species. | I42: Basic | J42: Crop;Forest | K42: Biomass producer | M42: {=IFERROR(VALUE(_xlfn.IFS(F42="Yes","1",F42="No","0")),"N/A")} -> N/A | N42: 1 | O42: =IF(W42=TRUE,N42,"N/A") -> 1 | P42: =ISNUMBER(MATCH(TRIM('Pre-assessment'!B$9),_xlfn.TEXTSPLIT(TRIM(J42), ";"), 0)) -> TRUE | Q42: =ISNUMBER(MATCH(TRIM('Pre-assessment'!D$9),_xlfn.TEXTSPLIT(TRIM(J42), ";"), 0)) -> TRUE | R42: =ISNUMBER(MATCH(TRIM('Pre-assessment'!F$9),_xlfn.TEXTSPLIT(TRIM(J42), ";"), 0)) -> FALSE | S42: =ISNUMBER(MATCH(TRIM('Pre-assessment'!H$9),_xlfn.TEXTSPLIT(TRIM(J42), ";"), 0)) -> FALSE | T42: =ISNUMBER(MATCH(TRIM('Pre-assessment'!B$12),_xlfn.TEXTSPLIT(TRIM(K42), ";"), 0)) -> TRUE | U42: =ISNUMBER(MATCH(TRIM('Pre-assessment'!D$12),_xlfn.TEXTSPLIT(TRIM(K42), ";"), 0)) -> FALSE | V42: =ISNUMBER(MATCH(TRIM('Pre-assessment'!F$12),_xlfn.TEXTSPLIT(TRIM(K42), ";"), 0)) -> FALSE | W42: =AND(OR(P42:S42),OR(T42:V42)) -> TRUE | X42: =IF(M42="N/A","N/A","Protection of biodiversity") -> N/A
E43: ii. The baseline biodiversity assessment is reconducted regularly to monitor progress. | I43: Basic | J43: Crop;Forest | K43: Biomass producer | M43: {=IFERROR(VALUE(_xlfn.IFS(F43="Yes","1",F43="No","0")),"N/A")} -> N/A | N43: 1 | O43: =IF(W43=TRUE,N43,"N/A") -> 1 | P43: =ISNUMBER(MATCH(TRIM('Pre-assessment'!B$9),_xlfn.TEXTSPLIT(TRIM(J43), ";"), 0)) -> TRUE | Q43: =ISNUMBER(MATCH(TRIM('Pre-assessment'!D$9),_xlfn.TEXTSPLIT(TRIM(J43), ";"), 0)) -> TRUE | R43: =ISNUMBER(MATCH(TRIM('Pre-assessment'!F$9),_xlfn.TEXTSPLIT(TRIM(J43), ";"), 0)) -> FALSE | S43: =ISNUMBER(MATCH(TRIM('Pre-assessment'!H$9),_xlfn.TEXTSPLIT(TRIM(J43), ";"), 0)) -> FALSE | T43: =ISNUMBER(MATCH(TRIM('Pre-assessment'!B$12),_xlfn.TEXTSPLIT(TRIM(K43), ";"), 0)) -> TRUE | U43: =ISNUMBER(MATCH(TRIM('Pre-assessment'!D$12),_xlfn.TEXTSPLIT(TRIM(K43), ";"), 0)) -> FALSE | V43: =ISNUMBER(MATCH(TRIM('Pre-assessment'!F$12),_xlfn.TEXTSPLIT(TRIM(K43), ";"), 0)) -> FALSE | W43: =AND(OR(P43:S43),OR(T43:V43)) -> TRUE | X43: =IF(M43="N/A","N/A","Protection of biodiversity") -> N/A
B44: Protection of Biodiversity | C44: EN-BD-4 | D44: The scheme prohibits the use of fire as a land-clearing method | E44: i. Burning is prohibited as a method of land preparation and post-harvest disposal of residues, except in exceptional cases. | H44: i. An exception can be granted if (a) there is proof and permission from the competent authority that the use of fire is necessary to enhance or maintain ecosystem services and biodiversity and permitted by a competent authority (b) authority (e.g. local, regional or national) has granted an exemption for plant health reasons. | I44: Basic | J44: Agrarian and forestry residues;Crop;Forest | K44: Biomass producer | M44: {=IFERROR(VALUE(_xlfn.IFS(F44="Yes","1",F44="No","0")),"N/A")} -> N/A | N44: 1 | O44: =IF(W44=TRUE,N44,"N/A") -> 1 | P44: =ISNUMBER(MATCH(TRIM('Pre-assessment'!B$9),_xlfn.TEXTSPLIT(TRIM(J44), ";"), 0)) -> TRUE | Q44: =ISNUMBER(MATCH(TRIM('Pre-assessment'!D$9),_xlfn.TEXTSPLIT(TRIM(J44), ";"), 0)) -> TRUE | R44: =ISNUMBER(MATCH(TRIM('Pre-assessment'!F$9),_xlfn.TEXTSPLIT(TRIM(J44), ";"), 0)) -> TRUE | S44: =ISNUMBER(MATCH(TRIM('Pre-assessment'!H$9),_xlfn.TEXTSPLIT(TRIM(J44), ";"), 0)) -> FALSE | T44: =ISNUMBER(MATCH(TRIM('Pre-assessment'!B$12),_xlfn.TEXTSPLIT(TRIM(K44), ";"), 0)) -> TRUE | U44: =ISNUMBER(MATCH(TRIM('Pre-assessment'!D$12),_xlfn.TEXTSPLIT(TRIM(K44), ";"), 0)) -> FALSE | V44: =ISNUMBER(MATCH(TRIM('Pre-assessment'!F$12),_xlfn.TEXTSPLIT(TRIM(K44), ";"), 0)) -> FALSE | W44: =AND(OR(P44:S44),OR(T44:V44)) -> TRUE | X44: =IF(M44="N/A","N/A","Protection of biodiversity") -> N/A
B45: Protection of Biodiversity | C45: EN-BD-5 | D45: The scheme requires that field margins, buffer zones, boundaries and waterways are maintained and restored. | E45: i. Field margins, boundaries and watercourses are maintained and restored to support the conservation of native birds and animals in a way that takes into consideration local conditions. | I45: Basic | J45: Agrarian and forestry residues;Crop;Forest | K45: Biomass producer | M45: {=IFERROR(VALUE(_xlfn.IFS(F45="Yes","1",F45="No","0")),"N/A")} -> N/A | N45: 1 | O45: =IF(W45=TRUE,N45,"N/A") -> 1 | P45: =ISNUMBER(MATCH(TRIM('Pre-assessment'!B$9),_xlfn.TEXTSPLIT(TRIM(J45), ";"), 0)) -> TRUE | Q45: =ISNUMBER(MATCH(TRIM('Pre-assessment'!D$9),_xlfn.TEXTSPLIT(TRIM(J45), ";"), 0)) -> TRUE | R45: =ISNUMBER(MATCH(TRIM('Pre-assessment'!F$9),_xlfn.TEXTSPLIT(TRIM(J45), ";"), 0)) -> TRUE | S45: =ISNUMBER(MATCH(TRIM('Pre-assessment'!H$9),_xlfn.TEXTSPLIT(TRIM(J45), ";"), 0)) -> FALSE | T45: =ISNUMBER(MATCH(TRIM('Pre-assessment'!B$12),_xlfn.TEXTSPLIT(TRIM(K45), ";"), 0)) -> TRUE | U45: =ISNUMBER(MATCH(TRIM('Pre-assessment'!D$12),_xlfn.TEXTSPLIT(TRIM(K45), ";"), 0)) -> FALSE | V45: =ISNUMBER(MATCH(TRIM('Pre-assessment'!F$12),_xlfn.TEXTSPLIT(TRIM(K45), ";"), 0)) -> FALSE | W45: =AND(OR(P45:S45),OR(T45:V45)) -> TRUE | X45: =IF(M45="N/A","N/A","Protection of biodiversity") -> N/A
B46: Protection of Biodiversity | C46: EN-BD-6 | D46: The scheme requires measures to minimise habitat fragmentation. | E46: i. Measures to minimise habitat fragmentation are taken. | H46: i. Ecological corridors are examples of ways to minimise habitat fragmentation. Ii. See glossary for definition of "ecological corridor" | I46: Basic | J46: Crop;Forest | K46: Biomass producer | M46: {=IFERROR(VALUE(_xlfn.IFS(F46="Yes","1",F46="No","0")),"N/A")} -> N/A | N46: 1 | O46: =IF(W46=TRUE,N46,"N/A") -> 1 | P46: =ISNUMBER(MATCH(TRIM('Pre-assessment'!B$9),_xlfn.TEXTSPLIT(TRIM(J46), ";"), 0)) -> TRUE | Q46: =ISNUMBER(MATCH(TRIM('Pre-assessment'!D$9),_xlfn.TEXTSPLIT(TRIM(J46), ";"), 0)) -> TRUE | R46: =ISNUMBER(MATCH(TRIM('Pre-assessment'!F$9),_xlfn.TEXTSPLIT(TRIM(J46), ";"), 0)) -> FALSE | S46: =ISNUMBER(MATCH(TRIM('Pre-assessment'!H$9),_xlfn.TEXTSPLIT(TRIM(J46), ";"), 0)) -> FALSE | T46: =ISNUMBER(MATCH(TRIM('Pre-assessment'!B$12),_xlfn.TEXTSPLIT(TRIM(K46), ";"), 0)) -> TRUE | U46: =ISNUMBER(MATCH(TRIM('Pre-assessment'!D$12),_xlfn.TEXTSPLIT(TRIM(K46), ";"), 0)) -> FALSE | V46: =ISNUMBER(MATCH(TRIM('Pre-assessment'!F$12),_xlfn.TEXTSPLIT(TRIM(K46), ";"), 0)) -> FALSE | W46: =AND(OR(P46:S46),OR(T46:V46)) -> TRUE | X46: =IF(M46="N/A","N/A","Protection of biodiversity") -> N/A
B47: Protection of Biodiversity | C47: EN-BD-7 | D47: The scheme requires careful management of the introduction, cultivation and use of invasive species in case of introduction | E47: i. Practices are put in place to avoid invasive genetic variations (contaminants) in biomass planting material. | H47: i. Check glossary for definition of "invasive species" | I47: Basic | J47: Crop;Forest | K47: Biomass producer | M47: {=IFERROR(VALUE(_xlfn.IFS(F47="Yes","1",F47="No","0")),"N/A")} -> N/A | N47: 1 | O47: =IF(W47=TRUE,N47,"N/A") -> 1 | P47: =ISNUMBER(MATCH(TRIM('Pre-assessment'!B$9),_xlfn.TEXTSPLIT(TRIM(J47), ";"), 0)) -> TRUE | Q47: =ISNUMBER(MATCH(TRIM('Pre-assessment'!D$9),_xlfn.TEXTSPLIT(TRIM(J47), ";"), 0)) -> TRUE | R47: =ISNUMBER(MATCH(TRIM('Pre-assessment'!F$9),_xlfn.TEXTSPLIT(TRIM(J47), ";"), 0)) -> FALSE | S47: =ISNUMBER(MATCH(TRIM('Pre-assessment'!H$9),_xlfn.TEXTSPLIT(TRIM(J47), ";"), 0)) -> FALSE | T47: =ISNUMBER(MATCH(TRIM('Pre-assessment'!B$12),_xlfn.TEXTSPLIT(TRIM(K47), ";"), 0)) -> TRUE | U47: =ISNUMBER(MATCH(TRIM('Pre-assessment'!D$12),_xlfn.TEXTSPLIT(TRIM(K47), ";"), 0)) -> FALSE | V47: =ISNUMBER(MATCH(TRIM('Pre-assessment'!F$12),_xlfn.TEXTSPLIT(TRIM(K47), ";"), 0)) -> FALSE | W47: =AND(OR(P47:S47),OR(T47:V47)) -> TRUE | X47: =IF(M47="N/A","N/A","Protection of biodiversity") -> N/A
E48: ii. An invasive species management plan is established. | I48: Basic | J48: Crop;Forest | K48: Biomass producer | M48: {=IFERROR(VALUE(_xlfn.IFS(F48="Yes","1",F48="No","0")),"N/A")} -> N/A | N48: 1 | O48: =IF(W48=TRUE,N48,"N/A") -> 1 | P48: =ISNUMBER(MATCH(TRIM('Pre-assessment'!B$9),_xlfn.TEXTSPLIT(TRIM(J48), ";"), 0)) -> TRUE | Q48: =ISNUMBER(MATCH(TRIM('Pre-assessment'!D$9),_xlfn.TEXTSPLIT(TRIM(J48), ";"), 0)) -> TRUE | R48: =ISNUMBER(MATCH(TRIM('Pre-assessment'!F$9),_xlfn.TEXTSPLIT(TRIM(J48), ";"), 0)) -> FALSE | S48: =ISNUMBER(MATCH(TRIM('Pre-assessment'!H$9),_xlfn.TEXTSPLIT(TRIM(J48), ";"), 0)) -> FALSE | T48: =ISNUMBER(MATCH(TRIM('Pre-assessment'!B$12),_xlfn.TEXTSPLIT(TRIM(K48), ";"), 0)) -> TRUE | U48: =ISNUMBER(MATCH(TRIM('Pre-assessment'!D$12),_xlfn.TEXTSPLIT(TRIM(K48), ";"), 0)) -> FALSE | V48: =ISNUMBER(MATCH(TRIM('Pre-assessment'!F$12),_xlfn.TEXTSPLIT(TRIM(K48), ";"), 0)) -> FALSE | W48: =AND(OR(P48:S48),OR(T48:V48)) -> TRUE | X48: =IF(M48="N/A","N/A","Protection of biodiversity") -> N/A
E49: iii. If using invasive species, due diligence research is to be conducted about the invasiveness of the species. | I49: Basic | J49: Crop;Forest | K49: Biomass producer | M49: {=IFERROR(VALUE(_xlfn.IFS(F49="Yes","1",F49="No","0")),"N/A")} -> N/A | N49: 1 | O49: =IF(W49=TRUE,N49,"N/A") -> 1 | P49: =ISNUMBER(MATCH(TRIM('Pre-assessment'!B$9),_xlfn.TEXTSPLIT(TRIM(J49), ";"), 0)) -> TRUE | Q49: =ISNUMBER(MATCH(TRIM('Pre-assessment'!D$9),_xlfn.TEXTSPLIT(TRIM(J49), ";"), 0)) -> TRUE | R49: =ISNUMBER(MATCH(TRIM('Pre-assessment'!F$9),_xlfn.TEXTSPLIT(TRIM(J49), ";"), 0)) -> FALSE | S49: =ISNUMBER(MATCH(TRIM('Pre-assessment'!H$9),_xlfn.TEXTSPLIT(TRIM(J49), ";"), 0)) -> FALSE | T49: =ISNUMBER(MATCH(TRIM('Pre-assessment'!B$12),_xlfn.TEXTSPLIT(TRIM(K49), ";"), 0)) -> TRUE | U49: =ISNUMBER(MATCH(TRIM('Pre-assessment'!D$12),_xlfn.TEXTSPLIT(TRIM(K49), ";"), 0)) -> FALSE | V49: =ISNUMBER(MATCH(TRIM('Pre-assessment'!F$12),_xlfn.TEXTSPLIT(TRIM(K49), ";"), 0)) -> FALSE | W49: =AND(OR(P49:S49),OR(T49:V49)) -> TRUE | X49: =IF(M49="N/A","N/A","Protection of biodiversity") -> N/A
E50: iv. If a species is considered as highly invasive, the species shall not be used. | I50: Basic | J50: Crop;Forest | K50: Biomass producer | M50: {=IFERROR(VALUE(_xlfn.IFS(F50="Yes","1",F50="No","0")),"N/A")} -> N/A | N50: 1 | O50: =IF(W50=TRUE,N50,"N/A") -> 1 | P50: =ISNUMBER(MATCH(TRIM('Pre-assessment'!B$9),_xlfn.TEXTSPLIT(TRIM(J50), ";"), 0)) -> TRUE | Q50: =ISNUMBER(MATCH(TRIM('Pre-assessment'!D$9),_xlfn.TEXTSPLIT(TRIM(J50), ";"), 0)) -> TRUE | R50: =ISNUMBER(MATCH(TRIM('Pre-assessment'!F$9),_xlfn.TEXTSPLIT(TRIM(J50), ";"), 0)) -> FALSE | S50: =ISNUMBER(MATCH(TRIM('Pre-assessment'!H$9),_xlfn.TEXTSPLIT(TRIM(J50), ";"), 0)) -> FALSE | T50: =ISNUMBER(MATCH(TRIM('Pre-assessment'!B$12),_xlfn.TEXTSPLIT(TRIM(K50), ";"), 0)) -> TRUE | U50: =ISNUMBER(MATCH(TRIM('Pre-assessment'!D$12),_xlfn.TEXTSPLIT(TRIM(K50), ";"), 0)) -> FALSE | V50: =ISNUMBER(MATCH(TRIM('Pre-assessment'!F$12),_xlfn.TEXTSPLIT(TRIM(K50), ";"), 0)) -> FALSE | W50: =AND(OR(P50:S50),OR(T50:V50)) -> TRUE | X50: =IF(M50="N/A","N/A","Protection of biodiversity") -> N/A
E51: v. In cases where invasive speciess are used, the traceability and proper labeling of these varieties must be ensured. | I51: Basic | J51: Crop;Forest | K51: Biomass producer | M51: {=IFERROR(VALUE(_xlfn.IFS(F51="Yes","1",F51="No","0")),"N/A")} -> N/A | N51: 1 | O51: =IF(W51=TRUE,N51,"N/A") -> 1 | P51: =ISNUMBER(MATCH(TRIM('Pre-assessment'!B$9),_xlfn.TEXTSPLIT(TRIM(J51), ";"), 0)) -> TRUE | Q51: =ISNUMBER(MATCH(TRIM('Pre-assessment'!D$9),_xlfn.TEXTSPLIT(TRIM(J51), ";"), 0)) -> TRUE | R51: =ISNUMBER(MATCH(TRIM('Pre-assessment'!F$9),_xlfn.TEXTSPLIT(TRIM(J51), ";"), 0)) -> FALSE | S51: =ISNUMBER(MATCH(TRIM('Pre-assessment'!H$9),_xlfn.TEXTSPLIT(TRIM(J51), ";"), 0)) -> FALSE | T51: =ISNUMBER(MATCH(TRIM('Pre-assessment'!B$12),_xlfn.TEXTSPLIT(TRIM(K51), ";"), 0)) -> TRUE | U51: =ISNUMBER(MATCH(TRIM('Pre-assessment'!D$12),_xlfn.TEXTSPLIT(TRIM(K51), ";"), 0)) -> FALSE | V51: =ISNUMBER(MATCH(TRIM('Pre-assessment'!F$12),_xlfn.TEXTSPLIT(TRIM(K51), ";"), 0)) -> FALSE | W51: =AND(OR(P51:S51),OR(T51:V51)) -> TRUE | X51: =IF(M51="N/A","N/A","Protection of biodiversity") -> N/A
B52: Protection of Biodiversity | C52: EN-BD-8 | D52: The scheme requires that genetically modified species are utilised with care and consideration. | E52: i. If using genetically modified species, due diligence research is to be conducted about the invasiveness of the species. | I52: Basic | J52: Crop;Forest | K52: Biomass producer | M52: {=IFERROR(VALUE(_xlfn.IFS(F52="Yes","1",F52="No","0")),"N/A")} -> N/A | N52: 1 | O52: =IF(W52=TRUE,N52,"N/A") -> 1 | P52: =ISNUMBER(MATCH(TRIM('Pre-assessment'!B$9),_xlfn.TEXTSPLIT(TRIM(J52), ";"), 0)) -> TRUE | Q52: =ISNUMBER(MATCH(TRIM('Pre-assessment'!D$9),_xlfn.TEXTSPLIT(TRIM(J52), ";"), 0)) -> TRUE | R52: =ISNUMBER(MATCH(TRIM('Pre-assessment'!F$9),_xlfn.TEXTSPLIT(TRIM(J52), ";"), 0)) -> FALSE | S52: =ISNUMBER(MATCH(TRIM('Pre-assessment'!H$9),_xlfn.TEXTSPLIT(TRIM(J52), ";"), 0)) -> FALSE | T52: =ISNUMBER(MATCH(TRIM('Pre-assessment'!B$12),_xlfn.TEXTSPLIT(TRIM(K52), ";"), 0)) -> TRUE | U52: =ISNUMBER(MATCH(TRIM('Pre-assessment'!D$12),_xlfn.TEXTSPLIT(TRIM(K52), ";"), 0)) -> FALSE | V52: =ISNUMBER(MATCH(TRIM('Pre-assessment'!F$12),_xlfn.TEXTSPLIT(TRIM(K52), ";"), 0)) -> FALSE | W52: =AND(OR(P52:S52),OR(T52:V52)) -> TRUE | X52: =IF(M52="N/A","N/A","Protection of biodiversity") -> N/A
E53: ii. In cases where genetically modified varieties are used, the traceability and proper labeling of these varieties must be ensured. | I53: Basic | J53: Crop;Forest | K53: Biomass producer | M53: {=IFERROR(VALUE(_xlfn.IFS(F53="Yes","1",F53="No","0")),"N/A")} -> N/A | N53: 1 | O53: =IF(W53=TRUE,N53,"N/A") -> 1 | P53: =ISNUMBER(MATCH(TRIM('Pre-assessment'!B$9),_xlfn.TEXTSPLIT(TRIM(J53), ";"), 0)) -> TRUE | Q53: =ISNUMBER(MATCH(TRIM('Pre-assessment'!D$9),_xlfn.TEXTSPLIT(TRIM(J53), ";"), 0)) -> TRUE | R53: =ISNUMBER(MATCH(TRIM('Pre-assessment'!F$9),_xlfn.TEXTSPLIT(TRIM(J53), ";"), 0)) -> FALSE | S53: =ISNUMBER(MATCH(TRIM('Pre-assessment'!H$9),_xlfn.TEXTSPLIT(TRIM(J53), ";"), 0)) -> FALSE | T53: =ISNUMBER(MATCH(TRIM('Pre-assessment'!B$12),_xlfn.TEXTSPLIT(TRIM(K53), ";"), 0)) -> TRUE | U53: =ISNUMBER(MATCH(TRIM('Pre-assessment'!D$12),_xlfn.TEXTSPLIT(TRIM(K53), ";"), 0)) -> FALSE | V53: =ISNUMBER(MATCH(TRIM('Pre-assessment'!F$12),_xlfn.TEXTSPLIT(TRIM(K53), ";"), 0)) -> FALSE | W53: =AND(OR(P53:S53),OR(T53:V53)) -> TRUE | X53: =IF(M53="N/A","N/A","Protection of biodiversity") -> N/A
B54: Protection of Biodiversity | C54: EN-BD-9 | D54: The scheme requires measures for enhancing local wild genetic diversity. | E54: i Measures are taken for the enhancement of local wild genetic diversity. | I54: Advanced | J54: Crop;Forest | K54: Biomass producer | M54: {=IFERROR(VALUE(_xlfn.IFS(F54="Yes","1",F54="No","0")),"N/A")} -> N/A | N54: 1 | O54: =IF(W54=TRUE,N54,"N/A") -> 1 | P54: =ISNUMBER(MATCH(TRIM('Pre-assessment'!B$9),_xlfn.TEXTSPLIT(TRIM(J54), ";"), 0)) -> TRUE | Q54: =ISNUMBER(MATCH(TRIM('Pre-assessment'!D$9),_xlfn.TEXTSPLIT(TRIM(J54), ";"), 0)) -> TRUE | R54: =ISNUMBER(MATCH(TRIM('Pre-assessment'!F$9),_xlfn.TEXTSPLIT(TRIM(J54), ";"), 0)) -> FALSE | S54: =ISNUMBER(MATCH(TRIM('Pre-assessment'!H$9),_xlfn.TEXTSPLIT(TRIM(J54), ";"), 0)) -> FALSE | T54: =ISNUMBER(MATCH(TRIM('Pre-assessment'!B$12),_xlfn.TEXTSPLIT(TRIM(K54), ";"), 0)) -> TRUE | U54: =ISNUMBER(MATCH(TRIM('Pre-assessment'!D$12),_xlfn.TEXTSPLIT(TRIM(K54), ";"), 0)) -> FALSE | V54: =ISNUMBER(MATCH(TRIM('Pre-assessment'!F$12),_xlfn.TEXTSPLIT(TRIM(K54), ";"), 0)) -> FALSE | W54: =AND(OR(P54:S54),OR(T54:V54)) -> TRUE | X54: =IF(M54="N/A","N/A","Protection of biodiversity") -> N/A
B55: Protection of Biodiversity | C55: EN-BD-10 | D55: The scheme requires maintenance and/or rehabilitation of pollinator habitats | E55: i. Measures are taken to maintain and/or rehabilitate pollinator habitats on the premises. | I55: Advanced | J55: Crop;Forest | K55: Biomass producer | M55: {=IFERROR(VALUE(_xlfn.IFS(F55="Yes","1",F55="No","0")),"N/A")} -> N/A | N55: 1 | O55: =IF(W55=TRUE,N55,"N/A") -> 1 | P55: =ISNUMBER(MATCH(TRIM('Pre-assessment'!B$9),_xlfn.TEXTSPLIT(TRIM(J55), ";"), 0)) -> TRUE | Q55: =ISNUMBER(MATCH(TRIM('Pre-assessment'!D$9),_xlfn.TEXTSPLIT(TRIM(J55), ";"), 0)) -> TRUE | R55: =ISNUMBER(MATCH(TRIM('Pre-assessment'!F$9),_xlfn.TEXTSPLIT(TRIM(J55), ";"), 0)) -> FALSE | S55: =ISNUMBER(MATCH(TRIM('Pre-assessment'!H$9),_xlfn.TEXTSPLIT(TRIM(J55), ";"), 0)) -> FALSE | T55: =ISNUMBER(MATCH(TRIM('Pre-assessment'!B$12),_xlfn.TEXTSPLIT(TRIM(K55), ";"), 0)) -> TRUE | U55: =ISNUMBER(MATCH(TRIM('Pre-assessment'!D$12),_xlfn.TEXTSPLIT(TRIM(K55), ";"), 0)) -> FALSE | V55: =ISNUMBER(MATCH(TRIM('Pre-assessment'!F$12),_xlfn.TEXTSPLIT(TRIM(K55), ";"), 0)) -> FALSE | W55: =AND(OR(P55:S55),OR(T55:V55)) -> TRUE | X55: =IF(M55="N/A","N/A","Protection of biodiversity") -> N/A
B56: Chemical Use Management | C56: EN-CM-1 | D56: The scheme requires the development, implementation and monitoring of an Integrated Pest Management plan | E56: i. A written Integrated Pest Management Plan (IPM) is in place | H56: i. See glossary for definition of "plant protection products" | I56: Mandatory | J56: Crop;Forest | K56: Biomass producer | M56: {=IFERROR(VALUE(_xlfn.IFS(F56="Yes","1",F56="No","0")),"N/A")} -> N/A | N56: 1 | O56: =IF(W56=TRUE,N56,"N/A") -> 1 | P56: =ISNUMBER(MATCH(TRIM('Pre-assessment'!B$9),_xlfn.TEXTSPLIT(TRIM(J56), ";"), 0)) -> TRUE | Q56: =ISNUMBER(MATCH(TRIM('Pre-assessment'!D$9),_xlfn.TEXTSPLIT(TRIM(J56), ";"), 0)) -> TRUE | R56: =ISNUMBER(MATCH(TRIM('Pre-assessment'!F$9),_xlfn.TEXTSPLIT(TRIM(J56), ";"), 0)) -> FALSE | S56: =ISNUMBER(MATCH(TRIM('Pre-assessment'!H$9),_xlfn.TEXTSPLIT(TRIM(J56), ";"), 0)) -> FALSE | T56: =ISNUMBER(MATCH(TRIM('Pre-assessment'!B$12),_xlfn.TEXTSPLIT(TRIM(K56), ";"), 0)) -> TRUE | U56: =ISNUMBER(MATCH(TRIM('Pre-assessment'!D$12),_xlfn.TEXTSPLIT(TRIM(K56), ";"), 0)) -> FALSE | V56: =ISNUMBER(MATCH(TRIM('Pre-assessment'!F$12),_xlfn.TEXTSPLIT(TRIM(K56), ";"), 0)) -> FALSE | W56: =AND(OR(P56:S56),OR(T56:V56)) -> TRUE | X56: =IF(M56="N/A","N/A","Chemical use management") -> N/A
E57: ii. The plan must contain targets for reducing the use of plant protection products. | I57: Basic | J57: Crop;Forest | K57: Biomass producer | M57: {=IFERROR(VALUE(_xlfn.IFS(F57="Yes","1",F57="No","0")),"N/A")} -> N/A | N57: 1 | O57: =IF(W57=TRUE,N57,"N/A") -> 1 | P57: =ISNUMBER(MATCH(TRIM('Pre-assessment'!B$9),_xlfn.TEXTSPLIT(TRIM(J57), ";"), 0)) -> TRUE | Q57: =ISNUMBER(MATCH(TRIM('Pre-assessment'!D$9),_xlfn.TEXTSPLIT(TRIM(J57), ";"), 0)) -> TRUE | R57: =ISNUMBER(MATCH(TRIM('Pre-assessment'!F$9),_xlfn.TEXTSPLIT(TRIM(J57), ";"), 0)) -> FALSE | S57: =ISNUMBER(MATCH(TRIM('Pre-assessment'!H$9),_xlfn.TEXTSPLIT(TRIM(J57), ";"), 0)) -> FALSE | T57: =ISNUMBER(MATCH(TRIM('Pre-assessment'!B$12),_xlfn.TEXTSPLIT(TRIM(K57), ";"), 0)) -> TRUE | U57: =ISNUMBER(MATCH(TRIM('Pre-assessment'!D$12),_xlfn.TEXTSPLIT(TRIM(K57), ";"), 0)) -> FALSE | V57: =ISNUMBER(MATCH(TRIM('Pre-assessment'!F$12),_xlfn.TEXTSPLIT(TRIM(K57), ";"), 0)) -> FALSE | W57: =AND(OR(P57:S57),OR(T57:V57)) -> TRUE | X57: =IF(M57="N/A","N/A","Chemical use management") -> N/A
E58: iii. The plan is updated and progress is monitored regularly | I58: Basic | J58: Crop;Forest | K58: Biomass producer | M58: {=IFERROR(VALUE(_xlfn.IFS(F58="Yes","1",F58="No","0")),"N/A")} -> N/A | N58: 1 | O58: =IF(W58=TRUE,N58,"N/A") -> 1 | P58: =ISNUMBER(MATCH(TRIM('Pre-assessment'!B$9),_xlfn.TEXTSPLIT(TRIM(J58), ";"), 0)) -> TRUE | Q58: =ISNUMBER(MATCH(TRIM('Pre-assessment'!D$9),_xlfn.TEXTSPLIT(TRIM(J58), ";"), 0)) -> TRUE | R58: =ISNUMBER(MATCH(TRIM('Pre-assessment'!F$9),_xlfn.TEXTSPLIT(TRIM(J58), ";"), 0)) -> FALSE | S58: =ISNUMBER(MATCH(TRIM('Pre-assessment'!H$9),_xlfn.TEXTSPLIT(TRIM(J58), ";"), 0)) -> FALSE | T58: =ISNUMBER(MATCH(TRIM('Pre-assessment'!B$12),_xlfn.TEXTSPLIT(TRIM(K58), ";"), 0)) -> TRUE | U58: =ISNUMBER(MATCH(TRIM('Pre-assessment'!D$12),_xlfn.TEXTSPLIT(TRIM(K58), ";"), 0)) -> FALSE | V58: =ISNUMBER(MATCH(TRIM('Pre-assessment'!F$12),_xlfn.TEXTSPLIT(TRIM(K58), ";"), 0)) -> FALSE | W58: =AND(OR(P58:S58),OR(T58:V58)) -> TRUE | X58: =IF(M58="N/A","N/A","Chemical use management") -> N/A
B59: Chemical Use Management | C59: EN-CM-2 | D59: The scheme requires proper application of plant protection products and fertiliser as well as appropriate equipment maintenance. | E59: i. Records are kept of the application of plant protection products and fertilisers, showing type of chemical, application time, and amount. | H59: i. See glossary for definition of "plant protection products" | I59: Mandatory | J59: Crop;Forest | K59: Biomass producer | M59: {=IFERROR(VALUE(_xlfn.IFS(F59="Yes","1",F59="No","0")),"N/A")} -> N/A | N59: 1 | O59: =IF(W59=TRUE,N59,"N/A") -> 1 | P59: =ISNUMBER(MATCH(TRIM('Pre-assessment'!B$9),_xlfn.TEXTSPLIT(TRIM(J59), ";"), 0)) -> TRUE | Q59: =ISNUMBER(MATCH(TRIM('Pre-assessment'!D$9),_xlfn.TEXTSPLIT(TRIM(J59), ";"), 0)) -> TRUE | R59: =ISNUMBER(MATCH(TRIM('Pre-assessment'!F$9),_xlfn.TEXTSPLIT(TRIM(J59), ";"), 0)) -> FALSE | S59: =ISNUMBER(MATCH(TRIM('Pre-assessment'!$H$9),_xlfn.TEXTSPLIT(TRIM(J59), ";"), 0)) -> FALSE | T59: =ISNUMBER(MATCH(TRIM('Pre-assessment'!B$12),_xlfn.TEXTSPLIT(TRIM(K59), ";"), 0)) -> TRUE | U59: =ISNUMBER(MATCH(TRIM('Pre-assessment'!D$12),_xlfn.TEXTSPLIT(TRIM(K59), ";"), 0)) -> FALSE | V59: =ISNUMBER(MATCH(TRIM('Pre-assessment'!F$12),_xlfn.TEXTSPLIT(TRIM(K59), ";"), 0)) -> FALSE | W59: =AND(OR(P59:S59),OR(T59:V59)) -> TRUE | X59: =IF(M59="N/A","N/A","Chemical use management") -> N/A
E60: ii. Only plant protection products that are officially registered and permitted in the production country for the respective crops are used. | I60: Mandatory | J60: Crop;Forest | K60: Biomass producer | M60: {=IFERROR(VALUE(_xlfn.IFS(F60="Yes","1",F60="No","0")),"N/A")} -> N/A | N60: 1 | O60: =IF(W60=TRUE,N60,"N/A") -> 1 | P60: =ISNUMBER(MATCH(TRIM('Pre-assessment'!B$9),_xlfn.TEXTSPLIT(TRIM(J60), ";"), 0)) -> TRUE | Q60: =ISNUMBER(MATCH(TRIM('Pre-assessment'!D$9),_xlfn.TEXTSPLIT(TRIM(J60), ";"), 0)) -> TRUE | R60: =ISNUMBER(MATCH(TRIM('Pre-assessment'!F$9),_xlfn.TEXTSPLIT(TRIM(J60), ";"), 0)) -> FALSE | S60: =ISNUMBER(MATCH(TRIM('Pre-assessment'!H$9),_xlfn.TEXTSPLIT(TRIM(J60), ";"), 0)) -> FALSE | T60: =ISNUMBER(MATCH(TRIM('Pre-assessment'!B$12),_xlfn.TEXTSPLIT(TRIM(K60), ";"), 0)) -> TRUE | U60: =ISNUMBER(MATCH(TRIM('Pre-assessment'!D$12),_xlfn.TEXTSPLIT(TRIM(K60), ";"), 0)) -> FALSE | V60: =ISNUMBER(MATCH(TRIM('Pre-assessment'!F$12),_xlfn.TEXTSPLIT(TRIM(K60), ";"), 0)) -> FALSE | W60: =AND(OR(P60:S60),OR(T60:V60)) -> TRUE | X60: =IF(M60="N/A","N/A","Chemical use management") -> N/A
E61: iii. Best practices are respected considering, for example, (a) the timing and concentration of application; (b) maximum authorised rates of application; (c) restricted entry intervals; and (d) pre-harvest intervals. | I61: Basic | J61: Crop;Forest | K61: Biomass producer | M61: {=IFERROR(VALUE(_xlfn.IFS(F61="Yes","1",F61="No","0")),"N/A")} -> N/A | N61: 1 | O61: =IF(W61=TRUE,N61,"N/A") -> 1 | P61: =ISNUMBER(MATCH(TRIM('Pre-assessment'!B$9),_xlfn.TEXTSPLIT(TRIM(J61), ";"), 0)) -> TRUE | Q61: =ISNUMBER(MATCH(TRIM('Pre-assessment'!D$9),_xlfn.TEXTSPLIT(TRIM(J61), ";"), 0)) -> TRUE | R61: =ISNUMBER(MATCH(TRIM('Pre-assessment'!F$9),_xlfn.TEXTSPLIT(TRIM(J61), ";"), 0)) -> FALSE | S61: =ISNUMBER(MATCH(TRIM('Pre-assessment'!H$9),_xlfn.TEXTSPLIT(TRIM(J61), ";"), 0)) -> FALSE | T61: =ISNUMBER(MATCH(TRIM('Pre-assessment'!B$12),_xlfn.TEXTSPLIT(TRIM(K61), ";"), 0)) -> TRUE | U61: =ISNUMBER(MATCH(TRIM('Pre-assessment'!D$12),_xlfn.TEXTSPLIT(TRIM(K61), ";"), 0)) -> FALSE | V61: =ISNUMBER(MATCH(TRIM('Pre-assessment'!F$12),_xlfn.TEXTSPLIT(TRIM(K61), ";"), 0)) -> FALSE | W61: =AND(OR(P61:S61),OR(T61:V61)) -> TRUE | X61: =IF(M61="N/A","N/A","Chemical use management") -> N/A
E62: iv. Maintenance of chemical application equipment is conducted regularly. | I62: Basic | J62: Crop;Forest | K62: Biomass producer | M62: {=IFERROR(VALUE(_xlfn.IFS(F62="Yes","1",F62="No","0")),"N/A")} -> N/A | N62: 1 | O62: =IF(W62=TRUE,N62,"N/A") -> 1 | P62: =ISNUMBER(MATCH(TRIM('Pre-assessment'!B$9),_xlfn.TEXTSPLIT(TRIM(J62), ";"), 0)) -> TRUE | Q62: =ISNUMBER(MATCH(TRIM('Pre-assessment'!D$9),_xlfn.TEXTSPLIT(TRIM(J62), ";"), 0)) -> TRUE | R62: =ISNUMBER(MATCH(TRIM('Pre-assessment'!F$9),_xlfn.TEXTSPLIT(TRIM(J62), ";"), 0)) -> FALSE | S62: =ISNUMBER(MATCH(TRIM('Pre-assessment'!H$9),_xlfn.TEXTSPLIT(TRIM(J62), ";"), 0)) -> FALSE | T62: =ISNUMBER(MATCH(TRIM('Pre-assessment'!B$12),_xlfn.TEXTSPLIT(TRIM(K62), ";"), 0)) -> TRUE | U62: =ISNUMBER(MATCH(TRIM('Pre-assessment'!D$12),_xlfn.TEXTSPLIT(TRIM(K62), ";"), 0)) -> FALSE | V62: =ISNUMBER(MATCH(TRIM('Pre-assessment'!F$12),_xlfn.TEXTSPLIT(TRIM(K62), ";"), 0)) -> FALSE | W62: =AND(OR(P62:S62),OR(T62:V62)) -> TRUE | X62: =IF(M62="N/A","N/A","Chemical use management") -> N/A
B63: Chemical Use Management | C63: EN-CM-3 | D63: The scheme requires safe handling and disposal of substances. | E63: i. Storage, handling, use and disposal of substances is conducted based on the manufacturer’s safety instructions. | H63: i. See glossary for definition of "procedure": "hazardous substances", "substance" | I63: Mandatory | J63: Agrarian and forestry residues;Crop;Forest;Waste and residues | K63: Biomass producer;Industrial processor;Final product manufacturer | M63: {=IFERROR(VALUE(_xlfn.IFS(F63="Yes","1",F63="No","0")),"N/A")} -> N/A | N63: 1 | O63: =IF(W63=TRUE,N63,"N/A") -> 1 | P63: =ISNUMBER(MATCH(TRIM('Pre-assessment'!B$9),_xlfn.TEXTSPLIT(TRIM(J63), ";"), 0)) -> TRUE | Q63: =ISNUMBER(MATCH(TRIM('Pre-assessment'!D$9),_xlfn.TEXTSPLIT(TRIM(J63), ";"), 0)) -> TRUE | R63: =ISNUMBER(MATCH(TRIM('Pre-assessment'!F$9),_xlfn.TEXTSPLIT(TRIM(J63), ";"), 0)) -> TRUE | S63: =ISNUMBER(MATCH(TRIM('Pre-assessment'!H$9),_xlfn.TEXTSPLIT(TRIM(J63), ";"), 0)) -> TRUE | T63: =ISNUMBER(MATCH(TRIM('Pre-assessment'!B$12),_xlfn.TEXTSPLIT(TRIM(K63), ";"), 0)) -> TRUE | U63: =ISNUMBER(MATCH(TRIM('Pre-assessment'!D$12),_xlfn.TEXTSPLIT(TRIM(K63), ";"), 0)) -> TRUE | V63: =ISNUMBER(MATCH(TRIM('Pre-assessment'!F$12),_xlfn.TEXTSPLIT(TRIM(K63), ";"), 0)) -> TRUE | W63: =AND(OR(P63:S63),OR(T63:V63)) -> TRUE | X63: =IF(M63="N/A","N/A","Chemical use management") -> N/A
E64: ii. Procedures are in place on how to handle cases of hazardous substance spills. | I64: Basic | J64: Agrarian and forestry residues;Crop;Forest;Waste and residues | K64: Biomass producer;Industrial processor;Final product manufacturer | M64: {=IFERROR(VALUE(_xlfn.IFS(F64="Yes","1",F64="No","0")),"N/A")} -> N/A | N64: 1 | O64: =IF(W64=TRUE,N64,"N/A") -> 1 | P64: =ISNUMBER(MATCH(TRIM('Pre-assessment'!B$9),_xlfn.TEXTSPLIT(TRIM(J64), ";"), 0)) -> TRUE | Q64: =ISNUMBER(MATCH(TRIM('Pre-assessment'!D$9),_xlfn.TEXTSPLIT(TRIM(J64), ";"), 0)) -> TRUE | R64: =ISNUMBER(MATCH(TRIM('Pre-assessment'!F$9),_xlfn.TEXTSPLIT(TRIM(J64), ";"), 0)) -> TRUE | S64: =ISNUMBER(MATCH(TRIM('Pre-assessment'!H$9),_xlfn.TEXTSPLIT(TRIM(J64), ";"), 0)) -> TRUE | T64: =ISNUMBER(MATCH(TRIM('Pre-assessment'!B$12),_xlfn.TEXTSPLIT(TRIM(K64), ";"), 0)) -> TRUE | U64: =ISNUMBER(MATCH(TRIM('Pre-assessment'!D$12),_xlfn.TEXTSPLIT(TRIM(K64), ";"), 0)) -> TRUE | V64: =ISNUMBER(MATCH(TRIM('Pre-assessment'!F$12),_xlfn.TEXTSPLIT(TRIM(K64), ";"), 0)) -> TRUE | W64: =AND(OR(P64:S64),OR(T64:V64)) -> TRUE | X64: =IF(M64="N/A","N/A","Chemical use management") -> N/A
B65: Chemical Use Management | C65: EN-CM-4 | D65: The scheme prohibits and/or regulates the use of hazardous substances. | E65: i. The use of substances addressed by WHO, Rotterdam Convention, or the Stockholm Convention are prohibited. | H65: i. Specifically referring to: WHO’s 1a and 1b lists, Annex III of the Rotterdam Convention, Stockholm Convention on Persistent Organic Pollutants, Montreal Protocol on Substances that Deplete the Ozone Layer ii. See glossary for definition of "substances of very high concern", "hazardous substances", "substances"; "substances that are carcinogenic, mutagenic or toxic to reproduction" iii. Criteria laid down in Article 57 can be found at https://reachonline.eu/reach/en/title-vii-chapter-1-article-57.html | I65: Mandatory | J65: Agrarian and forestry residues;Crop;Forest;Waste and residues | K65: Biomass producer;Industrial processor;Final product manufacturer | M65: {=IFERROR(VALUE(_xlfn.IFS(F65="Yes","1",F65="No","0")),"N/A")} -> N/A | N65: 1 | O65: =IF(W65=TRUE,N65,"N/A") -> 1 | P65: =ISNUMBER(MATCH(TRIM('Pre-assessment'!B$9),_xlfn.TEXTSPLIT(TRIM(J65), ";"), 0)) -> TRUE | Q65: =ISNUMBER(MATCH(TRIM('Pre-assessment'!D$9),_xlfn.TEXTSPLIT(TRIM(J65), ";"), 0)) -> TRUE | R65: =ISNUMBER(MATCH(TRIM('Pre-assessment'!F$9),_xlfn.TEXTSPLIT(TRIM(J65), ";"), 0)) -> TRUE | S65: =ISNUMBER(MATCH(TRIM('Pre-assessment'!$H$9),_xlfn.TEXTSPLIT(TRIM(J65), ";"), 0)) -> TRUE | T65: =ISNUMBER(MATCH(TRIM('Pre-assessment'!B$12),_xlfn.TEXTSPLIT(TRIM(K65), ";"), 0)) -> TRUE | U65: =ISNUMBER(MATCH(TRIM('Pre-assessment'!D$12),_xlfn.TEXTSPLIT(TRIM(K65), ";"), 0)) -> TRUE | V65: =ISNUMBER(MATCH(TRIM('Pre-assessment'!F$12),_xlfn.TEXTSPLIT(TRIM(K65), ";"), 0)) -> TRUE | W65: =AND(OR(P65:S65),OR(T65:V65)) -> TRUE | X65: =IF(M65="N/A","N/A","Chemical use management") -> N/A
E66: ii. The use of substances addressed by the Montreal Protocol is prohibited. | I66: Basic | J66: Agrarian and forestry residues;Crop;Forest;Waste and residues | K66: Biomass producer;Industrial processor;Final product manufacturer | M66: {=IFERROR(VALUE(_xlfn.IFS(F66="Yes","1",F66="No","0")),"N/A")} -> N/A | N66: 1 | O66: =IF(W66=TRUE,N66,"N/A") -> 1 | P66: =ISNUMBER(MATCH(TRIM('Pre-assessment'!B$9),_xlfn.TEXTSPLIT(TRIM(J66), ";"), 0)) -> TRUE | Q66: =ISNUMBER(MATCH(TRIM('Pre-assessment'!D$9),_xlfn.TEXTSPLIT(TRIM(J66), ";"), 0)) -> TRUE | R66: =ISNUMBER(MATCH(TRIM('Pre-assessment'!F$9),_xlfn.TEXTSPLIT(TRIM(J66), ";"), 0)) -> TRUE | S66: =ISNUMBER(MATCH(TRIM('Pre-assessment'!H$9),_xlfn.TEXTSPLIT(TRIM(J66), ";"), 0)) -> TRUE | T66: =ISNUMBER(MATCH(TRIM('Pre-assessment'!B$12),_xlfn.TEXTSPLIT(TRIM(K66), ";"), 0)) -> TRUE | U66: =ISNUMBER(MATCH(TRIM('Pre-assessment'!D$12),_xlfn.TEXTSPLIT(TRIM(K66), ";"), 0)) -> TRUE | V66: =ISNUMBER(MATCH(TRIM('Pre-assessment'!F$12),_xlfn.TEXTSPLIT(TRIM(K66), ";"), 0)) -> TRUE | W66: =AND(OR(P66:S66),OR(T66:V66)) -> TRUE | X66: =IF(M66="N/A","N/A","Chemical use management") -> N/A
E67: iii.The use of substances classified as carcinogenic (category 1a or 1b), mutagenic (category 1a or 1b) or reprotoxic (category 1a or 1b) by the Globally Harmonized System of Classification and Labelling of Chemicals (GHS) is prohibited. | I67: Basic | J67: Agrarian and forestry residues;Crop;Forest;Waste and residues | K67: Biomass producer;Industrial processor;Final product manufacturer | M67: {=IFERROR(VALUE(_xlfn.IFS(F67="Yes","1",F67="No","0")),"N/A")} -> N/A | N67: 1 | O67: =IF(W67=TRUE,N67,"N/A") -> 1 | P67: =ISNUMBER(MATCH(TRIM('Pre-assessment'!B$9),_xlfn.TEXTSPLIT(TRIM(J67), ";"), 0)) -> TRUE | Q67: =ISNUMBER(MATCH(TRIM('Pre-assessment'!D$9),_xlfn.TEXTSPLIT(TRIM(J67), ";"), 0)) -> TRUE | R67: =ISNUMBER(MATCH(TRIM('Pre-assessment'!F$9),_xlfn.TEXTSPLIT(TRIM(J67), ";"), 0)) -> TRUE | S67: =ISNUMBER(MATCH(TRIM('Pre-assessment'!H$9),_xlfn.TEXTSPLIT(TRIM(J67), ";"), 0)) -> TRUE | T67: =ISNUMBER(MATCH(TRIM('Pre-assessment'!B$12),_xlfn.TEXTSPLIT(TRIM(K67), ";"), 0)) -> TRUE | U67: =ISNUMBER(MATCH(TRIM('Pre-assessment'!D$12),_xlfn.TEXTSPLIT(TRIM(K67), ";"), 0)) -> TRUE | V67: =ISNUMBER(MATCH(TRIM('Pre-assessment'!F$12),_xlfn.TEXTSPLIT(TRIM(K67), ";"), 0)) -> TRUE | W67: =AND(OR(P67:S67),OR(T67:V67)) -> TRUE | X67: =IF(M67="N/A","N/A","Chemical use management") -> N/A
E68: iv. The use of substances meeting the criteria laid down in Article 57 of the EU REACH regulation, notably substances meeting the criteria for classification as carcinogenic, mutagenic or toxic for reproduction, is prohibited for some or all applications. | I68: Basic | J68: Agrarian and forestry residues;Crop;Forest;Waste and residues | K68: Biomass producer;Industrial processor;Final product manufacturer | M68: {=IFERROR(VALUE(_xlfn.IFS(F68="Yes","1",F68="No","0")),"N/A")} -> N/A | N68: 1 | O68: =IF(W68=TRUE,N68,"N/A") -> 1 | P68: =ISNUMBER(MATCH(TRIM('Pre-assessment'!B$9),_xlfn.TEXTSPLIT(TRIM(J68), ";"), 0)) -> TRUE | Q68: =ISNUMBER(MATCH(TRIM('Pre-assessment'!D$9),_xlfn.TEXTSPLIT(TRIM(J68), ";"), 0)) -> TRUE | R68: =ISNUMBER(MATCH(TRIM('Pre-assessment'!F$9),_xlfn.TEXTSPLIT(TRIM(J68), ";"), 0)) -> TRUE | S68: =ISNUMBER(MATCH(TRIM('Pre-assessment'!H$9),_xlfn.TEXTSPLIT(TRIM(J68), ";"), 0)) -> TRUE | T68: =ISNUMBER(MATCH(TRIM('Pre-assessment'!B$12),_xlfn.TEXTSPLIT(TRIM(K68), ";"), 0)) -> TRUE | U68: =ISNUMBER(MATCH(TRIM('Pre-assessment'!D$12),_xlfn.TEXTSPLIT(TRIM(K68), ";"), 0)) -> TRUE | V68: =ISNUMBER(MATCH(TRIM('Pre-assessment'!F$12),_xlfn.TEXTSPLIT(TRIM(K68), ";"), 0)) -> TRUE | W68: =AND(OR(P68:S68),OR(T68:V68)) -> TRUE | X68: =IF(M68="N/A","N/A","Chemical use management") -> N/A
E69: v. The use of substances identified as "substances of very high concern" under the EU REACH regulation is prohibited. | I69: Advanced | J69: Agrarian and forestry residues;Crop;Forest;Waste and residues | K69: Biomass producer;Industrial processor;Final product manufacturer | M69: {=IFERROR(VALUE(_xlfn.IFS(F69="Yes","1",F69="No","0")),"N/A")} -> N/A | N69: 1 | O69: =IF(W69=TRUE,N69,"N/A") -> 1 | P69: =ISNUMBER(MATCH(TRIM('Pre-assessment'!B$9),_xlfn.TEXTSPLIT(TRIM(J69), ";"), 0)) -> TRUE | Q69: =ISNUMBER(MATCH(TRIM('Pre-assessment'!D$9),_xlfn.TEXTSPLIT(TRIM(J69), ";"), 0)) -> TRUE | R69: =ISNUMBER(MATCH(TRIM('Pre-assessment'!F$9),_xlfn.TEXTSPLIT(TRIM(J69), ";"), 0)) -> TRUE | S69: =ISNUMBER(MATCH(TRIM('Pre-assessment'!H$9),_xlfn.TEXTSPLIT(TRIM(J69), ";"), 0)) -> TRUE | T69: =ISNUMBER(MATCH(TRIM('Pre-assessment'!B$12),_xlfn.TEXTSPLIT(TRIM(K69), ";"), 0)) -> TRUE | U69: =ISNUMBER(MATCH(TRIM('Pre-assessment'!D$12),_xlfn.TEXTSPLIT(TRIM(K69), ";"), 0)) -> TRUE | V69: =ISNUMBER(MATCH(TRIM('Pre-assessment'!F$12),_xlfn.TEXTSPLIT(TRIM(K69), ";"), 0)) -> TRUE | W69: =AND(OR(P69:S69),OR(T69:V69)) -> TRUE | X69: =IF(M69="N/A","N/A","Chemical use management") -> N/A
B70: Chemical Use Management | C70: EN-CM-5 | D70: The scheme requires a plan to phase out hazardous substances. | E70: i. A plan to phase out hazardous substances as comprehensively as possible is set out. | H70: I. See glossary for "hazardous substances" | I70: Advanced | J70: Agrarian and forestry residues;Crop;Forest;Waste and residues | K70: Industrial processor;Final product manufacturer | M70: {=IFERROR(VALUE(_xlfn.IFS(F70="Yes","1",F70="No","0")),"N/A")} -> N/A | N70: 1 | O70: =IF(W70=TRUE,N70,"N/A") -> 1 | P70: =ISNUMBER(MATCH(TRIM('Pre-assessment'!B$9),_xlfn.TEXTSPLIT(TRIM(J70), ";"), 0)) -> TRUE | Q70: =ISNUMBER(MATCH(TRIM('Pre-assessment'!D$9),_xlfn.TEXTSPLIT(TRIM(J70), ";"), 0)) -> TRUE | R70: =ISNUMBER(MATCH(TRIM('Pre-assessment'!F$9),_xlfn.TEXTSPLIT(TRIM(J70), ";"), 0)) -> TRUE | S70: =ISNUMBER(MATCH(TRIM('Pre-assessment'!H$9),_xlfn.TEXTSPLIT(TRIM(J70), ";"), 0)) -> TRUE | T70: =ISNUMBER(MATCH(TRIM('Pre-assessment'!B$12),_xlfn.TEXTSPLIT(TRIM(K70), ";"), 0)) -> FALSE | U70: =ISNUMBER(MATCH(TRIM('Pre-assessment'!D$12),_xlfn.TEXTSPLIT(TRIM(K70), ";"), 0)) -> TRUE | V70: =ISNUMBER(MATCH(TRIM('Pre-assessment'!F$12),_xlfn.TEXTSPLIT(TRIM(K70), ";"), 0)) -> TRUE | W70: =AND(OR(P70:S70),OR(T70:V70)) -> TRUE | X70: =IF(M70="N/A","N/A","Chemical use management") -> N/A
E71: ii. The plan must contain targets to reduce the use of hazardous substances. | I71: Advanced | J71: Agrarian and forestry residues;Crop;Forest;Waste and residues | K71: Industrial processor;Final product manufacturer | M71: {=IFERROR(VALUE(_xlfn.IFS(F71="Yes","1",F71="No","0")),"N/A")} -> N/A | N71: 1 | O71: =IF(W71=TRUE,N71,"N/A") -> 1 | P71: =ISNUMBER(MATCH(TRIM('Pre-assessment'!B$9),_xlfn.TEXTSPLIT(TRIM(J71), ";"), 0)) -> TRUE | Q71: =ISNUMBER(MATCH(TRIM('Pre-assessment'!D$9),_xlfn.TEXTSPLIT(TRIM(J71), ";"), 0)) -> TRUE | R71: =ISNUMBER(MATCH(TRIM('Pre-assessment'!F$9),_xlfn.TEXTSPLIT(TRIM(J71), ";"), 0)) -> TRUE | S71: =ISNUMBER(MATCH(TRIM('Pre-assessment'!H$9),_xlfn.TEXTSPLIT(TRIM(J71), ";"), 0)) -> TRUE | T71: =ISNUMBER(MATCH(TRIM('Pre-assessment'!B$12),_xlfn.TEXTSPLIT(TRIM(K71), ";"), 0)) -> FALSE | U71: =ISNUMBER(MATCH(TRIM('Pre-assessment'!D$12),_xlfn.TEXTSPLIT(TRIM(K71), ";"), 0)) -> TRUE | V71: =ISNUMBER(MATCH(TRIM('Pre-assessment'!F$12),_xlfn.TEXTSPLIT(TRIM(K71), ";"), 0)) -> TRUE | W71: =AND(OR(P71:S71),OR(T71:V71)) -> TRUE | X71: =IF(M71="N/A","N/A","Chemical use management") -> N/A
E72: iii. The plan is updated and progress is monitored regularly. | I72: Advanced | J72: Agrarian and forestry residues;Crop;Forest;Waste and residues | K72: Industrial processor;Final product manufacturer | M72: {=IFERROR(VALUE(_xlfn.IFS(F72="Yes","1",F72="No","0")),"N/A")} -> N/A | N72: 1 | O72: =IF(W72=TRUE,N72,"N/A") -> 1 | P72: =ISNUMBER(MATCH(TRIM('Pre-assessment'!B$9),_xlfn.TEXTSPLIT(TRIM(J72), ";"), 0)) -> TRUE | Q72: =ISNUMBER(MATCH(TRIM('Pre-assessment'!D$9),_xlfn.TEXTSPLIT(TRIM(J72), ";"), 0)) -> TRUE | R72: =ISNUMBER(MATCH(TRIM('Pre-assessment'!F$9),_xlfn.TEXTSPLIT(TRIM(J72), ";"), 0)) -> TRUE | S72: =ISNUMBER(MATCH(TRIM('Pre-assessment'!H$9),_xlfn.TEXTSPLIT(TRIM(J72), ";"), 0)) -> TRUE | T72: =ISNUMBER(MATCH(TRIM('Pre-assessment'!B$12),_xlfn.TEXTSPLIT(TRIM(K72), ";"), 0)) -> FALSE | U72: =ISNUMBER(MATCH(TRIM('Pre-assessment'!D$12),_xlfn.TEXTSPLIT(TRIM(K72), ";"), 0)) -> TRUE | V72: =ISNUMBER(MATCH(TRIM('Pre-assessment'!F$12),_xlfn.TEXTSPLIT(TRIM(K72), ";"), 0)) -> TRUE | W72: =AND(OR(P72:S72),OR(T72:V72)) -> TRUE | X72: =IF(M72="N/A","N/A","Chemical use management") -> N/A
B73: Soil management | C73: EN-SM-1 | D73: The scheme requires that the use of agrarian and forestry residues for biobased products shall not be at the expense of soil quality and soil carbon. | E73: i. The use of agrarian and forestry residual products does not occur at the expense of the soil nutrient balance, soil organic matter balance or important traditional uses. | H73: i. Traditional uses can include fodder, natural fertiliser, material or local fuel. | I73: Mandatory | J73: Agrarian and forestry residues | K73: Biomass producer | M73: {=IFERROR(VALUE(_xlfn.IFS(F73="Yes","1",F73="No","0")),"N/A")} -> N/A | N73: 1 | O73: =IF(W73=TRUE,N73,"N/A") -> 1 | P73: =ISNUMBER(MATCH(TRIM('Pre-assessment'!B$9),_xlfn.TEXTSPLIT(TRIM(J73), ";"), 0)) -> FALSE | Q73: =ISNUMBER(MATCH(TRIM('Pre-assessment'!D$9),_xlfn.TEXTSPLIT(TRIM(J73), ";"), 0)) -> FALSE | R73: =ISNUMBER(MATCH(TRIM('Pre-assessment'!F$9),_xlfn.TEXTSPLIT(TRIM(J73), ";"), 0)) -> TRUE | S73: =ISNUMBER(MATCH(TRIM('Pre-assessment'!H$9),_xlfn.TEXTSPLIT(TRIM(J73), ";"), 0)) -> FALSE | T73: =ISNUMBER(MATCH(TRIM('Pre-assessment'!B$12),_xlfn.TEXTSPLIT(TRIM(K73), ";"), 0)) -> TRUE | U73: =ISNUMBER(MATCH(TRIM('Pre-assessment'!D$12),_xlfn.TEXTSPLIT(TRIM(K73), ";"), 0)) -> FALSE | V73: =ISNUMBER(MATCH(TRIM('Pre-assessment'!F$12),_xlfn.TEXTSPLIT(TRIM(K73), ";"), 0)) -> FALSE | W73: =AND(OR(P73:S73),OR(T73:V73)) -> TRUE | X73: =IF(M73="N/A","N/A","Soil management") -> N/A
B74: Soil management | C74: EN-SM-2 | D74: The scheme requires implementation of practices to maintain or enhance soil quality | E74: i. The health and/or quality of soil organic matter is maintained or enhanced through rehabilitation measures. | H74: i. Examples of conservation and rehabilitation practices include increased soil coverage, crop diversification, minimum tillage, use of cover crops, increasing organic matter, minimisation of soil disturbance, and protection of soil physical integrity through prevention and minimisation of soil erosion, compaction and drainage. ii. Examples of measures to prevent water loss and improving soil water holding capacity, proper tillage methods, increased soil organic matter, using cover crops etc. iii. Analysis of soil organic matter from periodic sampling of soil on the feedstock production site can help evaluate the effect of the soil management plan on the organic matter content. iv. See glossary for definition of "runoff" | I74: Mandatory | J74: Crop | K74: Biomass producer | M74: {=IFERROR(VALUE(_xlfn.IFS(F74="Yes","1",F74="No","0")),"N/A")} -> N/A | N74: 1 | O74: =IF(W74=TRUE,N74,"N/A") -> 1 | P74: =ISNUMBER(MATCH(TRIM('Pre-assessment'!B$9),_xlfn.TEXTSPLIT(TRIM(J74), ";"), 0)) -> TRUE | Q74: =ISNUMBER(MATCH(TRIM('Pre-assessment'!D$9),_xlfn.TEXTSPLIT(TRIM(J74), ";"), 0)) -> FALSE | R74: =ISNUMBER(MATCH(TRIM('Pre-assessment'!F$9),_xlfn.TEXTSPLIT(TRIM(J74), ";"), 0)) -> FALSE | S74: =ISNUMBER(MATCH(TRIM('Pre-assessment'!H$9),_xlfn.TEXTSPLIT(TRIM(J74), ";"), 0)) -> FALSE | T74: =ISNUMBER(MATCH(TRIM('Pre-assessment'!B$12),_xlfn.TEXTSPLIT(TRIM(K74), ";"), 0)) -> TRUE | U74: =ISNUMBER(MATCH(TRIM('Pre-assessment'!D$12),_xlfn.TEXTSPLIT(TRIM(K74), ";"), 0)) -> FALSE | V74: =ISNUMBER(MATCH(TRIM('Pre-assessment'!F$12),_xlfn.TEXTSPLIT(TRIM(K74), ";"), 0)) -> FALSE | W74: =AND(OR(P74:S74),OR(T74:V74)) -> TRUE | X74: =IF(M74="N/A","N/A","Soil management") -> N/A
E75: ii. Soil structure is maintained or enhanced including the prevention and mitigation of compaction and degradation. | I75: Mandatory | J75: Crop | K75: Biomass producer | M75: {=IFERROR(VALUE(_xlfn.IFS(F75="Yes","1",F75="No","0")),"N/A")} -> N/A | N75: 1 | O75: =IF(W75=TRUE,N75,"N/A") -> 1 | P75: =ISNUMBER(MATCH(TRIM('Pre-assessment'!B$9),_xlfn.TEXTSPLIT(TRIM(J75), ";"), 0)) -> TRUE | Q75: =ISNUMBER(MATCH(TRIM('Pre-assessment'!D$9),_xlfn.TEXTSPLIT(TRIM(J75), ";"), 0)) -> FALSE | R75: =ISNUMBER(MATCH(TRIM('Pre-assessment'!F$9),_xlfn.TEXTSPLIT(TRIM(J75), ";"), 0)) -> FALSE | S75: =ISNUMBER(MATCH(TRIM('Pre-assessment'!H$9),_xlfn.TEXTSPLIT(TRIM(J75), ";"), 0)) -> FALSE | T75: =ISNUMBER(MATCH(TRIM('Pre-assessment'!B$12),_xlfn.TEXTSPLIT(TRIM(K75), ";"), 0)) -> TRUE | U75: =ISNUMBER(MATCH(TRIM('Pre-assessment'!D$12),_xlfn.TEXTSPLIT(TRIM(K75), ";"), 0)) -> FALSE | V75: =ISNUMBER(MATCH(TRIM('Pre-assessment'!F$12),_xlfn.TEXTSPLIT(TRIM(K75), ";"), 0)) -> FALSE | W75: =AND(OR(P75:S75),OR(T75:V75)) -> TRUE | X75: =IF(M75="N/A","N/A","Soil management") -> N/A
E76: iii. Samples of soil organic matter are taken and stored on-site in appropriate conditions (e.g. method, temperature, duration). | I76: Basic | J76: Crop | K76: Biomass producer | M76: {=IFERROR(VALUE(_xlfn.IFS(F76="Yes","1",F76="No","0")),"N/A")} -> N/A | N76: 1 | O76: =IF(W76=TRUE,N76,"N/A") -> 1 | P76: =ISNUMBER(MATCH(TRIM('Pre-assessment'!B$9),_xlfn.TEXTSPLIT(TRIM(J76), ";"), 0)) -> TRUE | Q76: =ISNUMBER(MATCH(TRIM('Pre-assessment'!D$9),_xlfn.TEXTSPLIT(TRIM(J76), ";"), 0)) -> FALSE | R76: =ISNUMBER(MATCH(TRIM('Pre-assessment'!F$9),_xlfn.TEXTSPLIT(TRIM(J76), ";"), 0)) -> FALSE | S76: =ISNUMBER(MATCH(TRIM('Pre-assessment'!H$9),_xlfn.TEXTSPLIT(TRIM(J76), ";"), 0)) -> FALSE | T76: =ISNUMBER(MATCH(TRIM('Pre-assessment'!B$12),_xlfn.TEXTSPLIT(TRIM(K76), ";"), 0)) -> TRUE | U76: =ISNUMBER(MATCH(TRIM('Pre-assessment'!D$12),_xlfn.TEXTSPLIT(TRIM(K76), ";"), 0)) -> FALSE | V76: =ISNUMBER(MATCH(TRIM('Pre-assessment'!F$12),_xlfn.TEXTSPLIT(TRIM(K76), ";"), 0)) -> FALSE | W76: =AND(OR(P76:S76),OR(T76:V76)) -> TRUE | X76: =IF(M76="N/A","N/A","Soil management") -> N/A
E77: iv. Actions are taken to improve soil water holding capacity with the aim of preventing water loss through runoff or evaporation. | I77: Basic | J77: Crop | K77: Biomass producer | M77: {=IFERROR(VALUE(_xlfn.IFS(F77="Yes","1",F77="No","0")),"N/A")} -> N/A | N77: 1 | O77: =IF(W77=TRUE,N77,"N/A") -> 1 | P77: =ISNUMBER(MATCH(TRIM('Pre-assessment'!B$9),_xlfn.TEXTSPLIT(TRIM(J77), ";"), 0)) -> TRUE | Q77: =ISNUMBER(MATCH(TRIM('Pre-assessment'!D$9),_xlfn.TEXTSPLIT(TRIM(J77), ";"), 0)) -> FALSE | R77: =ISNUMBER(MATCH(TRIM('Pre-assessment'!F$9),_xlfn.TEXTSPLIT(TRIM(J77), ";"), 0)) -> FALSE | S77: =ISNUMBER(MATCH(TRIM('Pre-assessment'!H$9),_xlfn.TEXTSPLIT(TRIM(J77), ";"), 0)) -> FALSE | T77: =ISNUMBER(MATCH(TRIM('Pre-assessment'!B$12),_xlfn.TEXTSPLIT(TRIM(K77), ";"), 0)) -> TRUE | U77: =ISNUMBER(MATCH(TRIM('Pre-assessment'!D$12),_xlfn.TEXTSPLIT(TRIM(K77), ";"), 0)) -> FALSE | V77: =ISNUMBER(MATCH(TRIM('Pre-assessment'!F$12),_xlfn.TEXTSPLIT(TRIM(K77), ";"), 0)) -> FALSE | W77: =AND(OR(P77:S77),OR(T77:V77)) -> TRUE | X77: =IF(M77="N/A","N/A","Soil management") -> N/A
E78: v. Measures are taken to maintain and/or improve soil biodiversity. | I78: Advanced | J78: Crop;Forest | K78: Biomass producer | M78: {=IFERROR(VALUE(_xlfn.IFS(F78="Yes","1",F78="No","0")),"N/A")} -> N/A | N78: 1 | O78: =IF(W78=TRUE,N78,"N/A") -> 1 | P78: =ISNUMBER(MATCH(TRIM('Pre-assessment'!B$9),_xlfn.TEXTSPLIT(TRIM(J78), ";"), 0)) -> TRUE | Q78: =ISNUMBER(MATCH(TRIM('Pre-assessment'!D$9),_xlfn.TEXTSPLIT(TRIM(J78), ";"), 0)) -> TRUE | R78: =ISNUMBER(MATCH(TRIM('Pre-assessment'!F$9),_xlfn.TEXTSPLIT(TRIM(J78), ";"), 0)) -> FALSE | S78: =ISNUMBER(MATCH(TRIM('Pre-assessment'!H$9),_xlfn.TEXTSPLIT(TRIM(J78), ";"), 0)) -> FALSE | T78: =ISNUMBER(MATCH(TRIM('Pre-assessment'!B$12),_xlfn.TEXTSPLIT(TRIM(K78), ";"), 0)) -> TRUE | U78: =ISNUMBER(MATCH(TRIM('Pre-assessment'!D$12),_xlfn.TEXTSPLIT(TRIM(K78), ";"), 0)) -> FALSE | V78: =ISNUMBER(MATCH(TRIM('Pre-assessment'!F$12),_xlfn.TEXTSPLIT(TRIM(K78), ";"), 0)) -> FALSE | W78: =AND(OR(P78:S78),OR(T78:V78)) -> TRUE | X78: =IF(M78="N/A","N/A","Soil management") -> N/A
B79: Soil management | C79: EN-SM-3 | D79: The scheme requires that measures are taken and cultivation techniques are used to reduce the risk of soil erosion. | E79: i. Topographic risks are accounted for in soil management and activities are avoided in and around areas where these risks have been identified. | I79: Basic | J79: Crop;Forest | K79: Biomass producer | M79: {=IFERROR(VALUE(_xlfn.IFS(F79="Yes","1",F79="No","0")),"N/A")} -> N/A | N79: 1 | O79: =IF(W79=TRUE,N79,"N/A") -> 1 | P79: =ISNUMBER(MATCH(TRIM('Pre-assessment'!B$9),_xlfn.TEXTSPLIT(TRIM(J79), ";"), 0)) -> TRUE | Q79: =ISNUMBER(MATCH(TRIM('Pre-assessment'!D$9),_xlfn.TEXTSPLIT(TRIM(J79), ";"), 0)) -> TRUE | R79: =ISNUMBER(MATCH(TRIM('Pre-assessment'!F$9),_xlfn.TEXTSPLIT(TRIM(J79), ";"), 0)) -> FALSE | S79: =ISNUMBER(MATCH(TRIM('Pre-assessment'!H$9),_xlfn.TEXTSPLIT(TRIM(J79), ";"), 0)) -> FALSE | T79: =ISNUMBER(MATCH(TRIM('Pre-assessment'!B$12),_xlfn.TEXTSPLIT(TRIM(K79), ";"), 0)) -> TRUE | U79: =ISNUMBER(MATCH(TRIM('Pre-assessment'!D$12),_xlfn.TEXTSPLIT(TRIM(K79), ";"), 0)) -> FALSE | V79: =ISNUMBER(MATCH(TRIM('Pre-assessment'!F$12),_xlfn.TEXTSPLIT(TRIM(K79), ";"), 0)) -> FALSE | W79: =AND(OR(P79:S79),OR(T79:V79)) -> TRUE | X79: =IF(M79="N/A","N/A","Soil management") -> N/A
B80: Soil management | C80: EN-SM-4 | D80: The scheme requires the use of minimal intervention techniques to minimise damages to soil. | E80: i. Minimal intervention techniques are used when building and utilising infrastructure. | H80: i. The impact of heavy machinery and the building of access roads can lead to superficial and deep impacts, such as: soil erosion; soil removal; soil displacement; soil compaction; rutting; puddling and consequent hydromorphology; soil asphyxiation; the stimulation of germination of competing social herbaceous or semi-ligneous species. All these impacts hamper the natural regeneration of forest soil. | I80: Mandatory | J80: Agrarian and forestry residues;Crop;Forest;Waste and residues | K80: Biomass producer | M80: {=IFERROR(VALUE(_xlfn.IFS(F80="Yes","1",F80="No","0")),"N/A")} -> N/A | N80: 1 | O80: =IF(W80=TRUE,N80,"N/A") -> 1 | P80: =ISNUMBER(MATCH(TRIM('Pre-assessment'!B$9),_xlfn.TEXTSPLIT(TRIM(J80), ";"), 0)) -> TRUE | Q80: =ISNUMBER(MATCH(TRIM('Pre-assessment'!D$9),_xlfn.TEXTSPLIT(TRIM(J80), ";"), 0)) -> TRUE | R80: =ISNUMBER(MATCH(TRIM('Pre-assessment'!F$9),_xlfn.TEXTSPLIT(TRIM(J80), ";"), 0)) -> TRUE | S80: =ISNUMBER(MATCH(TRIM('Pre-assessment'!H$9),_xlfn.TEXTSPLIT(TRIM(J80), ";"), 0)) -> TRUE | T80: =ISNUMBER(MATCH(TRIM('Pre-assessment'!B$12),_xlfn.TEXTSPLIT(TRIM(K80), ";"), 0)) -> TRUE | U80: =ISNUMBER(MATCH(TRIM('Pre-assessment'!D$12),_xlfn.TEXTSPLIT(TRIM(K80), ";"), 0)) -> FALSE | V80: =ISNUMBER(MATCH(TRIM('Pre-assessment'!F$12),_xlfn.TEXTSPLIT(TRIM(K80), ";"), 0)) -> FALSE | W80: =AND(OR(P80:S80),OR(T80:V80)) -> TRUE | X80: =IF(M80="N/A","N/A","Soil management") -> N/A
E81: ii. Soil scarification is only used in exceptional cases if required to achieve sufficient regeneration. | I81: Advanced | J81: Agrarian and forestry residues;Crop;Forest;Waste and residues | K81: Biomass producer | M81: {=IFERROR(VALUE(_xlfn.IFS(F81="Yes","1",F81="No","0")),"N/A")} -> N/A | N81: 1 | O81: =IF(W81=TRUE,N81,"N/A") -> 1 | P81: =ISNUMBER(MATCH(TRIM('Pre-assessment'!B$9),_xlfn.TEXTSPLIT(TRIM(J81), ";"), 0)) -> TRUE | Q81: =ISNUMBER(MATCH(TRIM('Pre-assessment'!D$9),_xlfn.TEXTSPLIT(TRIM(J81), ";"), 0)) -> TRUE | R81: =ISNUMBER(MATCH(TRIM('Pre-assessment'!F$9),_xlfn.TEXTSPLIT(TRIM(J81), ";"), 0)) -> TRUE | S81: =ISNUMBER(MATCH(TRIM('Pre-assessment'!H$9),_xlfn.TEXTSPLIT(TRIM(J81), ";"), 0)) -> TRUE | T81: =ISNUMBER(MATCH(TRIM('Pre-assessment'!B$12),_xlfn.TEXTSPLIT(TRIM(K81), ";"), 0)) -> TRUE | U81: =ISNUMBER(MATCH(TRIM('Pre-assessment'!D$12),_xlfn.TEXTSPLIT(TRIM(K81), ";"), 0)) -> FALSE | V81: =ISNUMBER(MATCH(TRIM('Pre-assessment'!F$12),_xlfn.TEXTSPLIT(TRIM(K81), ";"), 0)) -> FALSE | W81: =AND(OR(P81:S81),OR(T81:V81)) -> TRUE | X81: =IF(M81="N/A","N/A","Soil management") -> N/A
E82: iii. The lightest appropriate soil scarification method is used to minimise impacts on soil and lichen. | I82: Advanced | J82: Agrarian and forestry residues;Crop;Forest;Waste and residues | K82: Biomass producer | M82: {=IFERROR(VALUE(_xlfn.IFS(F82="Yes","1",F82="No","0")),"N/A")} -> N/A | N82: 1 | O82: =IF(W82=TRUE,N82,"N/A") -> 1 | P82: =ISNUMBER(MATCH(TRIM('Pre-assessment'!B$9),_xlfn.TEXTSPLIT(TRIM(J82), ";"), 0)) -> TRUE | Q82: =ISNUMBER(MATCH(TRIM('Pre-assessment'!D$9),_xlfn.TEXTSPLIT(TRIM(J82), ";"), 0)) -> TRUE | R82: =ISNUMBER(MATCH(TRIM('Pre-assessment'!F$9),_xlfn.TEXTSPLIT(TRIM(J82), ";"), 0)) -> TRUE | S82: =ISNUMBER(MATCH(TRIM('Pre-assessment'!H$9),_xlfn.TEXTSPLIT(TRIM(J82), ";"), 0)) -> TRUE | T82: =ISNUMBER(MATCH(TRIM('Pre-assessment'!B$12),_xlfn.TEXTSPLIT(TRIM(K82), ";"), 0)) -> TRUE | U82: =ISNUMBER(MATCH(TRIM('Pre-assessment'!D$12),_xlfn.TEXTSPLIT(TRIM(K82), ";"), 0)) -> FALSE | V82: =ISNUMBER(MATCH(TRIM('Pre-assessment'!F$12),_xlfn.TEXTSPLIT(TRIM(K82), ";"), 0)) -> FALSE | W82: =AND(OR(P82:S82),OR(T82:V82)) -> TRUE | X82: =IF(M82="N/A","N/A","Soil management") -> N/A
B83: Soil management | C83: EN-SM-5 | D83: The scheme requires the development, implementation and monitoring of a nutrient management plan. | E83: I. A written nutrient management plan is established. | H83: i. See glossary for definition of "4R principle for nutrient stewardship" | I83: Basic | J83: Crop | K83: Biomass producer | M83: {=IFERROR(VALUE(_xlfn.IFS(F83="Yes","1",F83="No","0")),"N/A")} -> N/A | N83: 1 | O83: =IF(W83=TRUE,N83,"N/A") -> 1 | P83: =ISNUMBER(MATCH(TRIM('Pre-assessment'!B$9),_xlfn.TEXTSPLIT(TRIM(J83), ";"), 0)) -> TRUE | Q83: =ISNUMBER(MATCH(TRIM('Pre-assessment'!D$9),_xlfn.TEXTSPLIT(TRIM(J83), ";"), 0)) -> FALSE | R83: =ISNUMBER(MATCH(TRIM('Pre-assessment'!F$9),_xlfn.TEXTSPLIT(TRIM(J83), ";"), 0)) -> FALSE | S83: =ISNUMBER(MATCH(TRIM('Pre-assessment'!H$9),_xlfn.TEXTSPLIT(TRIM(J83), ";"), 0)) -> FALSE | T83: =ISNUMBER(MATCH(TRIM('Pre-assessment'!B$12),_xlfn.TEXTSPLIT(TRIM(K83), ";"), 0)) -> TRUE | U83: =ISNUMBER(MATCH(TRIM('Pre-assessment'!D$12),_xlfn.TEXTSPLIT(TRIM(K83), ";"), 0)) -> FALSE | V83: =ISNUMBER(MATCH(TRIM('Pre-assessment'!F$12),_xlfn.TEXTSPLIT(TRIM(K83), ";"), 0)) -> FALSE | W83: =AND(OR(P83:S83),OR(T83:V83)) -> TRUE | X83: =IF(M83="N/A","N/A","Soil management") -> N/A
E84: ii. The plan is updated and progress is monitored regularly | I84: Basic | J84: Crop | K84: Biomass producer | M84: {=IFERROR(VALUE(_xlfn.IFS(F84="Yes","1",F84="No","0")),"N/A")} -> N/A | N84: 1 | O84: =IF(W84=TRUE,N84,"N/A") -> 1 | P84: =ISNUMBER(MATCH(TRIM('Pre-assessment'!B$9),_xlfn.TEXTSPLIT(TRIM(J84), ";"), 0)) -> TRUE | Q84: =ISNUMBER(MATCH(TRIM('Pre-assessment'!D$9),_xlfn.TEXTSPLIT(TRIM(J84), ";"), 0)) -> FALSE | R84: =ISNUMBER(MATCH(TRIM('Pre-assessment'!F$9),_xlfn.TEXTSPLIT(TRIM(J84), ";"), 0)) -> FALSE | S84: =ISNUMBER(MATCH(TRIM('Pre-assessment'!H$9),_xlfn.TEXTSPLIT(TRIM(J84), ";"), 0)) -> FALSE | T84: =ISNUMBER(MATCH(TRIM('Pre-assessment'!B$12),_xlfn.TEXTSPLIT(TRIM(K84), ";"), 0)) -> TRUE | U84: =ISNUMBER(MATCH(TRIM('Pre-assessment'!D$12),_xlfn.TEXTSPLIT(TRIM(K84), ";"), 0)) -> FALSE | V84: =ISNUMBER(MATCH(TRIM('Pre-assessment'!F$12),_xlfn.TEXTSPLIT(TRIM(K84), ";"), 0)) -> FALSE | W84: =AND(OR(P84:S84),OR(T84:V84)) -> TRUE | X84: =IF(M84="N/A","N/A","Soil management") -> N/A
E85: iii. The nutrient management plan is based on the 4Rs principle. | I85: Advanced | J85: Crop | K85: Biomass producer | M85: {=IFERROR(VALUE(_xlfn.IFS(F85="Yes","1",F85="No","0")),"N/A")} -> N/A | N85: 1 | O85: =IF(W85=TRUE,N85,"N/A") -> 1 | P85: =ISNUMBER(MATCH(TRIM('Pre-assessment'!B$9),_xlfn.TEXTSPLIT(TRIM(J85), ";"), 0)) -> TRUE | Q85: =ISNUMBER(MATCH(TRIM('Pre-assessment'!D$9),_xlfn.TEXTSPLIT(TRIM(J85), ";"), 0)) -> FALSE | R85: =ISNUMBER(MATCH(TRIM('Pre-assessment'!F$9),_xlfn.TEXTSPLIT(TRIM(J85), ";"), 0)) -> FALSE | S85: =ISNUMBER(MATCH(TRIM('Pre-assessment'!H$9),_xlfn.TEXTSPLIT(TRIM(J85), ";"), 0)) -> FALSE | T85: =ISNUMBER(MATCH(TRIM('Pre-assessment'!B$12),_xlfn.TEXTSPLIT(TRIM(K85), ";"), 0)) -> TRUE | U85: =ISNUMBER(MATCH(TRIM('Pre-assessment'!D$12),_xlfn.TEXTSPLIT(TRIM(K85), ";"), 0)) -> FALSE | V85: =ISNUMBER(MATCH(TRIM('Pre-assessment'!F$12),_xlfn.TEXTSPLIT(TRIM(K85), ";"), 0)) -> FALSE | W85: =AND(OR(P85:S85),OR(T85:V85)) -> TRUE | X85: =IF(M85="N/A","N/A","Soil management") -> N/A
B86: Air quality | C86: EN-AQ-1 | D86: The scheme requires measures to limit the emission of harmful substances into the air. | E86: i. Measures are taken to limit the emission of harmful substances into the air. | H86: i. Harmful substances can include carbon monoxide, nitrous oxides (NOx), volatile organic compounds (VOC), particulate matter (PM2.5), sulphur compounds, ozone (O3), sulphur dioxide (SO2), smoke, odors and dioxins. | I86: Mandatory | J86: Agrarian and forestry residues;Crop;Forest;Waste and residues | K86: Biomass producer;Industrial processor;Final product manufacturer | M86: {=IFERROR(VALUE(_xlfn.IFS(F86="Yes","1",F86="No","0")),"N/A")} -> N/A | N86: 1 | O86: =IF(W86=TRUE,N86,"N/A") -> 1 | P86: =ISNUMBER(MATCH(TRIM('Pre-assessment'!B$9),_xlfn.TEXTSPLIT(TRIM(J86), ";"), 0)) -> TRUE | Q86: =ISNUMBER(MATCH(TRIM('Pre-assessment'!D$9),_xlfn.TEXTSPLIT(TRIM(J86), ";"), 0)) -> TRUE | R86: =ISNUMBER(MATCH(TRIM('Pre-assessment'!F$9),_xlfn.TEXTSPLIT(TRIM(J86), ";"), 0)) -> TRUE | S86: =ISNUMBER(MATCH(TRIM('Pre-assessment'!H$9),_xlfn.TEXTSPLIT(TRIM(J86), ";"), 0)) -> TRUE | T86: =ISNUMBER(MATCH(TRIM('Pre-assessment'!B$12),_xlfn.TEXTSPLIT(TRIM(K86), ";"), 0)) -> TRUE | U86: =ISNUMBER(MATCH(TRIM('Pre-assessment'!D$12),_xlfn.TEXTSPLIT(TRIM(K86), ";"), 0)) -> TRUE | V86: =ISNUMBER(MATCH(TRIM('Pre-assessment'!F$12),_xlfn.TEXTSPLIT(TRIM(K86), ";"), 0)) -> TRUE | W86: =AND(OR(P86:S86),OR(T86:V86)) -> TRUE | X86: =IF(M86="N/A","N/A","Air quality") -> N/A
E87: ii. Air quality is measured regularly in the area of operation and analysed. | I87: Basic | J87: Agrarian and forestry residues;Crop;Forest;Waste and residues | K87: Biomass producer;Industrial processor;Final product manufacturer | M87: {=IFERROR(VALUE(_xlfn.IFS(F87="Yes","1",F87="No","0")),"N/A")} -> N/A | N87: 1 | O87: =IF(W87=TRUE,N87,"N/A") -> 1 | P87: =ISNUMBER(MATCH(TRIM('Pre-assessment'!B$9),_xlfn.TEXTSPLIT(TRIM(J87), ";"), 0)) -> TRUE | Q87: =ISNUMBER(MATCH(TRIM('Pre-assessment'!D$9),_xlfn.TEXTSPLIT(TRIM(J87), ";"), 0)) -> TRUE | R87: =ISNUMBER(MATCH(TRIM('Pre-assessment'!F$9),_xlfn.TEXTSPLIT(TRIM(J87), ";"), 0)) -> TRUE | S87: =ISNUMBER(MATCH(TRIM('Pre-assessment'!H$9),_xlfn.TEXTSPLIT(TRIM(J87), ";"), 0)) -> TRUE | T87: =ISNUMBER(MATCH(TRIM('Pre-assessment'!B$12),_xlfn.TEXTSPLIT(TRIM(K87), ";"), 0)) -> TRUE | U87: =ISNUMBER(MATCH(TRIM('Pre-assessment'!D$12),_xlfn.TEXTSPLIT(TRIM(K87), ";"), 0)) -> TRUE | V87: =ISNUMBER(MATCH(TRIM('Pre-assessment'!F$12),_xlfn.TEXTSPLIT(TRIM(K87), ";"), 0)) -> TRUE | W87: =AND(OR(P87:S87),OR(T87:V87)) -> TRUE | X87: =IF(M87="N/A","N/A","Air quality") -> N/A
B88: Water Quality and Conservation | C88: EN-WQ-1 | D88: The scheme requires that water use does not exceed the natural replenishment rate. | E88: i. The water consumption and withdrawals of the operator do not exceed the natural replenishment rate. | H88: i. Examples of ways to ensure that water consumption does not exceed natural replenishment capacities include recycling gray water and rain water collection. | I88: Mandatory | J88: Agrarian and forestry residues;Crop;Forest;Waste and residues | K88: Biomass producer;Industrial processor;Final product manufacturer | M88: {=IFERROR(VALUE(_xlfn.IFS(F88="Yes","1",F88="No","0")),"N/A")} -> N/A | N88: 1 | O88: =IF(W88=TRUE,N88,"N/A") -> 1 | P88: =ISNUMBER(MATCH(TRIM('Pre-assessment'!B$9),_xlfn.TEXTSPLIT(TRIM(J88), ";"), 0)) -> TRUE | Q88: =ISNUMBER(MATCH(TRIM('Pre-assessment'!D$9),_xlfn.TEXTSPLIT(TRIM(J88), ";"), 0)) -> TRUE | R88: =ISNUMBER(MATCH(TRIM('Pre-assessment'!F$9),_xlfn.TEXTSPLIT(TRIM(J88), ";"), 0)) -> TRUE | S88: =ISNUMBER(MATCH(TRIM('Pre-assessment'!H$9),_xlfn.TEXTSPLIT(TRIM(J88), ";"), 0)) -> TRUE | T88: =ISNUMBER(MATCH(TRIM('Pre-assessment'!B$12),_xlfn.TEXTSPLIT(TRIM(K88), ";"), 0)) -> TRUE | U88: =ISNUMBER(MATCH(TRIM('Pre-assessment'!D$12),_xlfn.TEXTSPLIT(TRIM(K88), ";"), 0)) -> TRUE | V88: =ISNUMBER(MATCH(TRIM('Pre-assessment'!F$12),_xlfn.TEXTSPLIT(TRIM(K88), ";"), 0)) -> TRUE | W88: =AND(OR(P88:S88),OR(T88:V88)) -> TRUE | X88: =IF(M88="N/A","N/A","Water quality and conservation") -> N/A
B89: Water Quality and Conservation | C89: EN-WQ-2 | D89: The scheme requires measures for optimising water use efficiency. | E89: i. Water is used efficiently and good water management measures are implemented. | I89: Mandatory | J89: Agrarian and forestry residues;Crop;Forest;Waste and residues | K89: Biomass producer;Industrial processor;Final product manufacturer | M89: {=IFERROR(VALUE(_xlfn.IFS(F89="Yes","1",F89="No","0")),"N/A")} -> N/A | N89: 1 | O89: =IF(W89=TRUE,N89,"N/A") -> 1 | P89: =ISNUMBER(MATCH(TRIM('Pre-assessment'!B$9),_xlfn.TEXTSPLIT(TRIM(J89), ";"), 0)) -> TRUE | Q89: =ISNUMBER(MATCH(TRIM('Pre-assessment'!D$9),_xlfn.TEXTSPLIT(TRIM(J89), ";"), 0)) -> TRUE | R89: =ISNUMBER(MATCH(TRIM('Pre-assessment'!F$9),_xlfn.TEXTSPLIT(TRIM(J89), ";"), 0)) -> TRUE | S89: =ISNUMBER(MATCH(TRIM('Pre-assessment'!H$9),_xlfn.TEXTSPLIT(TRIM(J89), ";"), 0)) -> TRUE | T89: =ISNUMBER(MATCH(TRIM('Pre-assessment'!B$12),_xlfn.TEXTSPLIT(TRIM(K89), ";"), 0)) -> TRUE | U89: =ISNUMBER(MATCH(TRIM('Pre-assessment'!D$12),_xlfn.TEXTSPLIT(TRIM(K89), ";"), 0)) -> TRUE | V89: =ISNUMBER(MATCH(TRIM('Pre-assessment'!F$12),_xlfn.TEXTSPLIT(TRIM(K89), ";"), 0)) -> TRUE | W89: =AND(OR(P89:S89),OR(T89:V89)) -> TRUE | X89: =IF(M89="N/A","N/A","Water quality and conservation") -> N/A
B90: Water Quality and Conservation | C90: EN-WQ-3 | D90: The scheme requires measures for water pollution prevention or minimisation. | E90: i. Measures are in place to prevent or minimise point and nonpoint source pollution. | H90: i. See glossary for definitions for "point source pollution", "nonpoint source pollution", "sewage", "sludge" and "slurry". | I90: Mandatory | J90: Agrarian and forestry residues;Crop;Forest;Waste and residues | K90: Biomass producer;Industrial processor;Final product manufacturer | M90: {=IFERROR(VALUE(_xlfn.IFS(F90="Yes","1",F90="No","0")),"N/A")} -> N/A | N90: 1 | O90: =IF(W90=TRUE,N90,"N/A") -> 1 | P90: =ISNUMBER(MATCH(TRIM('Pre-assessment'!B$9),_xlfn.TEXTSPLIT(TRIM(J90), ";"), 0)) -> TRUE | Q90: =ISNUMBER(MATCH(TRIM('Pre-assessment'!D$9),_xlfn.TEXTSPLIT(TRIM(J90), ";"), 0)) -> TRUE | R90: =ISNUMBER(MATCH(TRIM('Pre-assessment'!F$9),_xlfn.TEXTSPLIT(TRIM(J90), ";"), 0)) -> TRUE | S90: =ISNUMBER(MATCH(TRIM('Pre-assessment'!H$9),_xlfn.TEXTSPLIT(TRIM(J90), ";"), 0)) -> TRUE | T90: =ISNUMBER(MATCH(TRIM('Pre-assessment'!B$12),_xlfn.TEXTSPLIT(TRIM(K90), ";"), 0)) -> TRUE | U90: =ISNUMBER(MATCH(TRIM('Pre-assessment'!D$12),_xlfn.TEXTSPLIT(TRIM(K90), ";"), 0)) -> TRUE | V90: =ISNUMBER(MATCH(TRIM('Pre-assessment'!F$12),_xlfn.TEXTSPLIT(TRIM(K90), ";"), 0)) -> TRUE | W90: =AND(OR(P90:S90),OR(T90:V90)) -> TRUE | X90: =IF(M90="N/A","N/A","Water quality and conservation") -> N/A
E91: ii. The use and discharge of untreated sewage, sludge and slurry of human origin is prohibited. | I91: Basic | J91: Agrarian and forestry residues;Crop;Forest;Waste and residues | K91: Biomass producer;Industrial processor;Final product manufacturer | M91: {=IFERROR(VALUE(_xlfn.IFS(F91="Yes","1",F91="No","0")),"N/A")} -> N/A | N91: 1 | O91: =IF(W91=TRUE,N91,"N/A") -> 1 | P91: =ISNUMBER(MATCH(TRIM('Pre-assessment'!B$9),_xlfn.TEXTSPLIT(TRIM(J91), ";"), 0)) -> TRUE | Q91: =ISNUMBER(MATCH(TRIM('Pre-assessment'!D$9),_xlfn.TEXTSPLIT(TRIM(J91), ";"), 0)) -> TRUE | R91: =ISNUMBER(MATCH(TRIM('Pre-assessment'!F$9),_xlfn.TEXTSPLIT(TRIM(J91), ";"), 0)) -> TRUE | S91: =ISNUMBER(MATCH(TRIM('Pre-assessment'!H$9),_xlfn.TEXTSPLIT(TRIM(J91), ";"), 0)) -> TRUE | T91: =ISNUMBER(MATCH(TRIM('Pre-assessment'!B$12),_xlfn.TEXTSPLIT(TRIM(K91), ";"), 0)) -> TRUE | U91: =ISNUMBER(MATCH(TRIM('Pre-assessment'!D$12),_xlfn.TEXTSPLIT(TRIM(K91), ";"), 0)) -> TRUE | V91: =ISNUMBER(MATCH(TRIM('Pre-assessment'!F$12),_xlfn.TEXTSPLIT(TRIM(K91), ";"), 0)) -> TRUE | W91: =AND(OR(P91:S91),OR(T91:V91)) -> TRUE | X91: =IF(M91="N/A","N/A","Water quality and conservation") -> N/A
E92: iii. Buffer zones are installed along natural watercourses | I92: Basic | J92: Agrarian and forestry residues;Crop;Forest;Waste and residues | K92: Biomass producer;Industrial processor;Final product manufacturer | M92: {=IFERROR(VALUE(_xlfn.IFS(F92="Yes","1",F92="No","0")),"N/A")} -> N/A | N92: 1 | O92: =IF(W92=TRUE,N92,"N/A") -> 1 | P92: =ISNUMBER(MATCH(TRIM('Pre-assessment'!B$9),_xlfn.TEXTSPLIT(TRIM(J92), ";"), 0)) -> TRUE | Q92: =ISNUMBER(MATCH(TRIM('Pre-assessment'!D$9),_xlfn.TEXTSPLIT(TRIM(J92), ";"), 0)) -> TRUE | R92: =ISNUMBER(MATCH(TRIM('Pre-assessment'!F$9),_xlfn.TEXTSPLIT(TRIM(J92), ";"), 0)) -> TRUE | S92: =ISNUMBER(MATCH(TRIM('Pre-assessment'!H$9),_xlfn.TEXTSPLIT(TRIM(J92), ";"), 0)) -> TRUE | T92: =ISNUMBER(MATCH(TRIM('Pre-assessment'!B$12),_xlfn.TEXTSPLIT(TRIM(K92), ";"), 0)) -> TRUE | U92: =ISNUMBER(MATCH(TRIM('Pre-assessment'!D$12),_xlfn.TEXTSPLIT(TRIM(K92), ";"), 0)) -> TRUE | V92: =ISNUMBER(MATCH(TRIM('Pre-assessment'!F$12),_xlfn.TEXTSPLIT(TRIM(K92), ";"), 0)) -> TRUE | W92: =AND(OR(P92:S92),OR(T92:V92)) -> TRUE | X92: =IF(M92="N/A","N/A","Water quality and conservation") -> N/A
B93: Water Quality and Conservation | C93: EN-WQ-4 | D93: The scheme requires records of water use and quality. | E93: i. Water consumption is evidenced by water monitoring records. | I93: Basic | J93: Agrarian and forestry residues;Crop;Forest;Waste and residues | K93: Biomass producer;Industrial processor;Final product manufacturer | M93: {=IFERROR(VALUE(_xlfn.IFS(F93="Yes","1",F93="No","0")),"N/A")} -> N/A | N93: 1 | O93: =IF(W93=TRUE,N93,"N/A") -> 1 | P93: =ISNUMBER(MATCH(TRIM('Pre-assessment'!B$9),_xlfn.TEXTSPLIT(TRIM(J93), ";"), 0)) -> TRUE | Q93: =ISNUMBER(MATCH(TRIM('Pre-assessment'!D$9),_xlfn.TEXTSPLIT(TRIM(J93), ";"), 0)) -> TRUE | R93: =ISNUMBER(MATCH(TRIM('Pre-assessment'!F$9),_xlfn.TEXTSPLIT(TRIM(J93), ";"), 0)) -> TRUE | S93: =ISNUMBER(MATCH(TRIM('Pre-assessment'!H$9),_xlfn.TEXTSPLIT(TRIM(J93), ";"), 0)) -> TRUE | T93: =ISNUMBER(MATCH(TRIM('Pre-assessment'!B$12),_xlfn.TEXTSPLIT(TRIM(K93), ";"), 0)) -> TRUE | U93: =ISNUMBER(MATCH(TRIM('Pre-assessment'!D$12),_xlfn.TEXTSPLIT(TRIM(K93), ";"), 0)) -> TRUE | V93: =ISNUMBER(MATCH(TRIM('Pre-assessment'!F$12),_xlfn.TEXTSPLIT(TRIM(K93), ";"), 0)) -> TRUE | W93: =AND(OR(P93:S93),OR(T93:V93)) -> TRUE | X93: =IF(M93="N/A","N/A","Water quality and conservation") -> N/A
E94: ii. The quality of water is tested regularly. | I94: Basic | J94: Agrarian and forestry residues;Crop;Forest;Waste and residues | K94: Biomass producer;Industrial processor;Final product manufacturer | M94: {=IFERROR(VALUE(_xlfn.IFS(F94="Yes","1",F94="No","0")),"N/A")} -> N/A | N94: 1 | O94: =IF(W94=TRUE,N94,"N/A") -> 1 | P94: =ISNUMBER(MATCH(TRIM('Pre-assessment'!B$9),_xlfn.TEXTSPLIT(TRIM(J94), ";"), 0)) -> TRUE | Q94: =ISNUMBER(MATCH(TRIM('Pre-assessment'!D$9),_xlfn.TEXTSPLIT(TRIM(J94), ";"), 0)) -> TRUE | R94: =ISNUMBER(MATCH(TRIM('Pre-assessment'!F$9),_xlfn.TEXTSPLIT(TRIM(J94), ";"), 0)) -> TRUE | S94: =ISNUMBER(MATCH(TRIM('Pre-assessment'!H$9),_xlfn.TEXTSPLIT(TRIM(J94), ";"), 0)) -> TRUE | T94: =ISNUMBER(MATCH(TRIM('Pre-assessment'!B$12),_xlfn.TEXTSPLIT(TRIM(K94), ";"), 0)) -> TRUE | U94: =ISNUMBER(MATCH(TRIM('Pre-assessment'!D$12),_xlfn.TEXTSPLIT(TRIM(K94), ";"), 0)) -> TRUE | V94: =ISNUMBER(MATCH(TRIM('Pre-assessment'!F$12),_xlfn.TEXTSPLIT(TRIM(K94), ";"), 0)) -> TRUE | W94: =AND(OR(P94:S94),OR(T94:V94)) -> TRUE | X94: =IF(M94="N/A","N/A","Water quality and conservation") -> N/A
E95: iii. Water quality is evidenced by water quality monitoring records. | I95: Advanced | J95: Agrarian and forestry residues;Crop;Forest;Waste and residues | K95: Biomass producer;Industrial processor;Final product manufacturer | M95: {=IFERROR(VALUE(_xlfn.IFS(F95="Yes","1",F95="No","0")),"N/A")} -> N/A | N95: 1 | O95: =IF(W95=TRUE,N95,"N/A") -> 1 | P95: =ISNUMBER(MATCH(TRIM('Pre-assessment'!B$9),_xlfn.TEXTSPLIT(TRIM(J95), ";"), 0)) -> TRUE | Q95: =ISNUMBER(MATCH(TRIM('Pre-assessment'!D$9),_xlfn.TEXTSPLIT(TRIM(J95), ";"), 0)) -> TRUE | R95: =ISNUMBER(MATCH(TRIM('Pre-assessment'!F$9),_xlfn.TEXTSPLIT(TRIM(J95), ";"), 0)) -> TRUE | S95: =ISNUMBER(MATCH(TRIM('Pre-assessment'!H$9),_xlfn.TEXTSPLIT(TRIM(J95), ";"), 0)) -> TRUE | T95: =ISNUMBER(MATCH(TRIM('Pre-assessment'!B$12),_xlfn.TEXTSPLIT(TRIM(K95), ";"), 0)) -> TRUE | U95: =ISNUMBER(MATCH(TRIM('Pre-assessment'!D$12),_xlfn.TEXTSPLIT(TRIM(K95), ";"), 0)) -> TRUE | V95: =ISNUMBER(MATCH(TRIM('Pre-assessment'!F$12),_xlfn.TEXTSPLIT(TRIM(K95), ";"), 0)) -> TRUE | W95: =AND(OR(P95:S95),OR(T95:V95)) -> TRUE | X95: =IF(M95="N/A","N/A","Water quality and conservation") -> N/A
B96: Energy Use & Efficiency | C96: EN-EE-1 | D96: The scheme requires the development, implementation and monitoring of an energy management plan, including energy use reduction and increasing the share of renewable energy. | E96: i. A written energy management plan is in place that considers energy use reduction and increasing the share of renewable energy. | H96: i. See definition in glossary for "renewable energy" | I96: Advanced | J96: Agrarian and forestry residues;Crop;Forest;Waste and residues | K96: Biomass producer;Industrial processor;Final product manufacturer | M96: {=IFERROR(VALUE(_xlfn.IFS(F96="Yes","1",F96="No","0")),"N/A")} -> N/A | N96: 1 | O96: =IF(W96=TRUE,N96,"N/A") -> 1 | P96: =ISNUMBER(MATCH(TRIM('Pre-assessment'!B$9),_xlfn.TEXTSPLIT(TRIM(J96), ";"), 0)) -> TRUE | Q96: =ISNUMBER(MATCH(TRIM('Pre-assessment'!D$9),_xlfn.TEXTSPLIT(TRIM(J96), ";"), 0)) -> TRUE | R96: =ISNUMBER(MATCH(TRIM('Pre-assessment'!F$9),_xlfn.TEXTSPLIT(TRIM(J96), ";"), 0)) -> TRUE | S96: =ISNUMBER(MATCH(TRIM('Pre-assessment'!H$9),_xlfn.TEXTSPLIT(TRIM(J96), ";"), 0)) -> TRUE | T96: =ISNUMBER(MATCH(TRIM('Pre-assessment'!B$12),_xlfn.TEXTSPLIT(TRIM(K96), ";"), 0)) -> TRUE | U96: =ISNUMBER(MATCH(TRIM('Pre-assessment'!D$12),_xlfn.TEXTSPLIT(TRIM(K96), ";"), 0)) -> TRUE | V96: =ISNUMBER(MATCH(TRIM('Pre-assessment'!F$12),_xlfn.TEXTSPLIT(TRIM(K96), ";"), 0)) -> TRUE | W96: =AND(OR(P96:S96),OR(T96:V96)) -> TRUE | X96: =IF(M96="N/A","N/A","Energy use & efficiency") -> N/A
E97: ii. The energy manamagent plan contains targets for energy use reduction and for increasing the share of renewable energy. | I97: Advanced | J97: Agrarian and forestry residues;Crop;Forest;Waste and residues | K97: Biomass producer;Industrial processor;Final product manufacturer | M97: {=IFERROR(VALUE(_xlfn.IFS(F97="Yes","1",F97="No","0")),"N/A")} -> N/A | N97: 1 | O97: =IF(W97=TRUE,N97,"N/A") -> 1 | P97: =ISNUMBER(MATCH(TRIM('Pre-assessment'!B$9),_xlfn.TEXTSPLIT(TRIM(J97), ";"), 0)) -> TRUE | Q97: =ISNUMBER(MATCH(TRIM('Pre-assessment'!D$9),_xlfn.TEXTSPLIT(TRIM(J97), ";"), 0)) -> TRUE | R97: =ISNUMBER(MATCH(TRIM('Pre-assessment'!F$9),_xlfn.TEXTSPLIT(TRIM(J97), ";"), 0)) -> TRUE | S97: =ISNUMBER(MATCH(TRIM('Pre-assessment'!H$9),_xlfn.TEXTSPLIT(TRIM(J97), ";"), 0)) -> TRUE | T97: =ISNUMBER(MATCH(TRIM('Pre-assessment'!B$12),_xlfn.TEXTSPLIT(TRIM(K97), ";"), 0)) -> TRUE | U97: =ISNUMBER(MATCH(TRIM('Pre-assessment'!D$12),_xlfn.TEXTSPLIT(TRIM(K97), ";"), 0)) -> TRUE | V97: =ISNUMBER(MATCH(TRIM('Pre-assessment'!F$12),_xlfn.TEXTSPLIT(TRIM(K97), ";"), 0)) -> TRUE | W97: =AND(OR(P97:S97),OR(T97:V97)) -> TRUE | X97: =IF(M97="N/A","N/A","Energy use & efficiency") -> N/A
E98: iii. The energy management plan is updated and progress is monitored regularly. | I98: Advanced | J98: Agrarian and forestry residues;Crop;Forest;Waste and residues | K98: Biomass producer;Industrial processor;Final product manufacturer | M98: {=IFERROR(VALUE(_xlfn.IFS(F98="Yes","1",F98="No","0")),"N/A")} -> N/A | N98: 1 | O98: =IF(W98=TRUE,N98,"N/A") -> 1 | P98: =ISNUMBER(MATCH(TRIM('Pre-assessment'!B$9),_xlfn.TEXTSPLIT(TRIM(J98), ";"), 0)) -> TRUE | Q98: =ISNUMBER(MATCH(TRIM('Pre-assessment'!D$9),_xlfn.TEXTSPLIT(TRIM(J98), ";"), 0)) -> TRUE | R98: =ISNUMBER(MATCH(TRIM('Pre-assessment'!F$9),_xlfn.TEXTSPLIT(TRIM(J98), ";"), 0)) -> TRUE | S98: =ISNUMBER(MATCH(TRIM('Pre-assessment'!H$9),_xlfn.TEXTSPLIT(TRIM(J98), ";"), 0)) -> TRUE | T98: =ISNUMBER(MATCH(TRIM('Pre-assessment'!B$12),_xlfn.TEXTSPLIT(TRIM(K98), ";"), 0)) -> TRUE | U98: =ISNUMBER(MATCH(TRIM('Pre-assessment'!D$12),_xlfn.TEXTSPLIT(TRIM(K98), ";"), 0)) -> TRUE | V98: =ISNUMBER(MATCH(TRIM('Pre-assessment'!F$12),_xlfn.TEXTSPLIT(TRIM(K98), ";"), 0)) -> TRUE | W98: =AND(OR(P98:S98),OR(T98:V98)) -> TRUE | X98: =IF(M98="N/A","N/A","Energy use & efficiency") -> N/A
B99: Energy Use & Efficiency | C99: EN-EE-2 | D99: The scheme requires that a certain percentage of the operator's total direct energy use derives from renewable energy sources. | E99: i. A certain percentage of the operator's total direct energy derives from renewable energy sources. | H99: i. See definition in glossary for "renewable energy" | I99: Advanced | J99: Agrarian and forestry residues;Crop;Forest;Waste and residues | K99: Biomass producer;Industrial processor;Final product manufacturer | M99: {=IFERROR(VALUE(_xlfn.IFS(F99="Yes","1",F99="No","0")),"N/A")} -> N/A | N99: 1 | O99: =IF(W99=TRUE,N99,"N/A") -> 1 | P99: =ISNUMBER(MATCH(TRIM('Pre-assessment'!B$9),_xlfn.TEXTSPLIT(TRIM(J99), ";"), 0)) -> TRUE | Q99: =ISNUMBER(MATCH(TRIM('Pre-assessment'!D$9),_xlfn.TEXTSPLIT(TRIM(J99), ";"), 0)) -> TRUE | R99: =ISNUMBER(MATCH(TRIM('Pre-assessment'!F$9),_xlfn.TEXTSPLIT(TRIM(J99), ";"), 0)) -> TRUE | S99: =ISNUMBER(MATCH(TRIM('Pre-assessment'!H$9),_xlfn.TEXTSPLIT(TRIM(J99), ";"), 0)) -> TRUE | T99: =ISNUMBER(MATCH(TRIM('Pre-assessment'!B$12),_xlfn.TEXTSPLIT(TRIM(K99), ";"), 0)) -> TRUE | U99: =ISNUMBER(MATCH(TRIM('Pre-assessment'!D$12),_xlfn.TEXTSPLIT(TRIM(K99), ";"), 0)) -> TRUE | V99: =ISNUMBER(MATCH(TRIM('Pre-assessment'!F$12),_xlfn.TEXTSPLIT(TRIM(K99), ";"), 0)) -> TRUE | W99: =AND(OR(P99:S99),OR(T99:V99)) -> TRUE | X99: =IF(M99="N/A","N/A","Energy use & efficiency") -> N/A

Sheet Circularity
A1: BIOBASEDCERT Monitoring Tool (BMT)
A2: Content Level
A3: Circularity
B5: Principle | C5: Code | D5: Criterion | E5: Requirements | F5: Requirement fulfilled Yes/No | G5: Justification | H5: Examples and context | I5: Requirement level | J5: Applicable feedstock(s) | K5: Applicable value chain phase(s) | L5: Source reference | M5: Requirement score received | N5: Total points available per requirement | O5: Total points available per requirement 2 | P5: FEEDSTOCKmatch | Q5: FEEDSTOCKmatch | R5: FEEDSTOCKmatch | S5: FEEDSTOCKmatch | T5: ACTORmatch | U5: ACTORmatch | V5: ACTORmatch | W5: APPLICABILITY | X5: Principle [HELPER COLUMN]
B7: Circular resource use | C7: CR-CRU-1 | D7: The scheme requires the 9R framework and/or the cascading use principle to be the main guiding principle of resource use. | E7: i. Measures are taken to apply the 9R framework and/or the cascading use principle. | H7: i. See glossary for definitions for "9R framework" and "cascading use principle" | I7: Basic | J7: Agrarian and forestry residues;Crop;Forest;Waste and residues | K7: Industrial processor;Final product manufacturer | M7: {=IFERROR(VALUE(_xlfn.IFS(F7="Yes","1",F7="No","0")),"N/A")} -> N/A | N7: 1 | O7: =IF(W7=TRUE,N7,"N/A") -> 1 | P7: =ISNUMBER(MATCH(TRIM('Pre-assessment'!B$9),_xlfn.TEXTSPLIT(TRIM(J7), ";"), 0)) -> TRUE | Q7: =ISNUMBER(MATCH(TRIM('Pre-assessment'!D$9),_xlfn.TEXTSPLIT(TRIM(J7), ";"), 0)) -> TRUE | R7: =ISNUMBER(MATCH(TRIM('Pre-assessment'!F$9),_xlfn.TEXTSPLIT(TRIM(J7), ";"), 0)) -> TRUE | S7: =ISNUMBER(MATCH(TRIM('Pre-assessment'!H$9),_xlfn.TEXTSPLIT(TRIM(J7), ";"), 0)) -> TRUE | T7: =ISNUMBER(MATCH(TRIM('Pre-assessment'!B$12),_xlfn.TEXTSPLIT(TRIM(K7), ";"), 0)) -> FALSE | U7: =ISNUMBER(MATCH(TRIM('Pre-assessment'!D$12),_xlfn.TEXTSPLIT(TRIM(K7), ";"), 0)) -> TRUE | V7: =ISNUMBER(MATCH(TRIM('Pre-assessment'!F$12),_xlfn.TEXTSPLIT(TRIM(K7), ";"), 0)) -> TRUE | W7: =AND(OR(P7:S7),OR(T7:V7)) -> TRUE | X7: =IF(M7="N/A","N/A","Circular resource use") -> N/A
B8: Circular resource use | C8: CR-CRU-2 | D8: The scheme requires that virgin biomass is harvested at levels that ensure regeneration. | E8: i. Virgin biomass is not harvested at levels above sustainable yields (biomass producer) nor is virgin biomass harvested at levels above sustainable yields procured (industrial processor, final product manufacturer). | H8: i. See glossary for definitions for "virgin biomass" | I8: Basic | J8: Crop;Forest | K8: Biomass producer;Industrial processor;Final product manufacturer | M8: {=IFERROR(VALUE(_xlfn.IFS(F8="Yes","1",F8="No","0")),"N/A")} -> N/A | N8: 1 | O8: =IF(W8=TRUE,N8,"N/A") -> 1 | P8: =ISNUMBER(MATCH(TRIM('Pre-assessment'!B$9),_xlfn.TEXTSPLIT(TRIM(J8), ";"), 0)) -> TRUE | Q8: =ISNUMBER(MATCH(TRIM('Pre-assessment'!D$9),_xlfn.TEXTSPLIT(TRIM(J8), ";"), 0)) -> TRUE | R8: =ISNUMBER(MATCH(TRIM('Pre-assessment'!F$9),_xlfn.TEXTSPLIT(TRIM(J8), ";"), 0)) -> FALSE | S8: =ISNUMBER(MATCH(TRIM('Pre-assessment'!H$9),_xlfn.TEXTSPLIT(TRIM(J8), ";"), 0)) -> FALSE | T8: =ISNUMBER(MATCH(TRIM('Pre-assessment'!B$12),_xlfn.TEXTSPLIT(TRIM(K8), ";"), 0)) -> TRUE | U8: =ISNUMBER(MATCH(TRIM('Pre-assessment'!D$12),_xlfn.TEXTSPLIT(TRIM(K8), ";"), 0)) -> TRUE | V8: =ISNUMBER(MATCH(TRIM('Pre-assessment'!F$12),_xlfn.TEXTSPLIT(TRIM(K8), ";"), 0)) -> TRUE | W8: =AND(OR(P8:S8),OR(T8:V8)) -> TRUE | X8: =IF(M8="N/A","N/A","Circular resource use") -> N/A
B9: Circular resource use | C9: CR-CRU-3 | D9: The scheme requires a plan for the improvement of the share of circular inflows in production | E9: i. A written plan for the increase of circular inflows is in place. | H9: i. The industry average can be calculated using existing test methodologies; or obtained from reference literature. ii. See glossary for definitions for "circular inflow", "inflow". | I9: Basic | J9: Agrarian and forestry residues;Crop;Forest;Waste and residues | K9: Final product manufacturer | M9: {=IFERROR(VALUE(_xlfn.IFS(F9="Yes","1",F9="No","0")),"N/A")} -> N/A | N9: 1 | O9: =IF(W9=TRUE,N9,"N/A") -> 1 | P9: =ISNUMBER(MATCH(TRIM('Pre-assessment'!B$9),_xlfn.TEXTSPLIT(TRIM(J9), ";"), 0)) -> TRUE | Q9: =ISNUMBER(MATCH(TRIM('Pre-assessment'!D$9),_xlfn.TEXTSPLIT(TRIM(J9), ";"), 0)) -> TRUE | R9: =ISNUMBER(MATCH(TRIM('Pre-assessment'!F$9),_xlfn.TEXTSPLIT(TRIM(J9), ";"), 0)) -> TRUE | S9: =ISNUMBER(MATCH(TRIM('Pre-assessment'!H$9),_xlfn.TEXTSPLIT(TRIM(J9), ";"), 0)) -> TRUE | T9: =ISNUMBER(MATCH(TRIM('Pre-assessment'!B$12),_xlfn.TEXTSPLIT(TRIM(K9), ";"), 0)) -> FALSE | U9: =ISNUMBER(MATCH(TRIM('Pre-assessment'!D$12),_xlfn.TEXTSPLIT(TRIM(K9), ";"), 0)) -> FALSE | V9: =ISNUMBER(MATCH(TRIM('Pre-assessment'!F$12),_xlfn.TEXTSPLIT(TRIM(K9), ";"), 0)) -> TRUE | W9: =AND(OR(P9:S9),OR(T9:V9)) -> TRUE | X9: =IF(M9="N/A","N/A","Circular resource use") -> N/A
E10: ii. The plan contains targets for increasing the circular inflows. | I10: Basic | J10: Agrarian and forestry residues;Crop;Forest;Waste and residues | K10: Final product manufacturer | M10: {=IFERROR(VALUE(_xlfn.IFS(F10="Yes","1",F10="No","0")),"N/A")} -> N/A | N10: 1 | O10: =IF(W10=TRUE,N10,"N/A") -> 1 | P10: =ISNUMBER(MATCH(TRIM('Pre-assessment'!B$9),_xlfn.TEXTSPLIT(TRIM(J10), ";"), 0)) -> TRUE | Q10: =ISNUMBER(MATCH(TRIM('Pre-assessment'!D$9),_xlfn.TEXTSPLIT(TRIM(J10), ";"), 0)) -> TRUE | R10: =ISNUMBER(MATCH(TRIM('Pre-assessment'!F$9),_xlfn.TEXTSPLIT(TRIM(J10), ";"), 0)) -> TRUE | S10: =ISNUMBER(MATCH(TRIM('Pre-assessment'!H$9),_xlfn.TEXTSPLIT(TRIM(J10), ";"), 0)) -> TRUE | T10: =ISNUMBER(MATCH(TRIM('Pre-assessment'!B$12),_xlfn.TEXTSPLIT(TRIM(K10), ";"), 0)) -> FALSE | U10: =ISNUMBER(MATCH(TRIM('Pre-assessment'!D$12),_xlfn.TEXTSPLIT(TRIM(K10), ";"), 0)) -> FALSE | V10: =ISNUMBER(MATCH(TRIM('Pre-assessment'!F$12),_xlfn.TEXTSPLIT(TRIM(K10), ";"), 0)) -> TRUE | W10: =AND(OR(P10:S10),OR(T10:V10)) -> TRUE | X10: =IF(M10="N/A","N/A","Circular resource use") -> N/A
E11: iii. The plan is updated and progress monitored regularly. | I11: Basic | J11: Agrarian and forestry residues;Crop;Forest;Waste and residues | K11: Final product manufacturer | M11: {=IFERROR(VALUE(_xlfn.IFS(F11="Yes","1",F11="No","0")),"N/A")} -> N/A | N11: 1 | O11: =IF(W11=TRUE,N11,"N/A") -> 1 | P11: =ISNUMBER(MATCH(TRIM('Pre-assessment'!B$9),_xlfn.TEXTSPLIT(TRIM(J11), ";"), 0)) -> TRUE | Q11: =ISNUMBER(MATCH(TRIM('Pre-assessment'!D$9),_xlfn.TEXTSPLIT(TRIM(J11), ";"), 0)) -> TRUE | R11: =ISNUMBER(MATCH(TRIM('Pre-assessment'!F$9),_xlfn.TEXTSPLIT(TRIM(J11), ";"), 0)) -> TRUE | S11: =ISNUMBER(MATCH(TRIM('Pre-assessment'!H$9),_xlfn.TEXTSPLIT(TRIM(J11), ";"), 0)) -> TRUE | T11: =ISNUMBER(MATCH(TRIM('Pre-assessment'!B$12),_xlfn.TEXTSPLIT(TRIM(K11), ";"), 0)) -> FALSE | U11: =ISNUMBER(MATCH(TRIM('Pre-assessment'!D$12),_xlfn.TEXTSPLIT(TRIM(K11), ";"), 0)) -> FALSE | V11: =ISNUMBER(MATCH(TRIM('Pre-assessment'!F$12),_xlfn.TEXTSPLIT(TRIM(K11), ";"), 0)) -> TRUE | W11: =AND(OR(P11:S11),OR(T11:V11)) -> TRUE | X11: =IF(M11="N/A","N/A","Circular resource use") -> N/A
B12: Circular resource use | C12: CR-CRU-4 | D12: The scheme requires the development and implementation of a circular procurement plan | E12: i. A procurement plan is in place with goals and targets to increase the procurement of circular material inflows. | H12: i. Circular material inflows are materials that are produced in accordance with the principles of circular economy. These include recycled material and virgin biomass that is regeneratively produced. ii. See glossary for definitions for "inflow" | I12: Advanced | J12: Agrarian and forestry residues;Crop;Forest;Waste and residues | K12: Final product manufacturer | M12: {=IFERROR(VALUE(_xlfn.IFS(F12="Yes","1",F12="No","0")),"N/A")} -> N/A | N12: 1 | O12: =IF(W12=TRUE,N12,"N/A") -> 1 | P12: =ISNUMBER(MATCH(TRIM('Pre-assessment'!B$9),_xlfn.TEXTSPLIT(TRIM(J12), ";"), 0)) -> TRUE | Q12: =ISNUMBER(MATCH(TRIM('Pre-assessment'!D$9),_xlfn.TEXTSPLIT(TRIM(J12), ";"), 0)) -> TRUE | R12: =ISNUMBER(MATCH(TRIM('Pre-assessment'!F$9),_xlfn.TEXTSPLIT(TRIM(J12), ";"), 0)) -> TRUE | S12: =ISNUMBER(MATCH(TRIM('Pre-assessment'!H$9),_xlfn.TEXTSPLIT(TRIM(J12), ";"), 0)) -> TRUE | T12: =ISNUMBER(MATCH(TRIM('Pre-assessment'!B$12),_xlfn.TEXTSPLIT(TRIM(K12), ";"), 0)) -> FALSE | U12: =ISNUMBER(MATCH(TRIM('Pre-assessment'!D$12),_xlfn.TEXTSPLIT(TRIM(K12), ";"), 0)) -> FALSE | V12: =ISNUMBER(MATCH(TRIM('Pre-assessment'!F$12),_xlfn.TEXTSPLIT(TRIM(K12), ";"), 0)) -> TRUE | W12: =AND(OR(P12:S12),OR(T12:V12)) -> TRUE | X12: =IF(M12="N/A","N/A","Circular resource use") -> N/A
B13: Circular design & material cycling | C13: CR-CD-1 | D13: The scheme requires re-using or recycling of residual flows in a sustainable manner. | E13: i. Residual flows and waste are reused or recycled as extensively as possible. | H13: i. Residual flows and waste can be used for energy generation in certain circumstances where (1) the use for material purposes is not possible (e.g. no market is accessible) and (2) the use provides a greenhouse gas benefit in comparison to the alternative. ii. See glossary for "recycling" | I13: Mandatory | J13: Agrarian and forestry residues;Crop;Forest;Waste and residues | K13: Biomass producer;Industrial processor;Final product manufacturer | M13: {=IFERROR(VALUE(_xlfn.IFS(F13="Yes","1",F13="No","0")),"N/A")} -> N/A | N13: 1 | O13: =IF(W13=TRUE,N13,"N/A") -> 1 | P13: =ISNUMBER(MATCH(TRIM('Pre-assessment'!B$9),_xlfn.TEXTSPLIT(TRIM(J13), ";"), 0)) -> TRUE | Q13: =ISNUMBER(MATCH(TRIM('Pre-assessment'!D$9),_xlfn.TEXTSPLIT(TRIM(J13), ";"), 0)) -> TRUE | R13: =ISNUMBER(MATCH(TRIM('Pre-assessment'!F$9),_xlfn.TEXTSPLIT(TRIM(J13), ";"), 0)) -> TRUE | S13: =ISNUMBER(MATCH(TRIM('Pre-assessment'!H$9),_xlfn.TEXTSPLIT(TRIM(J13), ";"), 0)) -> TRUE | T13: =ISNUMBER(MATCH(TRIM('Pre-assessment'!B$12),_xlfn.TEXTSPLIT(TRIM(K13), ";"), 0)) -> TRUE | U13: =ISNUMBER(MATCH(TRIM('Pre-assessment'!D$12),_xlfn.TEXTSPLIT(TRIM(K13), ";"), 0)) -> TRUE | V13: =ISNUMBER(MATCH(TRIM('Pre-assessment'!F$12),_xlfn.TEXTSPLIT(TRIM(K13), ";"), 0)) -> TRUE | W13: =AND(OR(P13:S13),OR(T13:V13)) -> TRUE | X13: =IF(M13="N/A","N/A","Circular design & material cycling") -> N/A
E14: ii. Residual flows and waste are used for energy generation only in certain circumstances. | I14: Advanced | J14: Agrarian and forestry residues;Crop;Forest;Waste and residues | K14: Biomass producer;Industrial processor;Final product manufacturer | M14: {=IFERROR(VALUE(_xlfn.IFS(F14="Yes","1",F14="No","0")),"N/A")} -> N/A | N14: 1 | O14: =IF(W14=TRUE,N14,"N/A") -> 1 | P14: =ISNUMBER(MATCH(TRIM('Pre-assessment'!B$9),_xlfn.TEXTSPLIT(TRIM(J14), ";"), 0)) -> TRUE | Q14: =ISNUMBER(MATCH(TRIM('Pre-assessment'!D$9),_xlfn.TEXTSPLIT(TRIM(J14), ";"), 0)) -> TRUE | R14: =ISNUMBER(MATCH(TRIM('Pre-assessment'!F$9),_xlfn.TEXTSPLIT(TRIM(J14), ";"), 0)) -> TRUE | S14: =ISNUMBER(MATCH(TRIM('Pre-assessment'!H$9),_xlfn.TEXTSPLIT(TRIM(J14), ";"), 0)) -> TRUE | T14: =ISNUMBER(MATCH(TRIM('Pre-assessment'!B$12),_xlfn.TEXTSPLIT(TRIM(K14), ";"), 0)) -> TRUE | U14: =ISNUMBER(MATCH(TRIM('Pre-assessment'!D$12),_xlfn.TEXTSPLIT(TRIM(K14), ";"), 0)) -> TRUE | V14: =ISNUMBER(MATCH(TRIM('Pre-assessment'!F$12),_xlfn.TEXTSPLIT(TRIM(K14), ";"), 0)) -> TRUE | W14: =AND(OR(P14:S14),OR(T14:V14)) -> TRUE | X14: =IF(M14="N/A","N/A","Circular design & material cycling") -> N/A
B15: Circular design & material cycling | C15: CR-CD-2 | D15: The scheme requires measures to increase material efficiency in production processes | E15: i. Measures are taken to reduce the material intensity of production per unit. | I15: Basic | J15: Agrarian and forestry residues;Crop;Forest;Waste and residues | K15: Biomass producer;Industrial processor;Final product manufacturer | M15: {=IFERROR(VALUE(_xlfn.IFS(F15="Yes","1",F15="No","0")),"N/A")} -> N/A | N15: 1 | O15: =IF(W15=TRUE,N15,"N/A") -> 1 | P15: =ISNUMBER(MATCH(TRIM('Pre-assessment'!B$9),_xlfn.TEXTSPLIT(TRIM(J15), ";"), 0)) -> TRUE | Q15: =ISNUMBER(MATCH(TRIM('Pre-assessment'!D$9),_xlfn.TEXTSPLIT(TRIM(J15), ";"), 0)) -> TRUE | R15: =ISNUMBER(MATCH(TRIM('Pre-assessment'!F$9),_xlfn.TEXTSPLIT(TRIM(J15), ";"), 0)) -> TRUE | S15: =ISNUMBER(MATCH(TRIM('Pre-assessment'!H$9),_xlfn.TEXTSPLIT(TRIM(J15), ";"), 0)) -> TRUE | T15: =ISNUMBER(MATCH(TRIM('Pre-assessment'!B$12),_xlfn.TEXTSPLIT(TRIM(K15), ";"), 0)) -> TRUE | U15: =ISNUMBER(MATCH(TRIM('Pre-assessment'!D$12),_xlfn.TEXTSPLIT(TRIM(K15), ";"), 0)) -> TRUE | V15: =ISNUMBER(MATCH(TRIM('Pre-assessment'!F$12),_xlfn.TEXTSPLIT(TRIM(K15), ";"), 0)) -> TRUE | W15: =AND(OR(P15:S15),OR(T15:V15)) -> TRUE | X15: =IF(M15="N/A","N/A","Circular design & material cycling") -> N/A
B16: Circular design & material cycling | C16: CR-CD-3 | D16: The scheme requires products to be designed for repairability and reusability, when possible. | E16: i. Product is designed for repairability and reusability. | H16: i. Examples of repairability and reusability practices include: (A) Spare parts essential to the functionality of the products are accessible at a reasonable price; (B) Designed for easy inspecting, non-destructive dismantling, and replaceability with commonly available tools ; (C) Spare parts are not unnecessarily bundled, (D) Use of standardised components and tools, (E) Access to repair and maintenance manuals and documentation. ii. Examples of product life extension initiatives include: (A) product upgrades, (B) repair and maintenance services, (D) making spare parts available and provides tools for self-repair, (D) a second-hand, refurbished and/or remanufactured sales program. iii. Examples of specific products where repairability and reusability design is not appropriate (i.e. not possible) is detergents. | I16: Advanced | J16: Agrarian and forestry residues;Crop;Forest;Waste and residues | K16: Final product manufacturer | M16: {=IFERROR(VALUE(_xlfn.IFS(F16="Yes","1",F16="No","0")),"N/A")} -> N/A | N16: 1 | O16: =IF(W16=TRUE,N16,"N/A") -> 1 | P16: =ISNUMBER(MATCH(TRIM('Pre-assessment'!B$9),_xlfn.TEXTSPLIT(TRIM(J16), ";"), 0)) -> TRUE | Q16: =ISNUMBER(MATCH(TRIM('Pre-assessment'!D$9),_xlfn.TEXTSPLIT(TRIM(J16), ";"), 0)) -> TRUE | R16: =ISNUMBER(MATCH(TRIM('Pre-assessment'!F$9),_xlfn.TEXTSPLIT(TRIM(J16), ";"), 0)) -> TRUE | S16: =ISNUMBER(MATCH(TRIM('Pre-assessment'!H$9),_xlfn.TEXTSPLIT(TRIM(J16), ";"), 0)) -> TRUE | T16: =ISNUMBER(MATCH(TRIM('Pre-assessment'!B$12),_xlfn.TEXTSPLIT(TRIM(K16), ";"), 0)) -> FALSE | U16: =ISNUMBER(MATCH(TRIM('Pre-assessment'!D$12),_xlfn.TEXTSPLIT(TRIM(K16), ";"), 0)) -> FALSE | V16: =ISNUMBER(MATCH(TRIM('Pre-assessment'!F$12),_xlfn.TEXTSPLIT(TRIM(K16), ";"), 0)) -> TRUE | W16: =AND(OR(P16:S16),OR(T16:V16)) -> TRUE | X16: =IF(M16="N/A","N/A","Circular design & material cycling") -> N/A
E17: ii. Repairability and reusability practices are applied. | I17: Advanced | J17: Agrarian and forestry residues;Crop;Forest;Waste and residues | K17: Final product manufacturer | M17: {=IFERROR(VALUE(_xlfn.IFS(F17="Yes","1",F17="No","0")),"N/A")} -> N/A | N17: 1 | O17: =IF(W17=TRUE,N17,"N/A") -> 1 | P17: =ISNUMBER(MATCH(TRIM('Pre-assessment'!B$9),_xlfn.TEXTSPLIT(TRIM(J17), ";"), 0)) -> TRUE | Q17: =ISNUMBER(MATCH(TRIM('Pre-assessment'!D$9),_xlfn.TEXTSPLIT(TRIM(J17), ";"), 0)) -> TRUE | R17: =ISNUMBER(MATCH(TRIM('Pre-assessment'!F$9),_xlfn.TEXTSPLIT(TRIM(J17), ";"), 0)) -> TRUE | S17: =ISNUMBER(MATCH(TRIM('Pre-assessment'!H$9),_xlfn.TEXTSPLIT(TRIM(J17), ";"), 0)) -> TRUE | T17: =ISNUMBER(MATCH(TRIM('Pre-assessment'!B$12),_xlfn.TEXTSPLIT(TRIM(K17), ";"), 0)) -> FALSE | U17: =ISNUMBER(MATCH(TRIM('Pre-assessment'!D$12),_xlfn.TEXTSPLIT(TRIM(K17), ";"), 0)) -> FALSE | V17: =ISNUMBER(MATCH(TRIM('Pre-assessment'!F$12),_xlfn.TEXTSPLIT(TRIM(K17), ";"), 0)) -> TRUE | W17: =AND(OR(P17:S17),OR(T17:V17)) -> TRUE | X17: =IF(M17="N/A","N/A","Circular design & material cycling") -> N/A
E18: iii. Product-life extension is facilitated via concrete initiatives. | I18: Advanced | J18: Agrarian and forestry residues;Crop;Forest;Waste and residues | K18: Final product manufacturer | M18: {=IFERROR(VALUE(_xlfn.IFS(F18="Yes","1",F18="No","0")),"N/A")} -> N/A | N18: 1 | O18: =IF(W18=TRUE,N18,"N/A") -> 1 | P18: =ISNUMBER(MATCH(TRIM('Pre-assessment'!B$9),_xlfn.TEXTSPLIT(TRIM(J18), ";"), 0)) -> TRUE | Q18: =ISNUMBER(MATCH(TRIM('Pre-assessment'!D$9),_xlfn.TEXTSPLIT(TRIM(J18), ";"), 0)) -> TRUE | R18: =ISNUMBER(MATCH(TRIM('Pre-assessment'!F$9),_xlfn.TEXTSPLIT(TRIM(J18), ";"), 0)) -> TRUE | S18: =ISNUMBER(MATCH(TRIM('Pre-assessment'!H$9),_xlfn.TEXTSPLIT(TRIM(J18), ";"), 0)) -> TRUE | T18: =ISNUMBER(MATCH(TRIM('Pre-assessment'!B$12),_xlfn.TEXTSPLIT(TRIM(K18), ";"), 0)) -> FALSE | U18: =ISNUMBER(MATCH(TRIM('Pre-assessment'!D$12),_xlfn.TEXTSPLIT(TRIM(K18), ";"), 0)) -> FALSE | V18: =ISNUMBER(MATCH(TRIM('Pre-assessment'!F$12),_xlfn.TEXTSPLIT(TRIM(K18), ";"), 0)) -> TRUE | W18: =AND(OR(P18:S18),OR(T18:V18)) -> TRUE | X18: =IF(M18="N/A","N/A","Circular design & material cycling") -> N/A
